Workbook
Name Priority: [1]Config!$E$3:$E$9
Name Priority: [2]Config!$E$3:$E$9

Sheet Response Guidlines
B2: Tenderer to take note of the following key instructions:
B5: Technical Evaluation Guidelines
B7: * | C7: Complete ALL the worksheets listed below.
C8: Scoring Summary (Gatekeeper questions)
C9: Key Requirements
C10: Project Management
C11: Functional - VW and CET | D11: Respond to CET, Virtual Wheeling or both.
C12: Non-Functional
C13: Security
C14: Architecture
C15: Cloud
C16: Demonstration - VW and CET
B18: *
B22: Reference Information
B24: * | C24: Definitions and Abbreviations | D24: Provides information on the definitions and abbreviations used in the Evaluation workbook.
C71: Data Ranges
C72: Gatekeeper drop down
C73: Pass
C74: Fail
C76: Summary highlight based on GK response
C80: Priority Rating
C81: 0 | D81: No interest
C82: 1 | D82: Nice to have
C83: 2 | D83: Useful
C84: 3 | D84: Important
C85: 4 | D85: Very important
C86: 5 | D86: Critical
C87: 6 | D87: Show stopper
C90: Weight calculation formula
C91: Divide by | D91: category weight
C92: 1 | D92: 1
C93: 1.010101 | D93: 0.99
C94: 1.0204082 | D94: 0.98
C95: 1.0309278 | D95: 0.97
C96: 1.0416667 | D96: 0.96
C97: 1.0526316 | D97: 0.95
C98: 1.0638298 | D98: 0.94
C99: 1.0752688 | D99: 0.93
C100: 1.0869565 | D100: 0.92
C101: 1.0989011 | D101: 0.91
C102: 1.1111111 | D102: 0.9
C103: 1.1235955 | D103: 0.89
... C191: 100 | D191: 0.01
C194: Dx CET - Options
C195: 1. Std / config
C196: 2. Cust / dev1
C197: 3. Dev2 / No
C199: Dx CET - Demo (Yes/No)
C200: Yes
C201: No
C203: Dx CET - Demo (weighting of basic Flow vs Rest)
C204: 0.90909091 | D204: Basic Flow
C205: 0.090909091 | D205: Rest

Sheet Gate keepers
A1: Gatekeepers by nature should be utilised in instances where there is a need to comply with legislative requirements, or when the project risk analysis highlights that the absence of compliance to certain requirements, would lead to the delivery of non-compliant goods/equipment/services.
A3: Gatekeepers should not be utilised as a mechanism to unfairly limit competition or disqualify competent suppliers - Section 217 of the Constitution of the Republic of South Africa states that: “where State Organs contract for goods or services they must do so in accordance with the system, which is: “Fair, Equitable, Transparent, Competitive and Cost effective”.”
A5: As part of Group IT’s “Tender Cancellation Reduction Strategy”, the use of Mandatory Requirements/Gatekeepers needs to be applied in line with Section 217 of the Constitution of the Republic of South Africa.
A7: Eskom Procurement and Supply Chain Management Procedure, Unique Identifier: 32-1034 provides the following guidelines with regards to how Mandatory Requirements/Gatekeepers are to be utilised:
A9: “F.4 Mandatory Requirements
A10: The Procurement Practitioner, together with the CFT, would have discussed and agreed the mandatory requirements to be applied to the evaluation of tenders during the procurement strategy and planning phase. These requirements (if any), and the supporting documents required to verify the tenderer’s compliance, should be listed and where applicable, attached in the enquiry for completion.
A11: Due to the compulsory nature of mandatory requirements, Procurement Practitioners are cautioned against including too many mandatory requirements, as this may result in the disqualification of all tenders and a re-issuing of the enquiry. A condition should also be added to the enquiry, stating that these are “must meet” criteria i.e., they must be met in order to successfully qualify for further evaluation or award.”
A13: With immediate effect, Group IT stakeholders need to ensure that all Mandatory Requirements/Gatekeepers are fairly applied and are in line with legislative requirements.

Sheet Scoring Summary
B2: Tender Number: | C2: <insert before tender publication> | E2: Eskom Group IT: Technical Evaluation Criteria Scoring Summary
B3: Transaction Description: | C3: IT00641 Dx Commercial Energy Trader (Dx CET)
B4: Technical Threshold: | C4: 0.7
B5: Evaluated Tenderer's Registered Name: | C5: <Evaluator to complete>
B6: Evaluator Name and Surname: | C6: <Evaluator to complete>
B7: Date of Evaluation | C7: <Evaluator to complete>
B8: Evaluator Signature
A10: Gatekeeper Requirements: | C10: Mandatory Returnables - Evidence below to be provided in the technical file and numbered to align with each criteria question. | D10: Vendor Response: Vendor to provide answer the questions below and provide detail in their tender submission | E10: Vendor Evidence: Location of Supporting Document/Info (state the file number, section & page number) | F10: Vendor Comments: Vendor to indicate any deviation or exception from the business requirement. | G10: Scoring Options | H10: Evaluators Response | K10: Evaluator comments
A11: 1 | B11: Eskom requires the vendor to be a certified solution installer / implementor / partner for the proposed solution. | C11: In your technical response provide a certificate or OEM letter as evidence that your company is an accredited solution installer / implementor / partner for the proposed solution.
A12: 2
B14: Note: Tenderers who do not meet the gatekeeper requirements will be disqualified and not move to the Desktop evaluations.
C16: Desktop Evaluation Scoring summary | H16: Note: Tenderers who do not meet the minimum threshold of 70% for Desktop Evaluation will be disqualified and will not proceed to the Technical Demonstration evaluations.
C17: Evaluation Categories | D17: Weight | E17: Threshold | F17: Score
C18: Key Requirements | D18: 0.15 | F18: ='Key Requirements'!L43 -> 0
C19: Functional - VW | D19: 0.2 | F19: ='Functional - VW'!M78 -> 0
C20: Functional - CET | D20: 0.2 | F20: ='Functional - CET'!O58 -> 0
C21: Non-Functional | D21: 0.1 | F21: ='Non-Functional'!M83 -> 0
C22: Security | D22: 0.1 | F22: =Security!L54 -> 0
C23: Architecture | D23: 0.1 | F23: =Architecture!L51 -> 0
C24: Cloud | D24: 0.1 | F24: =Cloud!M89 -> 0
C25: Project Management | D25: 0.05 | F25: ='Project Management'!L23 -> 0
C26: Total | D26: =SUM(D18:D25) -> 1 | E26: 0.7 | F26: =SUM(F18:F25) -> 0
C28: Demonstration Scoring summary | H28: Note: Tenderers who do not meet the minimum threshold of 60% for the Technical Demonstration will be disqualified and will not proceed to the next stage of evaluation
C29: Demonstration | D29: Weight | E29: Threshold | F29: Score
C30: Demonstration - VW | D30: 1 | E30: 0.6 | F30: ='Demo - VW'!J47 -> 0
C31: Demonstration - CET | D31: 1 | E31: 0.6 | F31: ='Demo - CET'!K50 -> 0

Sheet Key Requirements
B2: Tender Number: | C2: ='Scoring Summary'!C2 -> <insert before tender publication> | E2: Eskom Group IT: Technical Evaluation Criteria Category: Key Requirements
B3: Transaction Description: | C3: ='Scoring Summary'!C3 -> IT00641 Dx Commercial Energy Trader (Dx CET)
B4: Technical Threshold: | C4: ='Scoring Summary'!C4 -> 0.7
B5: Tenderer Registered Name: | C5: ='Scoring Summary'!C5 -> <Evaluator to complete>
B6: Evaluator Name and Surname: | C6: ='Scoring Summary'!C6 -> <Evaluator to complete>
B7: Date of Evaluation | C7: ='Scoring Summary'!C7 -> <Evaluator to complete>
B8: Evaluator Signature | D8: Select Vendors Response in column D and add evidence and comments in columns E and F
J9: Select Evaluators Response in column L and add comments in column M
A10: Item # | B10: Technical Requirements | D10: Vendor Responses | I10: Evaluator Scores
B11: Business requirements | C11: Mandatory Returnables - Evidence below to be provided in the technical file and numbered to align with each criteria question. | D11: Vendor Response: Select from drop down list | E11: Vendor Evidence: Location of Supporting Document/Info (state the file number, section & page number) | F11: Vendor Comments: Vendor to indicate any comments for information/clarification. (Not for scoring purposes) | G11: Priority Description | H11: Priority | I11: Weight / Max score | J11: Scoring guideline | K11: Selection Options | L11: Evaluators Response | M11: Evaluator comments
A12: K1 | B12: Eskom requires a proven solution that has a track record of use in top utilities. See examples of "top utilities" in Top energy providers sheet. | C12: In your technical submission please list the "active" (still used) implementations of your solution at top utilities with more than 5000 points of supply. Provide: - Company name - Implementation year - Implementation status - active - Size of implementation - number of points of supply - Country - Company website | E12: <Example for how to complete this whole column: Technical File, section 5 (company background section), page 11> | G12: Show stopper | H12: =IF(G12='Response Guidlines'!$D$81,'Response Guidlines'!$C$81, IF(G12='Response Guidlines'!$D$82,'Response Guidlines'!$C$82,IF(G12='Response Guidlines'!$D$83,'Response Guidlines'!$C$83,IF(G12='Response Guidlines'!$D$84,'Response Guidlines'!$C$84,IF(G12='Response Guidlines'!$D$85,'Response Guidlines'!$C$85,IF(G12='Response Guidlines'!$D$86,'Response Guidlines'!$C$86,IF(G12='Response Guidlines'!$D$87,'Response Guidlines'!$C$87,"No Rating"))))))) -> 6 | I12: =(H12/$H$43)/_xlfn.XLOOKUP('Scoring Summary'!$D$18,'Response Guidlines'!$D$92:$D$191,'Response Guidlines'!$C$92:$C$191,"",0,1) -> 0.021428571 | J12: 1. Solution is currently being used in more than 5 top utilities | K12: =I12 -> 0.021428571 | L12: 0
J13: 2. Solution is currently being used in 2 to 5 top utilities | K13: =K12*0.6666 -> 0.014284286
J14: 3. Solution is currently being used in 1 top utility | K14: =K12*0.3333 -> 0.0071421429
J15: 4. Solution is NOT currently being used in a top utility | K15: 0
A16: K2 | B16: Eskom requires a proven solution that has been in the market for a number of years i.e. a mature system used by top utilities. | C16: In your technical submission please indicate how long your solution has been used by top utilities with more than 5000 points of supply. Provide: - Company name - Implementation year - Implementation status - active - Size of implementation - number of points of supply - Country - Company website | G16: Show stopper | H16: =IF(G16='Response Guidlines'!$D$81,'Response Guidlines'!$C$81, IF(G16='Response Guidlines'!$D$82,'Response Guidlines'!$C$82,IF(G16='Response Guidlines'!$D$83,'Response Guidlines'!$C$83,IF(G16='Response Guidlines'!$D$84,'Response Guidlines'!$C$84,IF(G16='Response Guidlines'!$D$85,'Response Guidlines'!$C$85,IF(G16='Response Guidlines'!$D$86,'Response Guidlines'!$C$86,IF(G16='Response Guidlines'!$D$87,'Response Guidlines'!$C$87,"No Rating"))))))) -> 6 | I16: =(H16/$H$43)/_xlfn.XLOOKUP('Scoring Summary'!$D$18,'Response Guidlines'!$D$92:$D$191,'Response Guidlines'!$C$92:$C$191,"",0,1) -> 0.021428571 | J16: 1. Solution has been used at top utilities in the market for more than 5 years | K16: =I16 -> 0.021428571 | L16: 0
J17: 2. Solution has been used at top utilities in the market for 2 to 5 years | K17: =K16*0.6666 -> 0.014284286
J18: 3. Solution has been used at top utilities in the market for at least 1 year | K18: =K16*0.3333 -> 0.0071421429
J19: 4. Solution is NOT used in the market yet | K19: 0
A20: K3 | B20: Eskom requires the vendor to have previous experience in the implementation of the system/solution: - Installation / implementation of the solution at top utilities. - At least 5+ years experience. | C20: In your technical submission please list the implementations of the system/solution you have done for top utilities with a more than 5000 points of supply and indicate the number of implementations. Provide: - Role: Leading role, venture partner / sub-contractor, no-experience etc. - Time taken to implement - Size of implementation - number of points of supply - Implementation year - Implementation status - active - Reference letters from individual projects/clients | G20: Critical | H20: =IF(G20='Response Guidlines'!$D$81,'Response Guidlines'!$C$81, IF(G20='Response Guidlines'!$D$82,'Response Guidlines'!$C$82,IF(G20='Response Guidlines'!$D$83,'Response Guidlines'!$C$83,IF(G20='Response Guidlines'!$D$84,'Response Guidlines'!$C$84,IF(G20='Response Guidlines'!$D$85,'Response Guidlines'!$C$85,IF(G20='Response Guidlines'!$D$86,'Response Guidlines'!$C$86,IF(G20='Response Guidlines'!$D$87,'Response Guidlines'!$C$87,"No Rating"))))))) -> 5 | I20: =(H20/$H$43)/_xlfn.XLOOKUP('Scoring Summary'!$D$18,'Response Guidlines'!$D$92:$D$191,'Response Guidlines'!$C$92:$C$191,"",0,1) -> 0.017857143 | J20: 1. Vendor has implemented solution at greater than 3 top utilities (with > 5000 points of supply) | K20: =I20 -> 0.017857143 | L20: 0
J21: 2. Vendor has implemented solution at 2 to 3 top utilities (with > 5000 points of supply). | K21: =K20*0.75 -> 0.013392857
J22: 3. Vendor has implemented solution at 1 top utility (with > 5000 points of supply). | K22: =K20*0.5 -> 0.0089285714
J23: 4. Vendor has NOT implemented solution at a top utility (with > 5000 points of supply). | K23: 0
A24: K4 | B24: Eskom requires the vendor to have previous experience in the implementation of the system/solution: - Installation / implementation of the solution at top utilities. - At least 5+ years experience. | C24: In your technical submission please list the implementations of the system/solution you have done for top utilities with a more than 5000 points of supply and indicate the time taken to implement. Provide: - Role: Leading role, venture partner / sub-contractor, no-experience etc. - Time taken to implement - Size of implementation - number of points of supply - Implementation year - Implementation status - active - Reference letters from individual projects/clients | G24: Critical | H24: =IF(G24='Response Guidlines'!$D$81,'Response Guidlines'!$C$81, IF(G24='Response Guidlines'!$D$82,'Response Guidlines'!$C$82,IF(G24='Response Guidlines'!$D$83,'Response Guidlines'!$C$83,IF(G24='Response Guidlines'!$D$84,'Response Guidlines'!$C$84,IF(G24='Response Guidlines'!$D$85,'Response Guidlines'!$C$85,IF(G24='Response Guidlines'!$D$86,'Response Guidlines'!$C$86,IF(G24='Response Guidlines'!$D$87,'Response Guidlines'!$C$87,"No Rating"))))))) -> 5 | I24: =(H24/$H$43)/_xlfn.XLOOKUP('Scoring Summary'!$D$18,'Response Guidlines'!$D$92:$D$191,'Response Guidlines'!$C$92:$C$191,"",0,1) -> 0.017857143 | J24: 1. The quickest implementation at a top utility (with > 5000 points of supply), took less than 18 months | K24: =I24 -> 0.017857143 | L24: 0
J25: 2. The quickest implementation at a top utility (with > 5000 points of supply), took from 18 to 24 months | K25: =K24*0.6666 -> 0.011903571
J26: 3. The quickest implementation at a top utility (with > 5000 points) of supply, took from 25 to 36 months | K26: =K24*0.3333 -> 0.0059517857
J27: 4. The quickest implementation at a top utility (with > 5000 points of supply), took longer than 36 months | K27: 0
A28: K5 | B28: Eskom requires the solution to cater for virtual wheeling as part of the core solution (could be built / plugged in as part of the final solution). Virtual wheeling: The aggregating of data from the loads and generators and against this a refund is provided for the wheeled energy on a consolidated basis. | C28: In your technical response select one of the options below to describe how the required functionality could be delivered, and indicate via screenshots and / or indicate the relevant modules required to provide the functionality: 1. Standard functionality or deliver by configuration 2. Deliver by built in customization tools or deliver by development (changes are preserved in future upgrades) 3. Deliver by development (BUT changes NOT preserved in future upgrades) or not possible | G28: Critical | H28: =IF(G28='Response Guidlines'!$D$81,'Response Guidlines'!$C$81, IF(G28='Response Guidlines'!$D$82,'Response Guidlines'!$C$82,IF(G28='Response Guidlines'!$D$83,'Response Guidlines'!$C$83,IF(G28='Response Guidlines'!$D$84,'Response Guidlines'!$C$84,IF(G28='Response Guidlines'!$D$85,'Response Guidlines'!$C$85,IF(G28='Response Guidlines'!$D$86,'Response Guidlines'!$C$86,IF(G28='Response Guidlines'!$D$87,'Response Guidlines'!$C$87,"No Rating"))))))) -> 5 | I28: =(H28/$H$43)/_xlfn.XLOOKUP('Scoring Summary'!$D$18,'Response Guidlines'!$D$92:$D$191,'Response Guidlines'!$C$92:$C$191,"",0,1) -> 0.017857143 | J28: 1. Standard functionality or can be delivered by configuration. | K28: =I28 -> 0.017857143 | L28: 0
J29: 2. Functionality can be delivered by built in customization tools or by development (changes are preserved in future upgrades) | K29: =K28*0.5 -> 0.0089285714
J30: 3. Functionality can be delivered by development (BUT changes NOT preserved in future upgrades) or it is not possible to provide this functionality. | K30: 0
A31: K6 | B31: Eskom requires the solution to include a (wheeling) portal dealing with external buyers (traders, customers and corporate entities) i.e. a client facing portal. | C31: In your technical response select one of the options below to describe how the required functionality could be delivered, and indicate via screenshots and / or indicate the relevant modules required to provide the functionality: 1. Standard functionality or deliver by configuration 2. Deliver by built in customization tools or deliver by development (changes are preserved in future upgrades) 3. Deliver by development (BUT changes NOT preserved in future upgrades) or not possible | G31: Critical | H31: =IF(G31='Response Guidlines'!$D$81,'Response Guidlines'!$C$81, IF(G31='Response Guidlines'!$D$82,'Response Guidlines'!$C$82,IF(G31='Response Guidlines'!$D$83,'Response Guidlines'!$C$83,IF(G31='Response Guidlines'!$D$84,'Response Guidlines'!$C$84,IF(G31='Response Guidlines'!$D$85,'Response Guidlines'!$C$85,IF(G31='Response Guidlines'!$D$86,'Response Guidlines'!$C$86,IF(G31='Response Guidlines'!$D$87,'Response Guidlines'!$C$87,"No Rating"))))))) -> 5 | I31: =(H31/$H$43)/_xlfn.XLOOKUP('Scoring Summary'!$D$18,'Response Guidlines'!$D$92:$D$191,'Response Guidlines'!$C$92:$C$191,"",0,1) -> 0.017857143 | J31: 1. Standard functionality or can be delivered by configuration. | K31: =I31 -> 0.017857143 | L31: 0
J32: 2. Functionality can be delivered by built in customization tools or by development (changes are preserved in future upgrades) | K32: =K31*0.5 -> 0.0089285714
J33: 3. Functionality can be delivered by development (BUT changes NOT preserved in future upgrades) or it is not possible to provide this functionality. | K33: 0
A34: K7 | B34: Eskom requires easy access to solution support human resources, preferably local on-site support. | C34: In your technical response indicate how solution support human resources will be accessed. 1. Local (onsite) 2. Hybrid - Local (on site) and online 3. Online | G34: Very important | H34: =IF(G34='Response Guidlines'!$D$81,'Response Guidlines'!$C$81, IF(G34='Response Guidlines'!$D$82,'Response Guidlines'!$C$82,IF(G34='Response Guidlines'!$D$83,'Response Guidlines'!$C$83,IF(G34='Response Guidlines'!$D$84,'Response Guidlines'!$C$84,IF(G34='Response Guidlines'!$D$85,'Response Guidlines'!$C$85,IF(G34='Response Guidlines'!$D$86,'Response Guidlines'!$C$86,IF(G34='Response Guidlines'!$D$87,'Response Guidlines'!$C$87,"No Rating"))))))) -> 4 | I34: =(H34/$H$43)/_xlfn.XLOOKUP('Scoring Summary'!$D$18,'Response Guidlines'!$D$92:$D$191,'Response Guidlines'!$C$92:$C$191,"",0,1) -> 0.014285714 | J34: 1. Local (on site) | K34: =I34 -> 0.014285714 | L34: 0
J35: 2. Hybrid - Local (on site) and online | K35: =K34*0.5 -> 0.0071428571
J36: 3. Online | K36: =K34*0 -> 0
A37: K8 | B37: Eskom requires the solution to have an average hit rate greater than 114 hits / sec for 500 concurrent users. | C37: In your technical response, please provide performance testing results for average hits per second for 500 concurrent users. | G37: Important | H37: =IF(G37='Response Guidlines'!$D$81,'Response Guidlines'!$C$81, IF(G37='Response Guidlines'!$D$82,'Response Guidlines'!$C$82,IF(G37='Response Guidlines'!$D$83,'Response Guidlines'!$C$83,IF(G37='Response Guidlines'!$D$84,'Response Guidlines'!$C$84,IF(G37='Response Guidlines'!$D$85,'Response Guidlines'!$C$85,IF(G37='Response Guidlines'!$D$86,'Response Guidlines'!$C$86,IF(G37='Response Guidlines'!$D$87,'Response Guidlines'!$C$87,"No Rating"))))))) -> 3 | I37: =(H37/$H$43)/_xlfn.XLOOKUP('Scoring Summary'!$D$18,'Response Guidlines'!$D$92:$D$191,'Response Guidlines'!$C$92:$C$191,"",0,1) -> 0.010714286 | J37: Solution supports an average hit rate > 114 hits / sec. | K37: =I37 -> 0.010714286 | L37: 0
J38: Solution supports an average hit rate <= 114 hits / sec. | K38: =K37*0.5 -> 0.0053571429
J39: No performance testing results received. | K39: 0
A40: K9 | B40: Eskom requires the solution to be able to handle 500 concurrent users. | C40: In your technical response, please provide performance testing results showing how many concurrent users the solution can handle. | G40: Important | H40: =IF(G40='Response Guidlines'!$D$81,'Response Guidlines'!$C$81, IF(G40='Response Guidlines'!$D$82,'Response Guidlines'!$C$82,IF(G40='Response Guidlines'!$D$83,'Response Guidlines'!$C$83,IF(G40='Response Guidlines'!$D$84,'Response Guidlines'!$C$84,IF(G40='Response Guidlines'!$D$85,'Response Guidlines'!$C$85,IF(G40='Response Guidlines'!$D$86,'Response Guidlines'!$C$86,IF(G40='Response Guidlines'!$D$87,'Response Guidlines'!$C$87,"No Rating"))))))) -> 3 | I40: =(H40/$H$43)/_xlfn.XLOOKUP('Scoring Summary'!$D$18,'Response Guidlines'!$D$92:$D$191,'Response Guidlines'!$C$92:$C$191,"",0,1) -> 0.010714286 | J40: Solution supports >= 500 concurrent users. | K40: =I40 -> 0.010714286 | L40: 0
J41: Solution supports < 500 concurrent users. | K41: =K40*0.5 -> 0.0053571429
J42: No performance testing results received. | K42: 0
B43: Total | H43: =SUM(H12:H42) -> 42 | I43: =SUM(I12:I42) -> 0.15 | J43: Final Score | L43: =SUM(L12:L42) -> 0

Sheet Project Management
B2: Tender Number: | C2: ='Scoring Summary'!C2 -> <insert before tender publication> | E2: Eskom Group IT: Technical Evaluation Criteria
B3: Transaction Description: | C3: ='Scoring Summary'!C3 -> IT00641 Dx Commercial Energy Trader (Dx CET) | E3: Category: | F3: Project Management
B4: Technical Threshold: | C4: ='Scoring Summary'!C4 -> 0.7
B5: Tenderer Registered Name: | C5: ='Scoring Summary'!C5 -> <Evaluator to complete>
B6: Evaluator Name and Surname: | C6: ='Scoring Summary'!C6 -> <Evaluator to complete>
B7: Date of Evaluation | C7: ='Scoring Summary'!C7 -> <Evaluator to complete>
B8: Evaluator Signature | D8: Select Vendors Response in column D and add evidence and comments in columns E and F
J9: Select Evaluators Response in column L and add comments in column M
A10: Item # | B10: Technical Requirements | D10: Vendor Responses | I10: Evaluator Scores
B11: Business requirements | C11: Mandatory Returnables - Evidence below to be provided in the technical file and numbered to align with each criteria question. | D11: Vendor Response: Select from drop down list where applicable | E11: Vendor Evidence: Location of Supporting Document/Info (state the file number, section & page number) | F11: Vendor Comments: Vendor to indicate any comments for information/clarification. (Not for scoring purposes) | G11: Priority Description | H11: Priority | I11: Weight / Max score | J11: Scoring guideline | K11: Selection Options | L11: Evaluators Response | M11: Evaluator comments
A12: PM1 | B12: Project management will be done according to a structured, internationally-recognised project management methodology, as such Agile or waterfall | C12: In your technical response describe the project management methodology used. e.g. Agile, Waterfall by your company. Provide a project plan for the system upgrade showing milestones with completion dates. | E12: <Example for how to complete this whole column: Technical File, section 5 (company background section), page 11> | G12: Show stopper | H12: =IF(G12='Response Guidlines'!$D$81,'Response Guidlines'!$C$81, IF(G12='Response Guidlines'!$D$82,'Response Guidlines'!$C$82,IF(G12='Response Guidlines'!$D$83,'Response Guidlines'!$C$83,IF(G12='Response Guidlines'!$D$84,'Response Guidlines'!$C$84,IF(G12='Response Guidlines'!$D$85,'Response Guidlines'!$C$85,IF(G12='Response Guidlines'!$D$86,'Response Guidlines'!$C$86,IF(G12='Response Guidlines'!$D$87,'Response Guidlines'!$C$87,"No Rating"))))))) -> 6 | I12: =(H12/$H$23)/_xlfn.XLOOKUP('Scoring Summary'!$D$25,'Response Guidlines'!$D$92:$D$191,'Response Guidlines'!$C$92:$C$191,"",0,1) -> 0.016666667 | J12: Vendor uses agile or waterfall methodology. | K12: =I12 -> 0.016666667 | L12: 0
J13: Vendor uses a different project management methodology - Not agile or waterfall. | K13: =K12/2 -> 0.0083333333
J14: Vendor did not show evidence of a structured project management methodology. | K14: 0
A15: PM2 | B15: Eskom requires the vendor to appoint a project manager who has experience managing similar projects | C15: In your technical response provide details of the proposed project manager, including qualifications and experience on projects of similar size and complexity, provide the project managers CV as evidence. | G15: Critical | H15: =IF(G15='Response Guidlines'!$D$81,'Response Guidlines'!$C$81, IF(G15='Response Guidlines'!$D$82,'Response Guidlines'!$C$82,IF(G15='Response Guidlines'!$D$83,'Response Guidlines'!$C$83,IF(G15='Response Guidlines'!$D$84,'Response Guidlines'!$C$84,IF(G15='Response Guidlines'!$D$85,'Response Guidlines'!$C$85,IF(G15='Response Guidlines'!$D$86,'Response Guidlines'!$C$86,IF(G15='Response Guidlines'!$D$87,'Response Guidlines'!$C$87,"No Rating"))))))) -> 5 | I15: =(H15/$H$23)/_xlfn.XLOOKUP('Scoring Summary'!$D$25,'Response Guidlines'!$D$92:$D$191,'Response Guidlines'!$C$92:$C$191,"",0,1) -> 0.013888889 | J15: Project manager has more than 5 years experience managing similar projects. | K15: =I15 -> 0.013888889 | L15: 0
J16: Project manager has 3-5 years experience managing similar projects. | K16: =K15/2 -> 0.0069444444
J17: Project manager has less than 3 years experience in managing similar projects. | K17: 0
A18: PM3 | B18: Eskom prefers the appointed project manager to be based in South Africa for the duration of the contract period to allow for training and skill transfer | C18: In your technical response indicate the city and country where the appointed project manager will be located. | G18: Useful | H18: =IF(G18='Response Guidlines'!$D$81,'Response Guidlines'!$C$81, IF(G18='Response Guidlines'!$D$82,'Response Guidlines'!$C$82,IF(G18='Response Guidlines'!$D$83,'Response Guidlines'!$C$83,IF(G18='Response Guidlines'!$D$84,'Response Guidlines'!$C$84,IF(G18='Response Guidlines'!$D$85,'Response Guidlines'!$C$85,IF(G18='Response Guidlines'!$D$86,'Response Guidlines'!$C$86,IF(G18='Response Guidlines'!$D$87,'Response Guidlines'!$C$87,"No Rating"))))))) -> 2 | I18: =(H18/$H$23)/_xlfn.XLOOKUP('Scoring Summary'!$D$25,'Response Guidlines'!$D$92:$D$191,'Response Guidlines'!$C$92:$C$191,"",0,1) -> 0.0055555556 | J18: Project manager is based in South Africa. | K18: =I18 -> 0.0055555556 | L18: 0
J19: Project manager is not based in South Africa. | K19: 0
A20: PM4 | B20: Eskom requires the vendor to have a detailed resource plan to execute the upgrade. | C20: In your technical response provide a detailed resource plan indicating the utilization of each resource. | G20: Critical | H20: =IF(G20='Response Guidlines'!$D$81,'Response Guidlines'!$C$81, IF(G20='Response Guidlines'!$D$82,'Response Guidlines'!$C$82,IF(G20='Response Guidlines'!$D$83,'Response Guidlines'!$C$83,IF(G20='Response Guidlines'!$D$84,'Response Guidlines'!$C$84,IF(G20='Response Guidlines'!$D$85,'Response Guidlines'!$C$85,IF(G20='Response Guidlines'!$D$86,'Response Guidlines'!$C$86,IF(G20='Response Guidlines'!$D$87,'Response Guidlines'!$C$87,"No Rating"))))))) -> 5 | I20: =(H20/$H$23)/_xlfn.XLOOKUP('Scoring Summary'!$D$25,'Response Guidlines'!$D$92:$D$191,'Response Guidlines'!$C$92:$C$191,"",0,1) -> 0.013888889 | J20: For each statement below that is true award the corresponding score cumulatively.
J21: The plan shows the type and number of resources that will be allocated to each project stage. | K21: =I20/2 -> 0.0069444444 | O21: =K21 -> 0.0069444444
J22: The plan shows the utilization of each resource i.e. percentage of time each resource will spend on the Eskom project. | K22: =I20/2 -> 0.0069444444 | O22: =O21+K22 -> 0.013888889
B23: Total | H23: =SUM(H12:H22) -> 18 | I23: =SUM(I12:I22) -> 0.05 | J23: Final Score | L23: =SUM(L12:L22) -> 0
I25: =5/18*0.05 -> 0.013888889

Sheet Functional - VW
C2: Tender Number: | D2: ='Scoring Summary'!C2 -> <insert before tender publication> | F2: Eskom Group IT: Technical Evaluation Criteria
C3: Transaction Description: | D3: ='Scoring Summary'!C3 -> IT00641 Dx Commercial Energy Trader (Dx CET) | F3: Category: | G3: Functional Virtual Wheeling
C4: Technical Threshold: | D4: ='Scoring Summary'!C4 -> 0.7
C5: Tenderer Registered Name: | D5: ='Scoring Summary'!C5 -> <Evaluator to complete>
C6: Evaluator Name and Surname: | D6: ='Scoring Summary'!C6 -> <Evaluator to complete>
C7: Date of Evaluation | D7: ='Scoring Summary'!C7 -> <Evaluator to complete>
C8: Evaluator Signature | E8: Select Vendors Response in column E and add evidence and comments in columns F and G
K9: Select Evaluators Response in column M and add comments in column N
A10: Item # | B10: Technical Requirements | E10: Vendor Responses | J10: Evaluator Scores
B11: Business requirement group | C11: Business requirements | D11: Mandatory Returnables - Evidence below to be provided in the technical file and numbered to align with each criteria question. | E11: Vendor Response: Select from drop down list | F11: Vendor Evidence: Location of Supporting Document/Info (state the file number, section & page number) | G11: Vendor Comments: Vendor to indicate any comments for information/clarification. (Not for scoring purposes) | H11: Priority Description | I11: Priority | J11: Weight / Max score | K11: Scoring guideline | L11: Selection Options | M11: Evaluators Response | N11: Evaluator comments
A12: F_VW1 | B12: Consolidated wheeling data environment | C12: Eskom requires a "consolidated wheeling data environment" to be able to store all of the following data for energy wheeling calculations / reporting: 1. Interval meter read data (Generators, Eskom customers and customer behind municipal boundaries) 2a. Basic customer information from the billing system (Persons, Accounts, Service agreements and Premises, Detailed bill line items, Business areas (Clusters, Operating Units etc. for both retail and wires perspectives). 2b. Basic customer information for customers beyond municipal boundaries (Persons (customers), meters, premise address) 3. Energy wheeling configuration (Contracted energy wheeling configuration and history) 4. Wheeled energy refunds / credits | D12: In your technical response select one of the options below to describe how the required functionality could be delivered, and indicate via screenshots and / or indicate the relevant modules required to provide the functionality: 1. Standard functionality or deliver by configuration 2. Deliver by built in customization tools or deliver by development (changes are preserved in future upgrades) 3. Deliver by development (BUT changes NOT preserved in future upgrades) or not possible | F12: <Example for how to complete this whole column: Technical File, section 5 (company background section), page 11> | H12: Critical | I12: =IF(H12='Response Guidlines'!$D$81,'Response Guidlines'!$C$81, IF(H12='Response Guidlines'!$D$82,'Response Guidlines'!$C$82,IF(H12='Response Guidlines'!$D$83,'Response Guidlines'!$C$83,IF(H12='Response Guidlines'!$D$84,'Response Guidlines'!$C$84,IF(H12='Response Guidlines'!$D$85,'Response Guidlines'!$C$85,IF(H12='Response Guidlines'!$D$86,'Response Guidlines'!$C$86,IF(H12='Response Guidlines'!$D$87,'Response Guidlines'!$C$87,"No Rating"))))))) -> 5 | J12: =(I12/$I$78)/_xlfn.XLOOKUP('Scoring Summary'!$D$19,'Response Guidlines'!$D$92:$D$191,'Response Guidlines'!$C$92:$C$191,"",0,1) -> 0.012820513 | K12: 1. Standard functionality or can be delivered by configuration. | L12: =J12 -> 0.012820513 | M12: 0
K13: 2. Functionality can be delivered by built in customization tools or by development (changes are preserved in future upgrades) | L13: =L12*0.5 -> 0.0064102564
K14: 3. Functionality can be delivered by development (BUT changes NOT preserved in future upgrades) or it is not possible to provide this functionality. | L14: 0
A15: F_VW2 | B15: Consolidated wheeling data environment | C15: Eskom requires the "consolidated wheeling data environment" to be able to calculate wheeled energy allocations and refunds / credits for configured qualifying customer premises (or municipal customers) using available interval meter read data. | D15: In your technical response select one of the options below to describe how the required functionality could be delivered, and indicate via screenshots and / or indicate the relevant modules required to provide the functionality: 1. Standard functionality or deliver by configuration 2. Deliver by built in customization tools or deliver by development (changes are preserved in future upgrades) 3. Deliver by development (BUT changes NOT preserved in future upgrades) or not possible | H15: Critical | I15: =IF(H15='Response Guidlines'!$D$81,'Response Guidlines'!$C$81, IF(H15='Response Guidlines'!$D$82,'Response Guidlines'!$C$82,IF(H15='Response Guidlines'!$D$83,'Response Guidlines'!$C$83,IF(H15='Response Guidlines'!$D$84,'Response Guidlines'!$C$84,IF(H15='Response Guidlines'!$D$85,'Response Guidlines'!$C$85,IF(H15='Response Guidlines'!$D$86,'Response Guidlines'!$C$86,IF(H15='Response Guidlines'!$D$87,'Response Guidlines'!$C$87,"No Rating"))))))) -> 5 | J15: =(I15/$I$78)/_xlfn.XLOOKUP('Scoring Summary'!$D$19,'Response Guidlines'!$D$92:$D$191,'Response Guidlines'!$C$92:$C$191,"",0,1) -> 0.012820513 | K15: 1. Standard functionality or can be delivered by configuration. | L15: =J15 -> 0.012820513 | M15: 0
K16: 2. Functionality can be delivered by built in customization tools or by development (changes are preserved in future upgrades) | L16: =L15*0.5 -> 0.0064102564
K17: 3. Functionality can be delivered by development (BUT changes NOT preserved in future upgrades) or it is not possible to provide this functionality. | L17: 0
A18: F_VW3 | B18: Consolidated wheeling data environment | C18: Eskom requires the "consolidated wheeling data environment" to be able to calculate consolidated wheeled energy allocations and refunds / credits for a large customer with many customer premises i.e., single refund / credit for all customer premises. | D18: In your technical response select one of the options below to describe how the required functionality could be delivered, and indicate via screenshots and / or indicate the relevant modules required to provide the functionality: 1. Standard functionality or deliver by configuration 2. Deliver by built in customization tools or deliver by development (changes are preserved in future upgrades) 3. Deliver by development (BUT changes NOT preserved in future upgrades) or not possible | H18: Critical | I18: =IF(H18='Response Guidlines'!$D$81,'Response Guidlines'!$C$81, IF(H18='Response Guidlines'!$D$82,'Response Guidlines'!$C$82,IF(H18='Response Guidlines'!$D$83,'Response Guidlines'!$C$83,IF(H18='Response Guidlines'!$D$84,'Response Guidlines'!$C$84,IF(H18='Response Guidlines'!$D$85,'Response Guidlines'!$C$85,IF(H18='Response Guidlines'!$D$86,'Response Guidlines'!$C$86,IF(H18='Response Guidlines'!$D$87,'Response Guidlines'!$C$87,"No Rating"))))))) -> 5 | J18: =(I18/$I$78)/_xlfn.XLOOKUP('Scoring Summary'!$D$19,'Response Guidlines'!$D$92:$D$191,'Response Guidlines'!$C$92:$C$191,"",0,1) -> 0.012820513 | K18: 1. Standard functionality or can be delivered by configuration. | L18: =J18 -> 0.012820513 | M18: 0
K19: 2. Functionality can be delivered by built in customization tools or by development (changes are preserved in future upgrades) | L19: =L18*0.5 -> 0.0064102564
K20: 3. Functionality can be delivered by development (BUT changes NOT preserved in future upgrades) or it is not possible to provide this functionality. | L20: 0
A21: F_VW4 | B21: Consolidated wheeling data environment | C21: Eskom requires the "consolidated wheeling data environment" to be able to receive and process information from other data aggregators / platforms: - Ability to received and process information from other data aggregators e.g., large customers or market traders. | D21: In your technical response select one of the options below to describe how the required functionality could be delivered, and indicate via screenshots and / or indicate the relevant modules required to provide the functionality: 1. Standard functionality or deliver by configuration 2. Deliver by built in customization tools or deliver by development (changes are preserved in future upgrades) 3. Deliver by development (BUT changes NOT preserved in future upgrades) or not possible | H21: Useful | I21: =IF(H21='Response Guidlines'!$D$81,'Response Guidlines'!$C$81, IF(H21='Response Guidlines'!$D$82,'Response Guidlines'!$C$82,IF(H21='Response Guidlines'!$D$83,'Response Guidlines'!$C$83,IF(H21='Response Guidlines'!$D$84,'Response Guidlines'!$C$84,IF(H21='Response Guidlines'!$D$85,'Response Guidlines'!$C$85,IF(H21='Response Guidlines'!$D$86,'Response Guidlines'!$C$86,IF(H21='Response Guidlines'!$D$87,'Response Guidlines'!$C$87,"No Rating"))))))) -> 2 | J21: =(I21/$I$78)/_xlfn.XLOOKUP('Scoring Summary'!$D$19,'Response Guidlines'!$D$92:$D$191,'Response Guidlines'!$C$92:$C$191,"",0,1) -> 0.0051282051 | K21: 1. Standard functionality or can be delivered by configuration. | L21: =J21 -> 0.0051282051 | M21: 0
K22: 2. Functionality can be delivered by built in customization tools or by development (changes are preserved in future upgrades) | L22: =L21*0.5 -> 0.0025641026
K23: 3. Functionality can be delivered by development (BUT changes NOT preserved in future upgrades) or it is not possible to provide this functionality. | L23: 0
A24: F_VW5 | B24: Buyer / business portal | C24: Eskom requires a "buyer / business portal" for all wheeling related activities e.g., registration of users and associated meters, energy wheeling configuration, uploading of meter read data (where applicable), viewing of dashboards and reports etc. - Buyer / business wheeling portal to use data from the “consolidated wheeling data environment”. | D24: In your technical response select one of the options below to describe how the required functionality could be delivered, and indicate via screenshots and / or indicate the relevant modules required to provide the functionality: 1. Standard functionality or deliver by configuration 2. Deliver by built in customization tools or deliver by development (changes are preserved in future upgrades) 3. Deliver by development (BUT changes NOT preserved in future upgrades) or not possible | H24: Very important | I24: =IF(H24='Response Guidlines'!$D$81,'Response Guidlines'!$C$81, IF(H24='Response Guidlines'!$D$82,'Response Guidlines'!$C$82,IF(H24='Response Guidlines'!$D$83,'Response Guidlines'!$C$83,IF(H24='Response Guidlines'!$D$84,'Response Guidlines'!$C$84,IF(H24='Response Guidlines'!$D$85,'Response Guidlines'!$C$85,IF(H24='Response Guidlines'!$D$86,'Response Guidlines'!$C$86,IF(H24='Response Guidlines'!$D$87,'Response Guidlines'!$C$87,"No Rating"))))))) -> 4 | J24: =(I24/$I$78)/_xlfn.XLOOKUP('Scoring Summary'!$D$19,'Response Guidlines'!$D$92:$D$191,'Response Guidlines'!$C$92:$C$191,"",0,1) -> 0.01025641 | K24: 1. Standard functionality or can be delivered by configuration. | L24: =J24 -> 0.01025641 | M24: 0
K25: 2. Functionality can be delivered by built in customization tools or by development (changes are preserved in future upgrades) | L25: =L24*0.5 -> 0.0051282051
K26: 3. Functionality can be delivered by development (BUT changes NOT preserved in future upgrades) or it is not possible to provide this functionality. | L26: 0
A27: F_VW6 | B27: Buyer / business portal | C27: Eskom requires the ability for users (or Eskom application support) to configure / customize the "buyer / business portal" landing page for the applicable types of users e.g., Eskom management, Eskom user and buyers. | D27: In your technical response select one of the options below to describe how the required functionality could be delivered, and indicate via screenshots and / or indicate the relevant modules required to provide the functionality: 1. Standard functionality or deliver by configuration 2. Deliver by built in customization tools or deliver by development (changes are preserved in future upgrades) 3. Deliver by development (BUT changes NOT preserved in future upgrades) or not possible | H27: Very important | I27: =IF(H27='Response Guidlines'!$D$81,'Response Guidlines'!$C$81, IF(H27='Response Guidlines'!$D$82,'Response Guidlines'!$C$82,IF(H27='Response Guidlines'!$D$83,'Response Guidlines'!$C$83,IF(H27='Response Guidlines'!$D$84,'Response Guidlines'!$C$84,IF(H27='Response Guidlines'!$D$85,'Response Guidlines'!$C$85,IF(H27='Response Guidlines'!$D$86,'Response Guidlines'!$C$86,IF(H27='Response Guidlines'!$D$87,'Response Guidlines'!$C$87,"No Rating"))))))) -> 4 | J27: =(I27/$I$78)/_xlfn.XLOOKUP('Scoring Summary'!$D$19,'Response Guidlines'!$D$92:$D$191,'Response Guidlines'!$C$92:$C$191,"",0,1) -> 0.01025641 | K27: 1. Standard functionality or can be delivered by configuration. | L27: =J27 -> 0.01025641 | M27: 0
K28: 2. Functionality can be delivered by built in customization tools or by development (changes are preserved in future upgrades) | L28: =L27*0.5 -> 0.0051282051
K29: 3. Functionality can be delivered by development (BUT changes NOT preserved in future upgrades) or it is not possible to provide this functionality. | L29: 0
A30: F_VW7 | B30: Buyer / business portal | C30: Eskom requires the "buyer / business portal" to create users and profiles for buyers and Eskom users, as per below: - Ability to create users for buyers and Eskom users. - Ability to create user profiles e.g., o View relevant allocated buyer and energy information. o Edit relevant energy wheeling configuration parameters. o Upload relevant buyer interval meter read data. o Create / apply energy wheeling configurations. o View relevant dashboards, views or reports. o Etc. - Ability to apply user profiles to users. | D30: In your technical response select one of the options below to describe how the required functionality could be delivered, and indicate via screenshots and / or indicate the relevant modules required to provide the functionality: 1. Standard functionality or deliver by configuration 2. Deliver by built in customization tools or deliver by development (changes are preserved in future upgrades) 3. Deliver by development (BUT changes NOT preserved in future upgrades) or not possible | H30: Useful | I30: =IF(H30='Response Guidlines'!$D$81,'Response Guidlines'!$C$81, IF(H30='Response Guidlines'!$D$82,'Response Guidlines'!$C$82,IF(H30='Response Guidlines'!$D$83,'Response Guidlines'!$C$83,IF(H30='Response Guidlines'!$D$84,'Response Guidlines'!$C$84,IF(H30='Response Guidlines'!$D$85,'Response Guidlines'!$C$85,IF(H30='Response Guidlines'!$D$86,'Response Guidlines'!$C$86,IF(H30='Response Guidlines'!$D$87,'Response Guidlines'!$C$87,"No Rating"))))))) -> 2 | J30: =(I30/$I$78)/_xlfn.XLOOKUP('Scoring Summary'!$D$19,'Response Guidlines'!$D$92:$D$191,'Response Guidlines'!$C$92:$C$191,"",0,1) -> 0.0051282051 | K30: 1. Standard functionality or can be delivered by configuration. | L30: =J30 -> 0.0051282051 | M30: 0
K31: 2. Functionality can be delivered by built in customization tools or by development (changes are preserved in future upgrades) | L31: =L30*0.5 -> 0.0025641026
K32: 3. Functionality can be delivered by development (BUT changes NOT preserved in future upgrades) or it is not possible to provide this functionality. | L32: 0
A33: F_VW8 | B33: Buyer / business portal | C33: Eskom requires the "buyer / business portal" to be able to limit user access in the following ways: - Ability to grant a buyer access to only buyer’s own data and energy wheeling configuration. - Ability to grant Eskom users access to a selection of customer accounts by ring-fencing individual based on: o A selection of accounts e.g., for a customer executive o Accounts in a certain business area e.g., per OU o Etc. | D33: In your technical response select one of the options below to describe how the required functionality could be delivered, and indicate via screenshots and / or indicate the relevant modules required to provide the functionality: 1. Standard functionality or deliver by configuration 2. Deliver by built in customization tools or deliver by development (changes are preserved in future upgrades) 3. Deliver by development (BUT changes NOT preserved in future upgrades) or not possible | H33: Useful | I33: =IF(H33='Response Guidlines'!$D$81,'Response Guidlines'!$C$81, IF(H33='Response Guidlines'!$D$82,'Response Guidlines'!$C$82,IF(H33='Response Guidlines'!$D$83,'Response Guidlines'!$C$83,IF(H33='Response Guidlines'!$D$84,'Response Guidlines'!$C$84,IF(H33='Response Guidlines'!$D$85,'Response Guidlines'!$C$85,IF(H33='Response Guidlines'!$D$86,'Response Guidlines'!$C$86,IF(H33='Response Guidlines'!$D$87,'Response Guidlines'!$C$87,"No Rating"))))))) -> 2 | J33: =(I33/$I$78)/_xlfn.XLOOKUP('Scoring Summary'!$D$19,'Response Guidlines'!$D$92:$D$191,'Response Guidlines'!$C$92:$C$191,"",0,1) -> 0.0051282051 | K33: 1. Standard functionality or can be delivered by configuration. | L33: =J33 -> 0.0051282051 | M33: 0
K34: 2. Functionality can be delivered by built in customization tools or by development (changes are preserved in future upgrades) | L34: =L33*0.5 -> 0.0025641026
K35: 3. Functionality can be delivered by development (BUT changes NOT preserved in future upgrades) or it is not possible to provide this functionality. | L35: 0
A36: F_VW9 | B36: Buyer / business portal | C36: Eskom requires the "buyer / business portal" to be able to register data associated with buyers e.g., accounts, premises and meters: - Formally register (make available) new data in the “consolidated wheeling data environment”. | D36: In your technical response select one of the options below to describe how the required functionality could be delivered, and indicate via screenshots and / or indicate the relevant modules required to provide the functionality: 1. Standard functionality or deliver by configuration 2. Deliver by built in customization tools or deliver by development (changes are preserved in future upgrades) 3. Deliver by development (BUT changes NOT preserved in future upgrades) or not possible | H36: Very important | I36: =IF(H36='Response Guidlines'!$D$81,'Response Guidlines'!$C$81, IF(H36='Response Guidlines'!$D$82,'Response Guidlines'!$C$82,IF(H36='Response Guidlines'!$D$83,'Response Guidlines'!$C$83,IF(H36='Response Guidlines'!$D$84,'Response Guidlines'!$C$84,IF(H36='Response Guidlines'!$D$85,'Response Guidlines'!$C$85,IF(H36='Response Guidlines'!$D$86,'Response Guidlines'!$C$86,IF(H36='Response Guidlines'!$D$87,'Response Guidlines'!$C$87,"No Rating"))))))) -> 4 | J36: =(I36/$I$78)/_xlfn.XLOOKUP('Scoring Summary'!$D$19,'Response Guidlines'!$D$92:$D$191,'Response Guidlines'!$C$92:$C$191,"",0,1) -> 0.01025641 | K36: 1. Standard functionality or can be delivered by configuration. | L36: =J36 -> 0.01025641 | M36: 0
K37: 2. Functionality can be delivered by built in customization tools or by development (changes are preserved in future upgrades) | L37: =L36*0.5 -> 0.0051282051
K38: 3. Functionality can be delivered by development (BUT changes NOT preserved in future upgrades) or it is not possible to provide this functionality. | L38: 0
A39: F_VW10 | B39: Buyer / business portal | C39: Eskom requires the "buyer / business portal" to be able to register more than one user per buyer. - Eskom to provide maximum registered users per buyer. | D39: In your technical response select one of the options below to describe how the required functionality could be delivered, and indicate via screenshots and / or indicate the relevant modules required to provide the functionality: 1. Standard functionality or deliver by configuration 2. Deliver by built in customization tools or deliver by development (changes are preserved in future upgrades) 3. Deliver by development (BUT changes NOT preserved in future upgrades) or not possible | H39: Useful | I39: =IF(H39='Response Guidlines'!$D$81,'Response Guidlines'!$C$81, IF(H39='Response Guidlines'!$D$82,'Response Guidlines'!$C$82,IF(H39='Response Guidlines'!$D$83,'Response Guidlines'!$C$83,IF(H39='Response Guidlines'!$D$84,'Response Guidlines'!$C$84,IF(H39='Response Guidlines'!$D$85,'Response Guidlines'!$C$85,IF(H39='Response Guidlines'!$D$86,'Response Guidlines'!$C$86,IF(H39='Response Guidlines'!$D$87,'Response Guidlines'!$C$87,"No Rating"))))))) -> 2 | J39: =(I39/$I$78)/_xlfn.XLOOKUP('Scoring Summary'!$D$19,'Response Guidlines'!$D$92:$D$191,'Response Guidlines'!$C$92:$C$191,"",0,1) -> 0.0051282051 | K39: 1. Standard functionality or can be delivered by configuration. | L39: =J39 -> 0.0051282051 | M39: 0
K40: 2. Functionality can be delivered by built in customization tools or by development (changes are preserved in future upgrades) | L40: =L39*0.5 -> 0.0025641026
K41: 3. Functionality can be delivered by development (BUT changes NOT preserved in future upgrades) or it is not possible to provide this functionality. | L41: 0
A42: F_VW11 | B42: Buyer / business portal | C42: Eskom requires the "buyer / business portal" to be able to create / apply energy wheeling configurations: o Ability to create / apply energy wheeling configurations. o Provide a simple association / link between generators and off takers e.g., via accounts, service agreements, premises or meters. o An energy wheeling configuration should minimally have: - Association / link between generators and off takers e.g., via accounts, service agreements, premises or meters - Association / link between consolidated accounts for buyers (corporate entities or traders) and their load accounts - Wheeling allocation option - percentage / amount of wheeled energy allocation per generator / off taker - Financial refund / credit option | D42: In your technical response select one of the options below to describe how the required functionality could be delivered, and indicate via screenshots and / or indicate the relevant modules required to provide the functionality: 1. Standard functionality or deliver by configuration 2. Deliver by built in customization tools or deliver by development (changes are preserved in future upgrades) 3. Deliver by development (BUT changes NOT preserved in future upgrades) or not possible | H42: Very important | I42: =IF(H42='Response Guidlines'!$D$81,'Response Guidlines'!$C$81, IF(H42='Response Guidlines'!$D$82,'Response Guidlines'!$C$82,IF(H42='Response Guidlines'!$D$83,'Response Guidlines'!$C$83,IF(H42='Response Guidlines'!$D$84,'Response Guidlines'!$C$84,IF(H42='Response Guidlines'!$D$85,'Response Guidlines'!$C$85,IF(H42='Response Guidlines'!$D$86,'Response Guidlines'!$C$86,IF(H42='Response Guidlines'!$D$87,'Response Guidlines'!$C$87,"No Rating"))))))) -> 4 | J42: =(I42/$I$78)/_xlfn.XLOOKUP('Scoring Summary'!$D$19,'Response Guidlines'!$D$92:$D$191,'Response Guidlines'!$C$92:$C$191,"",0,1) -> 0.01025641 | K42: 1. Standard functionality or can be delivered by configuration. | L42: =J42 -> 0.01025641 | M42: 0
K43: 2. Functionality can be delivered by built in customization tools or by development (changes are preserved in future upgrades) | L43: =L42*0.5 -> 0.0051282051
K44: 3. Functionality can be delivered by development (BUT changes NOT preserved in future upgrades) or it is not possible to provide this functionality. | L44: 0
A45: F_VW12 | B45: Buyer / business portal | C45: Eskom requires the "buyer / business portal" to be able to create / apply energy wheeling configuration – in bulk / batches: - Ability to create / apply energy wheeling configurations in bulk. Note: - Possibly use a bulk configuration file that can be imported into the buyer / business portal. | D45: In your technical response select one of the options below to describe how the required functionality could be delivered, and indicate via screenshots and / or indicate the relevant modules required to provide the functionality: 1. Standard functionality or deliver by configuration 2. Deliver by built in customization tools or deliver by development (changes are preserved in future upgrades) 3. Deliver by development (BUT changes NOT preserved in future upgrades) or not possible | H45: Very important | I45: =IF(H45='Response Guidlines'!$D$81,'Response Guidlines'!$C$81, IF(H45='Response Guidlines'!$D$82,'Response Guidlines'!$C$82,IF(H45='Response Guidlines'!$D$83,'Response Guidlines'!$C$83,IF(H45='Response Guidlines'!$D$84,'Response Guidlines'!$C$84,IF(H45='Response Guidlines'!$D$85,'Response Guidlines'!$C$85,IF(H45='Response Guidlines'!$D$86,'Response Guidlines'!$C$86,IF(H45='Response Guidlines'!$D$87,'Response Guidlines'!$C$87,"No Rating"))))))) -> 4 | J45: =(I45/$I$78)/_xlfn.XLOOKUP('Scoring Summary'!$D$19,'Response Guidlines'!$D$92:$D$191,'Response Guidlines'!$C$92:$C$191,"",0,1) -> 0.01025641 | K45: 1. Standard functionality or can be delivered by configuration. | L45: =J45 -> 0.01025641 | M45: 0
K46: 2. Functionality can be delivered by built in customization tools or by development (changes are preserved in future upgrades) | L46: =L45*0.5 -> 0.0051282051
K47: 3. Functionality can be delivered by development (BUT changes NOT preserved in future upgrades) or it is not possible to provide this functionality. | L47: 0
A48: F_VW13 | B48: Buyer / business portal | C48: Eskom requires the "buyer / business portal" to be able to retain energy wheeling configuration history: - Ability to maintain a history of energy wheeling configuration changes e.g., changes to off takers per generator or percentage allocation per off taker . - Data retention for Eskom audit perspective - minimum 5 years | D48: In your technical response select one of the options below to describe how the required functionality could be delivered, and indicate via screenshots and / or indicate the relevant modules required to provide the functionality: 1. Standard functionality or deliver by configuration 2. Deliver by built in customization tools or deliver by development (changes are preserved in future upgrades) 3. Deliver by development (BUT changes NOT preserved in future upgrades) or not possible | H48: Very important | I48: =IF(H48='Response Guidlines'!$D$81,'Response Guidlines'!$C$81, IF(H48='Response Guidlines'!$D$82,'Response Guidlines'!$C$82,IF(H48='Response Guidlines'!$D$83,'Response Guidlines'!$C$83,IF(H48='Response Guidlines'!$D$84,'Response Guidlines'!$C$84,IF(H48='Response Guidlines'!$D$85,'Response Guidlines'!$C$85,IF(H48='Response Guidlines'!$D$86,'Response Guidlines'!$C$86,IF(H48='Response Guidlines'!$D$87,'Response Guidlines'!$C$87,"No Rating"))))))) -> 4 | J48: =(I48/$I$78)/_xlfn.XLOOKUP('Scoring Summary'!$D$19,'Response Guidlines'!$D$92:$D$191,'Response Guidlines'!$C$92:$C$191,"",0,1) -> 0.01025641 | K48: 1. Standard functionality or can be delivered by configuration. | L48: =J48 -> 0.01025641 | M48: 0
K49: 2. Functionality can be delivered by built in customization tools or by development (changes are preserved in future upgrades) | L49: =L48*0.5 -> 0.0051282051
K50: 3. Functionality can be delivered by development (BUT changes NOT preserved in future upgrades) or it is not possible to provide this functionality. | L50: 0
A51: F_VW14 | B51: Buyer / business portal | C51: Eskom requires the "buyer / business wheeling portal" to allow buyer submission of interval meter read data: (For wheeling directly to customers behind municipal boundaries) - Ability to accept and process buyer submission of interval meter read data for customers behind municipal boundaries. - Ability to upload interval meter read data in bulk for multiple buyers. | D51: In your technical response select one of the options below to describe how the required functionality could be delivered, and indicate via screenshots and / or indicate the relevant modules required to provide the functionality: 1. Standard functionality or deliver by configuration 2. Deliver by built in customization tools or deliver by development (changes are preserved in future upgrades) 3. Deliver by development (BUT changes NOT preserved in future upgrades) or not possible | H51: Important | I51: =IF(H51='Response Guidlines'!$D$81,'Response Guidlines'!$C$81, IF(H51='Response Guidlines'!$D$82,'Response Guidlines'!$C$82,IF(H51='Response Guidlines'!$D$83,'Response Guidlines'!$C$83,IF(H51='Response Guidlines'!$D$84,'Response Guidlines'!$C$84,IF(H51='Response Guidlines'!$D$85,'Response Guidlines'!$C$85,IF(H51='Response Guidlines'!$D$86,'Response Guidlines'!$C$86,IF(H51='Response Guidlines'!$D$87,'Response Guidlines'!$C$87,"No Rating"))))))) -> 3 | J51: =(I51/$I$78)/_xlfn.XLOOKUP('Scoring Summary'!$D$19,'Response Guidlines'!$D$92:$D$191,'Response Guidlines'!$C$92:$C$191,"",0,1) -> 0.0076923077 | K51: 1. Standard functionality or can be delivered by configuration. | L51: =J51 -> 0.0076923077 | M51: 0
K52: 2. Functionality can be delivered by built in customization tools or by development (changes are preserved in future upgrades) | L52: =L51*0.5 -> 0.0038461538
K53: 3. Functionality can be delivered by development (BUT changes NOT preserved in future upgrades) or it is not possible to provide this functionality. | L53: 0
A54: F_VW15 | B54: Buyer / business portal | C54: Eskom requires the "buyer / business wheeling portal" to allow buyer submission of energy wheeling allocation parameters: - Ability for buyers to configure the percentage / amount of wheeled energy allocation per generator and customer premises. | D54: In your technical response select one of the options below to describe how the required functionality could be delivered, and indicate via screenshots and / or indicate the relevant modules required to provide the functionality: 1. Standard functionality or deliver by configuration 2. Deliver by built in customization tools or deliver by development (changes are preserved in future upgrades) 3. Deliver by development (BUT changes NOT preserved in future upgrades) or not possible | H54: Very important | I54: =IF(H54='Response Guidlines'!$D$81,'Response Guidlines'!$C$81, IF(H54='Response Guidlines'!$D$82,'Response Guidlines'!$C$82,IF(H54='Response Guidlines'!$D$83,'Response Guidlines'!$C$83,IF(H54='Response Guidlines'!$D$84,'Response Guidlines'!$C$84,IF(H54='Response Guidlines'!$D$85,'Response Guidlines'!$C$85,IF(H54='Response Guidlines'!$D$86,'Response Guidlines'!$C$86,IF(H54='Response Guidlines'!$D$87,'Response Guidlines'!$C$87,"No Rating"))))))) -> 4 | J54: =(I54/$I$78)/_xlfn.XLOOKUP('Scoring Summary'!$D$19,'Response Guidlines'!$D$92:$D$191,'Response Guidlines'!$C$92:$C$191,"",0,1) -> 0.01025641 | K54: 1. Standard functionality or can be delivered by configuration. | L54: =J54 -> 0.01025641 | M54: 0
K55: 2. Functionality can be delivered by built in customization tools or by development (changes are preserved in future upgrades) | L55: =L54*0.5 -> 0.0051282051
K56: 3. Functionality can be delivered by development (BUT changes NOT preserved in future upgrades) or it is not possible to provide this functionality. | L56: 0
A57: F_VW16 | B57: Buyer / business portal | C57: Eskom requires the "buyer / business portal" to enforce buyer information submission “hard cut-off dates”: - Ability to enforce hard cut-off dates by which: o Buyers are expected to change energy wheeling allocation parameters. o Customers behind municipal boundaries are expected to upload relevant interval meter read data. Note: - Hard cut-off date → date when reconciliation of accounts will be started. | D57: In your technical response select one of the options below to describe how the required functionality could be delivered, and indicate via screenshots and / or indicate the relevant modules required to provide the functionality: 1. Standard functionality or deliver by configuration 2. Deliver by built in customization tools or deliver by development (changes are preserved in future upgrades) 3. Deliver by development (BUT changes NOT preserved in future upgrades) or not possible | H57: Very important | I57: =IF(H57='Response Guidlines'!$D$81,'Response Guidlines'!$C$81, IF(H57='Response Guidlines'!$D$82,'Response Guidlines'!$C$82,IF(H57='Response Guidlines'!$D$83,'Response Guidlines'!$C$83,IF(H57='Response Guidlines'!$D$84,'Response Guidlines'!$C$84,IF(H57='Response Guidlines'!$D$85,'Response Guidlines'!$C$85,IF(H57='Response Guidlines'!$D$86,'Response Guidlines'!$C$86,IF(H57='Response Guidlines'!$D$87,'Response Guidlines'!$C$87,"No Rating"))))))) -> 4 | J57: =(I57/$I$78)/_xlfn.XLOOKUP('Scoring Summary'!$D$19,'Response Guidlines'!$D$92:$D$191,'Response Guidlines'!$C$92:$C$191,"",0,1) -> 0.01025641 | K57: 1. Standard functionality or can be delivered by configuration. | L57: =J57 -> 0.01025641 | M57: 0
K58: 2. Functionality can be delivered by built in customization tools or by development (changes are preserved in future upgrades) | L58: =L57*0.5 -> 0.0051282051
K59: 3. Functionality can be delivered by development (BUT changes NOT preserved in future upgrades) or it is not possible to provide this functionality. | L59: 0
A60: F_VW17 | B60: Buyer / business portal | C60: Eskom requires the "buyer / business portal" to be able to configure business rules to identify accounts that qualify for wheeling: - Allow Eskom application support to configure business rules to identify accounts that qualify for wheeling e.g., a certain amount of debt or timing of wheeling refund / credit claim. | D60: In your technical response select one of the options below to describe how the required functionality could be delivered, and indicate via screenshots and / or indicate the relevant modules required to provide the functionality: 1. Standard functionality or deliver by configuration 2. Deliver by built in customization tools or deliver by development (changes are preserved in future upgrades) 3. Deliver by development (BUT changes NOT preserved in future upgrades) or not possible | H60: Very important | I60: =IF(H60='Response Guidlines'!$D$81,'Response Guidlines'!$C$81, IF(H60='Response Guidlines'!$D$82,'Response Guidlines'!$C$82,IF(H60='Response Guidlines'!$D$83,'Response Guidlines'!$C$83,IF(H60='Response Guidlines'!$D$84,'Response Guidlines'!$C$84,IF(H60='Response Guidlines'!$D$85,'Response Guidlines'!$C$85,IF(H60='Response Guidlines'!$D$86,'Response Guidlines'!$C$86,IF(H60='Response Guidlines'!$D$87,'Response Guidlines'!$C$87,"No Rating"))))))) -> 4 | J60: =(I60/$I$78)/_xlfn.XLOOKUP('Scoring Summary'!$D$19,'Response Guidlines'!$D$92:$D$191,'Response Guidlines'!$C$92:$C$191,"",0,1) -> 0.01025641 | K60: 1. Standard functionality or can be delivered by configuration. | L60: =J60 -> 0.01025641 | M60: 0
K61: 2. Functionality can be delivered by built in customization tools or by development (changes are preserved in future upgrades) | L61: =L60*0.5 -> 0.0051282051
K62: 3. Functionality can be delivered by development (BUT changes NOT preserved in future upgrades) or it is not possible to provide this functionality. | L62: 0
A63: F_VW18 | B63: Buyer / business portal | C63: Eskom requires the "buyer / business portal" to be able to provide buyer / business user alerts e.g. user alerts re timing of customer data or configuration submissions. | D63: In your technical response select one of the options below to describe how the required functionality could be delivered, and indicate via screenshots and / or indicate the relevant modules required to provide the functionality: 1. Standard functionality or deliver by configuration 2. Deliver by built in customization tools or deliver by development (changes are preserved in future upgrades) 3. Deliver by development (BUT changes NOT preserved in future upgrades) or not possible | H63: Important | I63: =IF(H63='Response Guidlines'!$D$81,'Response Guidlines'!$C$81, IF(H63='Response Guidlines'!$D$82,'Response Guidlines'!$C$82,IF(H63='Response Guidlines'!$D$83,'Response Guidlines'!$C$83,IF(H63='Response Guidlines'!$D$84,'Response Guidlines'!$C$84,IF(H63='Response Guidlines'!$D$85,'Response Guidlines'!$C$85,IF(H63='Response Guidlines'!$D$86,'Response Guidlines'!$C$86,IF(H63='Response Guidlines'!$D$87,'Response Guidlines'!$C$87,"No Rating"))))))) -> 3 | J63: =(I63/$I$78)/_xlfn.XLOOKUP('Scoring Summary'!$D$19,'Response Guidlines'!$D$92:$D$191,'Response Guidlines'!$C$92:$C$191,"",0,1) -> 0.0076923077 | K63: 1. Standard functionality or can be delivered by configuration. | L63: =J63 -> 0.0076923077 | M63: 0
K64: 2. Functionality can be delivered by built in customization tools or by development (changes are preserved in future upgrades) | L64: =L63*0.5 -> 0.0038461538
K65: 3. Functionality can be delivered by development (BUT changes NOT preserved in future upgrades) or it is not possible to provide this functionality. | L65: 0
A66: F_VW19 | B66: Buyer / business portal | C66: Eskom requires the "buyer / business portal" to be able to export data: - Ability for buyers to do a limited export of data e.g., interval meter reads, basic customer information and energy wheeling configuration. - Ability to export data for multiple accounts or groups of accounts. Note: - Buyers should only have access to their own data. - Eskom to advise re workable data export limits. | D66: In your technical response select one of the options below to describe how the required functionality could be delivered, and indicate via screenshots and / or indicate the relevant modules required to provide the functionality: 1. Standard functionality or deliver by configuration 2. Deliver by built in customization tools or deliver by development (changes are preserved in future upgrades) 3. Deliver by development (BUT changes NOT preserved in future upgrades) or not possible | H66: Useful | I66: =IF(H66='Response Guidlines'!$D$81,'Response Guidlines'!$C$81, IF(H66='Response Guidlines'!$D$82,'Response Guidlines'!$C$82,IF(H66='Response Guidlines'!$D$83,'Response Guidlines'!$C$83,IF(H66='Response Guidlines'!$D$84,'Response Guidlines'!$C$84,IF(H66='Response Guidlines'!$D$85,'Response Guidlines'!$C$85,IF(H66='Response Guidlines'!$D$86,'Response Guidlines'!$C$86,IF(H66='Response Guidlines'!$D$87,'Response Guidlines'!$C$87,"No Rating"))))))) -> 2 | J66: =(I66/$I$78)/_xlfn.XLOOKUP('Scoring Summary'!$D$19,'Response Guidlines'!$D$92:$D$191,'Response Guidlines'!$C$92:$C$191,"",0,1) -> 0.0051282051 | K66: 1. Standard functionality or can be delivered by configuration. | L66: =J66 -> 0.0051282051 | M66: 0
K67: 2. Functionality can be delivered by built in customization tools or by development (changes are preserved in future upgrades) | L67: =L66*0.5 -> 0.0025641026
K68: 3. Functionality can be delivered by development (BUT changes NOT preserved in future upgrades) or it is not possible to provide this functionality. | L68: 0
A69: F_VW20 | B69: Buyer / business portal | C69: Eskom requires the "buyer / business portal" to allow Eskom users to validate and approve energy wheeling refund / credit: - Relevant Eskom user to validate and approve energy wheeling refund / credit before financial processing. - Validations of energy wheeling refund / credit: o Some validations may be automated. - Approvals of energy wheeling refund / credit: o Approvals to be manually done by Eskom staff. o Scenarios for automation of approvals to be considered later. Note: - Eskom to confirm appropriate validations. | D69: In your technical response select one of the options below to describe how the required functionality could be delivered, and indicate via screenshots and / or indicate the relevant modules required to provide the functionality: 1. Standard functionality or deliver by configuration 2. Deliver by built in customization tools or deliver by development (changes are preserved in future upgrades) 3. Deliver by development (BUT changes NOT preserved in future upgrades) or not possible | H69: Critical | I69: =IF(H69='Response Guidlines'!$D$81,'Response Guidlines'!$C$81, IF(H69='Response Guidlines'!$D$82,'Response Guidlines'!$C$82,IF(H69='Response Guidlines'!$D$83,'Response Guidlines'!$C$83,IF(H69='Response Guidlines'!$D$84,'Response Guidlines'!$C$84,IF(H69='Response Guidlines'!$D$85,'Response Guidlines'!$C$85,IF(H69='Response Guidlines'!$D$86,'Response Guidlines'!$C$86,IF(H69='Response Guidlines'!$D$87,'Response Guidlines'!$C$87,"No Rating"))))))) -> 5 | J69: =(I69/$I$78)/_xlfn.XLOOKUP('Scoring Summary'!$D$19,'Response Guidlines'!$D$92:$D$191,'Response Guidlines'!$C$92:$C$191,"",0,1) -> 0.012820513 | K69: 1. Standard functionality or can be delivered by configuration. | L69: =J69 -> 0.012820513 | M69: 0
K70: 2. Functionality can be delivered by built in customization tools or by development (changes are preserved in future upgrades) | L70: =L69*0.5 -> 0.0064102564
K71: 3. Functionality can be delivered by development (BUT changes NOT preserved in future upgrades) or it is not possible to provide this functionality. | L71: 0
A72: F_VW21 | B72: Reporting / Analytics | C72: Eskom requires an analytics / reporting capability i.e., dashboards, reports or views in the "buyer / business portal" | D72: In your technical response select one of the options below to describe how the required functionality could be delivered, and indicate via screenshots and / or indicate the relevant modules required to provide the functionality: 1. Standard functionality or deliver by configuration 2. Deliver by built in customization tools or deliver by development (changes are preserved in future upgrades) 3. Deliver by development (BUT changes NOT preserved in future upgrades) or not possible | H72: Important | I72: =IF(H72='Response Guidlines'!$D$81,'Response Guidlines'!$C$81, IF(H72='Response Guidlines'!$D$82,'Response Guidlines'!$C$82,IF(H72='Response Guidlines'!$D$83,'Response Guidlines'!$C$83,IF(H72='Response Guidlines'!$D$84,'Response Guidlines'!$C$84,IF(H72='Response Guidlines'!$D$85,'Response Guidlines'!$C$85,IF(H72='Response Guidlines'!$D$86,'Response Guidlines'!$C$86,IF(H72='Response Guidlines'!$D$87,'Response Guidlines'!$C$87,"No Rating"))))))) -> 3 | J72: =(I72/$I$78)/_xlfn.XLOOKUP('Scoring Summary'!$D$19,'Response Guidlines'!$D$92:$D$191,'Response Guidlines'!$C$92:$C$191,"",0,1) -> 0.0076923077 | K72: 1. Standard functionality or can be delivered by configuration. | L72: =J72 -> 0.0076923077 | M72: 0
K73: 2. Functionality can be delivered by built in customization tools or by development (changes are preserved in future upgrades) | L73: =L72*0.5 -> 0.0038461538
K74: 3. Functionality can be delivered by development (BUT changes NOT preserved in future upgrades) or it is not possible to provide this functionality. | L74: 0
A75: F_VW22 | B75: Reporting / Analytics | C75: Eskom requires “near” real-time analytics / reports in the "buyer / business portal" - Access to fresh data and fast queries for faster decision-making, automated intelligence and time-sensitive interventions. - Minimum 24 hrs. | D75: In your technical response select one of the options below to describe how the required functionality could be delivered, and indicate via screenshots and / or indicate the relevant modules required to provide the functionality: 1. Standard functionality or deliver by configuration 2. Deliver by built in customization tools or deliver by development (changes are preserved in future upgrades) 3. Deliver by development (BUT changes NOT preserved in future upgrades) or not possible | H75: Important | I75: =IF(H75='Response Guidlines'!$D$81,'Response Guidlines'!$C$81, IF(H75='Response Guidlines'!$D$82,'Response Guidlines'!$C$82,IF(H75='Response Guidlines'!$D$83,'Response Guidlines'!$C$83,IF(H75='Response Guidlines'!$D$84,'Response Guidlines'!$C$84,IF(H75='Response Guidlines'!$D$85,'Response Guidlines'!$C$85,IF(H75='Response Guidlines'!$D$86,'Response Guidlines'!$C$86,IF(H75='Response Guidlines'!$D$87,'Response Guidlines'!$C$87,"No Rating"))))))) -> 3 | J75: =(I75/$I$78)/_xlfn.XLOOKUP('Scoring Summary'!$D$19,'Response Guidlines'!$D$92:$D$191,'Response Guidlines'!$C$92:$C$191,"",0,1) -> 0.0076923077 | K75: 1. Standard functionality or can be delivered by configuration. | L75: =J75 -> 0.0076923077 | M75: 0
K76: 2. Functionality can be delivered by built in customization tools or by development (changes are preserved in future upgrades) | L76: =L75*0.5 -> 0.0038461538
K77: 3. Functionality can be delivered by development (BUT changes NOT preserved in future upgrades) or it is not possible to provide this functionality. | L77: 0
C78: Total | I78: =SUM(I12:I77) -> 78 | J78: =SUM(J12:J77) -> 0.2 | K78: Final Score | M78: =SUM(M12:M77) -> 0

Sheet Functional - VW - BK
C2: Tender Number: | D2: ='Scoring Summary'!C2 -> <insert before tender publication> | F2: Eskom Group IT: Technical Evaluation Criteria
C3: Transaction Description: | D3: ='Scoring Summary'!C3 -> IT00641 Dx Commercial Energy Trader (Dx CET) | F3: Category: | G3: Functional Virtual Wheeling
C4: Technical Threshold: | D4: ='Scoring Summary'!C4 -> 0.7
C5: Tenderer Registered Name: | D5: ='Scoring Summary'!C5 -> <Evaluator to complete>
C6: Evaluator Name and Surname: | D6: ='Scoring Summary'!C6 -> <Evaluator to complete>
C7: Date of Evaluation | D7: ='Scoring Summary'!C7 -> <Evaluator to complete>
C8: Evaluator Signature
A15: Item # | B15: Technical Requirements | E15: Vendor Responses | J15: Evaluator Scores
B16: Business requirement group | C16: Business requirements | D16: Mandatory Returnables - Evidence below to be provided in the technical file and numbered to align with each criteria question. | E16: Vendor Response: Select from drop down list | F16: Vendor Evidence: Location of Supporting Document/Info (state the file number, section & page number) | G16: Vendor Comments: Vendor to inidcate any comments for information/clarification. (Not for scoring purposes) | H16: Priority Description | I16: Priority | J16: Weight / Max score | K16: Scoring guideline | L16: Selection Options | M16: Evaluators Response | N16: Evaluator comments
A17: F_VW1 | B17: Consolidated wheeling data environment | C17: Eskom requires a "consolidated wheeling data environment" to be able to source (XYZ contains / store) data for energy wheeling calculations / reporting: 1. Interval meter read data (Generators, Eskom customers and customer behind municipal boundaries) 2. Basic customer information from the billing system (Persons, Accounts, Service agreements and Premises, Detailed bill line items, Business areas (Clusters, Operating Units etc. for both retail and wires perspectives). 3. Energy wheeling configuration (Contracted energy wheeling configuration and history) XYZ Additional info for cust beyond munic boundaries (munic connected points) e.g. mtr, address, cust person info... | D17: In your technical response select one of the options below to describe how the required functionality could be delivered, and indicate via screenshots and / or indicate the relevant modules required to provide the functionality: 5. Standard functionality 4. Deliver by configuration 3. Deliver by built in customization tools 2. Deliver by development (changes are preserved in future upgrades) 1. Deliver by development (BUT changes NOT preserved in future upgrades) 0. Not Possible | F17: <Example for how to complete this whole column: Technical File, section 5 (company backgroun section), page 11> | H17: Very important | I17: =IF(H17='Response Guidlines'!$D$81,'Response Guidlines'!$C$81, IF(H17='Response Guidlines'!$D$82,'Response Guidlines'!$C$82,IF(H17='Response Guidlines'!$D$83,'Response Guidlines'!$C$83,IF(H17='Response Guidlines'!$D$84,'Response Guidlines'!$C$84,IF(H17='Response Guidlines'!$D$85,'Response Guidlines'!$C$85,IF(H17='Response Guidlines'!$D$86,'Response Guidlines'!$C$86,IF(H17='Response Guidlines'!$D$87,'Response Guidlines'!$C$87,"No Rating"))))))) -> 4 | J17: =(I17/$I$192)/_xlfn.XLOOKUP('Scoring Summary'!$D$19,'Response Guidlines'!$D$92:$D$191,'Response Guidlines'!$C$92:$C$191,"",0,1) -> 0.0057142857 | K17: Standard functionality or can be delivered by configuration. | L17: =J17 -> 0.0057142857
L18: =L17*0.75 -> 0.0042857143
K19: Functionality can be delivered by built in customization tools or can be delivered by development with changes preserved in future upgrades. | L19: =L17*0.5 -> 0.0028571429
L20: =L17*0.25 -> 0.0014285714
K21: Functionality can be delivered by development but changes are not preserved in future upgrades or it is not possible to provide this functionality. | L21: 0
A22: F_VW2 | B22: Consolidated wheeling data environment | C22: Eskom requires the "consolidated wheeling data environment" to be able to calculate wheeled energy refunds / credits: - Ability to calculate wheeled energy allocations and refunds / credits for configured qualifying customer premises (or municipal customers) using available interval meter read data. - Ability to calculate consolidated wheeled energy allocations and refunds / credits for a large customer with many customer premises i.e., single refund / credit for all customer premises. | D22: In your technical response select one of the options below to describe how the required functionality could be delivered, and indicate via screenshots and / or indicate the relevant modules required to provide the functionality: 5. Standard functionality 4. Deliver by configuration 3. Deliver by built in customization tools 2. Deliver by development (changes are preserved in future upgrades) 1. Deliver by development (BUT changes NOT preserved in future upgrades) 0. Not Possible | H22: Very important | I22: =IF(H22='Response Guidlines'!$D$81,'Response Guidlines'!$C$81, IF(H22='Response Guidlines'!$D$82,'Response Guidlines'!$C$82,IF(H22='Response Guidlines'!$D$83,'Response Guidlines'!$C$83,IF(H22='Response Guidlines'!$D$84,'Response Guidlines'!$C$84,IF(H22='Response Guidlines'!$D$85,'Response Guidlines'!$C$85,IF(H22='Response Guidlines'!$D$86,'Response Guidlines'!$C$86,IF(H22='Response Guidlines'!$D$87,'Response Guidlines'!$C$87,"No Rating"))))))) -> 4 | J22: =(I22/$I$192)/_xlfn.XLOOKUP('Scoring Summary'!$D$19,'Response Guidlines'!$D$92:$D$191,'Response Guidlines'!$C$92:$C$191,"",0,1) -> 0.0057142857 | K22: Standard functionality or can be delivered by configuration. | L22: =J22 -> 0.0057142857
L23: =L22*0.75 -> 0.0042857143
K24: Functionality can be delivered by built in customization tools or can be delivered by development with changes preserved in future upgrades. | L24: =L22*0.5 -> 0.0028571429
L25: =L22*0.25 -> 0.0014285714
K26: Functionality can be delivered by development but changes are not preserved in future upgrades or it is not possible to provide this functionality. | L26: 0
A27: F_VW3 | B27: Consolidated wheeling data environment | C27: Eskom requires the "consolidated wheeling data environment" to transfer wheeled energy refunds / credits to the billing system for further processing. | D27: In your technical response select one of the options below to describe how the required functionality could be delivered, and indicate via screenshots and / or indicate the relevant modules required to provide the functionality: 5. Standard functionality 4. Deliver by configuration 3. Deliver by built in customization tools 2. Deliver by development (changes are preserved in future upgrades) 1. Deliver by development (BUT changes NOT preserved in future upgrades) 0. Not Possible | H27: Very important | I27: =IF(H27='Response Guidlines'!$D$81,'Response Guidlines'!$C$81, IF(H27='Response Guidlines'!$D$82,'Response Guidlines'!$C$82,IF(H27='Response Guidlines'!$D$83,'Response Guidlines'!$C$83,IF(H27='Response Guidlines'!$D$84,'Response Guidlines'!$C$84,IF(H27='Response Guidlines'!$D$85,'Response Guidlines'!$C$85,IF(H27='Response Guidlines'!$D$86,'Response Guidlines'!$C$86,IF(H27='Response Guidlines'!$D$87,'Response Guidlines'!$C$87,"No Rating"))))))) -> 4 | J27: =(I27/$I$192)/_xlfn.XLOOKUP('Scoring Summary'!$D$19,'Response Guidlines'!$D$92:$D$191,'Response Guidlines'!$C$92:$C$191,"",0,1) -> 0.0057142857 | K27: Standard functionality or can be delivered by configuration. | L27: =J27 -> 0.0057142857 | N27: JB: Not needed here… just integration stuff?? Out…
L28: =L27*0.75 -> 0.0042857143
K29: Functionality can be delivered by built in customization tools or can be delivered by development with changes preserved in future upgrades. | L29: =L27*0.5 -> 0.0028571429
L30: =L27*0.25 -> 0.0014285714
K31: Functionality can be delivered by development but changes are not preserved in future upgrades or it is not possible to provide this functionality. | L31: 0
A32: F_VW4 | B32: Consolidated wheeling data environment | C32: Eskom requires the "consolidated wheeling data environment" to transfer energy wheeling configuration (or configuration changes) to the billing system. | D32: In your technical response select one of the options below to describe how the required functionality could be delivered, and indicate via screenshots and / or indicate the relevant modules required to provide the functionality: 5. Standard functionality 4. Deliver by configuration 3. Deliver by built in customization tools 2. Deliver by development (changes are preserved in future upgrades) 1. Deliver by development (BUT changes NOT preserved in future upgrades) 0. Not Possible | H32: Very important | I32: =IF(H32='Response Guidlines'!$D$81,'Response Guidlines'!$C$81, IF(H32='Response Guidlines'!$D$82,'Response Guidlines'!$C$82,IF(H32='Response Guidlines'!$D$83,'Response Guidlines'!$C$83,IF(H32='Response Guidlines'!$D$84,'Response Guidlines'!$C$84,IF(H32='Response Guidlines'!$D$85,'Response Guidlines'!$C$85,IF(H32='Response Guidlines'!$D$86,'Response Guidlines'!$C$86,IF(H32='Response Guidlines'!$D$87,'Response Guidlines'!$C$87,"No Rating"))))))) -> 4 | J32: =(I32/$I$192)/_xlfn.XLOOKUP('Scoring Summary'!$D$19,'Response Guidlines'!$D$92:$D$191,'Response Guidlines'!$C$92:$C$191,"",0,1) -> 0.0057142857 | K32: Standard functionality or can be delivered by configuration. | L32: =J32 -> 0.0057142857 | N32: JB: Not needed here… just integration stuff??
L33: =L32*0.75 -> 0.0042857143
K34: Functionality can be delivered by built in customization tools or can be delivered by development with changes preserved in future upgrades. | L34: =L32*0.5 -> 0.0028571429
L35: =L32*0.25 -> 0.0014285714
K36: Functionality can be delivered by development but changes are not preserved in future upgrades or it is not possible to provide this functionality. | L36: 0
A37: F_VW5 | B37: Consolidated wheeling data environment | C37: Eskom requires the "consolidated wheeling data environment" to be able to receive and process information from other data aggregators / platforms: - Ability to received and process information from other data aggregators e.g., large customers or market traders. | D37: In your technical response select one of the options below to describe how the required functionality could be delivered, and indicate via screenshots and / or indicate the relevant modules required to provide the functionality: 5. Standard functionality 4. Deliver by configuration 3. Deliver by built in customization tools 2. Deliver by development (changes are preserved in future upgrades) 1. Deliver by development (BUT changes NOT preserved in future upgrades) 0. Not Possible | H37: Very important | I37: =IF(H37='Response Guidlines'!$D$81,'Response Guidlines'!$C$81, IF(H37='Response Guidlines'!$D$82,'Response Guidlines'!$C$82,IF(H37='Response Guidlines'!$D$83,'Response Guidlines'!$C$83,IF(H37='Response Guidlines'!$D$84,'Response Guidlines'!$C$84,IF(H37='Response Guidlines'!$D$85,'Response Guidlines'!$C$85,IF(H37='Response Guidlines'!$D$86,'Response Guidlines'!$C$86,IF(H37='Response Guidlines'!$D$87,'Response Guidlines'!$C$87,"No Rating"))))))) -> 4 | J37: =(I37/$I$192)/_xlfn.XLOOKUP('Scoring Summary'!$D$19,'Response Guidlines'!$D$92:$D$191,'Response Guidlines'!$C$92:$C$191,"",0,1) -> 0.0057142857 | K37: Standard functionality or can be delivered by configuration. | L37: =J37 -> 0.0057142857
L38: =L37*0.75 -> 0.0042857143
K39: Functionality can be delivered by built in customization tools or can be delivered by development with changes preserved in future upgrades. | L39: =L37*0.5 -> 0.0028571429
L40: =L37*0.25 -> 0.0014285714
K41: Functionality can be delivered by development but changes are not preserved in future upgrades or it is not possible to provide this functionality. | L41: 0
A42: F_VW6 | B42: Buyer / business wheeling portal | C42: Eskom requires a buyer / business wheeling portal. (XYZ Portal… web…) - Buyer / business wheeling portal to use data from the “consolidated wheeling data environment”. | D42: In your technical response select one of the options below to describe how the required functionality could be delivered, and indicate via screenshots and / or indicate the relevant modules required to provide the functionality: 5. Standard functionality 4. Deliver by configuration 3. Deliver by built in customization tools 2. Deliver by development (changes are preserved in future upgrades) 1. Deliver by development (BUT changes NOT preserved in future upgrades) 0. Not Possible | H42: Very important | I42: =IF(H42='Response Guidlines'!$D$81,'Response Guidlines'!$C$81, IF(H42='Response Guidlines'!$D$82,'Response Guidlines'!$C$82,IF(H42='Response Guidlines'!$D$83,'Response Guidlines'!$C$83,IF(H42='Response Guidlines'!$D$84,'Response Guidlines'!$C$84,IF(H42='Response Guidlines'!$D$85,'Response Guidlines'!$C$85,IF(H42='Response Guidlines'!$D$86,'Response Guidlines'!$C$86,IF(H42='Response Guidlines'!$D$87,'Response Guidlines'!$C$87,"No Rating"))))))) -> 4 | J42: =(I42/$I$192)/_xlfn.XLOOKUP('Scoring Summary'!$D$19,'Response Guidlines'!$D$92:$D$191,'Response Guidlines'!$C$92:$C$191,"",0,1) -> 0.0057142857 | K42: Standard functionality or can be delivered by configuration. | L42: =J42 -> 0.0057142857
L43: =L42*0.75 -> 0.0042857143
K44: Functionality can be delivered by built in customization tools or can be delivered by development with changes preserved in future upgrades. | L44: =L42*0.5 -> 0.0028571429
L45: =L42*0.25 -> 0.0014285714
K46: Functionality can be delivered by development but changes are not preserved in future upgrades or it is not possible to provide this functionality. | L46: 0
A47: F_VW7 | B47: Buyer / business wheeling portal | C47: Eskom requires a buyer / business wheeling portal landing page that minimally should: 1. For buyers: starting point or filter → customer, premise (or municipal customers), account, generator or group of customers (for traders or corporate entities) - Basic customer information - Customer energy wheeling configuration o E.g., generators and customer premise allocation % - Summary of bills, energy wheeled, energy offset (credited), energy bought by Eskom etc. o Current month detail o Recent trends → for the past year - Contact information for any customer billing queries etc. 2. Eskom starting point or filter → customer, premise (or municipal customers), account, generator or business area: - High-level summary of number of accounts, number of customer premises, bills, energy wheeled, energy offset (credited), energy bought by Eskom etc. o Current month detail o Recent trends → for the past year | D47: In your technical response select one of the options below to describe how the required functionality could be delivered, and indicate via screenshots and / or indicate the relevant modules required to provide the functionality: 5. Standard functionality 4. Deliver by configuration 3. Deliver by built in customization tools 2. Deliver by development (changes are preserved in future upgrades) 1. Deliver by development (BUT changes NOT preserved in future upgrades) 0. Not Possible | H47: Very important | I47: =IF(H47='Response Guidlines'!$D$81,'Response Guidlines'!$C$81, IF(H47='Response Guidlines'!$D$82,'Response Guidlines'!$C$82,IF(H47='Response Guidlines'!$D$83,'Response Guidlines'!$C$83,IF(H47='Response Guidlines'!$D$84,'Response Guidlines'!$C$84,IF(H47='Response Guidlines'!$D$85,'Response Guidlines'!$C$85,IF(H47='Response Guidlines'!$D$86,'Response Guidlines'!$C$86,IF(H47='Response Guidlines'!$D$87,'Response Guidlines'!$C$87,"No Rating"))))))) -> 4 | J47: =(I47/$I$192)/_xlfn.XLOOKUP('Scoring Summary'!$D$19,'Response Guidlines'!$D$92:$D$191,'Response Guidlines'!$C$92:$C$191,"",0,1) -> 0.0057142857 | K47: Standard functionality or can be delivered by configuration. | L47: =J47 -> 0.0057142857 | N47: JB - don't include - part of detailed scope.
L48: =L47*0.75 -> 0.0042857143
K49: Functionality can be delivered by built in customization tools or can be delivered by development with changes preserved in future upgrades. | L49: =L47*0.5 -> 0.0028571429
L50: =L47*0.25 -> 0.0014285714
K51: Functionality can be delivered by development but changes are not preserved in future upgrades or it is not possible to provide this functionality. | L51: 0
A52: F_VW8 | B52: Buyer / business wheeling portal | C52: Eskom requires the "buyer / business wheeling portal" to be able to register users: - Registration / access to the buyer / business wheeling portal to be granted by Eskom. | D52: In your technical response select one of the options below to describe how the required functionality could be delivered, and indicate via screenshots and / or indicate the relevant modules required to provide the functionality: 5. Standard functionality 4. Deliver by configuration 3. Deliver by built in customization tools 2. Deliver by development (changes are preserved in future upgrades) 1. Deliver by development (BUT changes NOT preserved in future upgrades) 0. Not Possible | H52: Very important | I52: =IF(H52='Response Guidlines'!$D$81,'Response Guidlines'!$C$81, IF(H52='Response Guidlines'!$D$82,'Response Guidlines'!$C$82,IF(H52='Response Guidlines'!$D$83,'Response Guidlines'!$C$83,IF(H52='Response Guidlines'!$D$84,'Response Guidlines'!$C$84,IF(H52='Response Guidlines'!$D$85,'Response Guidlines'!$C$85,IF(H52='Response Guidlines'!$D$86,'Response Guidlines'!$C$86,IF(H52='Response Guidlines'!$D$87,'Response Guidlines'!$C$87,"No Rating"))))))) -> 4 | J52: =(I52/$I$192)/_xlfn.XLOOKUP('Scoring Summary'!$D$19,'Response Guidlines'!$D$92:$D$191,'Response Guidlines'!$C$92:$C$191,"",0,1) -> 0.0057142857 | K52: Standard functionality or can be delivered by configuration. | L52: =J52 -> 0.0057142857 | N52: JB - don't include - part of detailed scope.
L53: =L52*0.75 -> 0.0042857143
K54: Functionality can be delivered by built in customization tools or can be delivered by development with changes preserved in future upgrades. | L54: =L52*0.5 -> 0.0028571429
L55: =L52*0.25 -> 0.0014285714
K56: Functionality can be delivered by development but changes are not preserved in future upgrades or it is not possible to provide this functionality. | L56: 0
A57: F_VW9 | B57: Buyer / business wheeling portal | C57: Eskom requires the "buyer / business wheeling portal" to provide access control for buyers and Eskom users: - Ability to create users for buyers and Eskom users. - Ability to create user profiles e.g., o View relevant allocated buyer and energy information. o Edit relevant energy wheeling configuration parameters. o Upload relevant buyer interval meter read data. o Create / apply energy wheeling configurations. o View relevant dashboards, views or reports. o Etc. - Ability to apply user profiles to users. Limit access: - Ability to grant a buyer access to only buyer’s own data and energy wheeling configuration. - Ability to grant Eskom users access to a selection of customer accounts by ring-fencing individual based on: o A selection of accounts e.g., for a customer executive o Accounts in a certain business area e.g., per OU o Etc. | D57: In your technical response select one of the options below to describe how the required functionality could be delivered, and indicate via screenshots and / or indicate the relevant modules required to provide the functionality: 5. Standard functionality 4. Deliver by configuration 3. Deliver by built in customization tools 2. Deliver by development (changes are preserved in future upgrades) 1. Deliver by development (BUT changes NOT preserved in future upgrades) 0. Not Possible | H57: Very important | I57: =IF(H57='Response Guidlines'!$D$81,'Response Guidlines'!$C$81, IF(H57='Response Guidlines'!$D$82,'Response Guidlines'!$C$82,IF(H57='Response Guidlines'!$D$83,'Response Guidlines'!$C$83,IF(H57='Response Guidlines'!$D$84,'Response Guidlines'!$C$84,IF(H57='Response Guidlines'!$D$85,'Response Guidlines'!$C$85,IF(H57='Response Guidlines'!$D$86,'Response Guidlines'!$C$86,IF(H57='Response Guidlines'!$D$87,'Response Guidlines'!$C$87,"No Rating"))))))) -> 4 | J57: =(I57/$I$192)/_xlfn.XLOOKUP('Scoring Summary'!$D$19,'Response Guidlines'!$D$92:$D$191,'Response Guidlines'!$C$92:$C$191,"",0,1) -> 0.0057142857 | K57: Standard functionality or can be delivered by configuration. | L57: =J57 -> 0.0057142857 | N57: JB - Prob split…
L58: =L57*0.75 -> 0.0042857143
K59: Functionality can be delivered by built in customization tools or can be delivered by development with changes preserved in future upgrades. | L59: =L57*0.5 -> 0.0028571429
L60: =L57*0.25 -> 0.0014285714
K61: Functionality can be delivered by development but changes are not preserved in future upgrades or it is not possible to provide this functionality. | L61: 0
A62: F_VW10 | B62: Buyer / business wheeling portal | C62: Eskom requires the "buyer / business wheeling portal" to be able to allow buyers to provide third party access to their own data: - Allow buyers to provide access to their own data to a limited number of third parties e.g., trusted partner or vendor. | D62: In your technical response select one of the options below to describe how the required functionality could be delivered, and indicate via screenshots and / or indicate the relevant modules required to provide the functionality: 5. Standard functionality 4. Deliver by configuration 3. Deliver by built in customization tools 2. Deliver by development (changes are preserved in future upgrades) 1. Deliver by development (BUT changes NOT preserved in future upgrades) 0. Not Possible | H62: Very important | I62: =IF(H62='Response Guidlines'!$D$81,'Response Guidlines'!$C$81, IF(H62='Response Guidlines'!$D$82,'Response Guidlines'!$C$82,IF(H62='Response Guidlines'!$D$83,'Response Guidlines'!$C$83,IF(H62='Response Guidlines'!$D$84,'Response Guidlines'!$C$84,IF(H62='Response Guidlines'!$D$85,'Response Guidlines'!$C$85,IF(H62='Response Guidlines'!$D$86,'Response Guidlines'!$C$86,IF(H62='Response Guidlines'!$D$87,'Response Guidlines'!$C$87,"No Rating"))))))) -> 4 | J62: =(I62/$I$192)/_xlfn.XLOOKUP('Scoring Summary'!$D$19,'Response Guidlines'!$D$92:$D$191,'Response Guidlines'!$C$92:$C$191,"",0,1) -> 0.0057142857 | K62: Standard functionality or can be delivered by configuration. | L62: =J62 -> 0.0057142857 | N62: Remove this requirement entirely. Replace with more than one registered users per buyer… Eskom to provide maximum registered users.
L63: =L62*0.75 -> 0.0042857143
K64: Functionality can be delivered by built in customization tools or can be delivered by development with changes preserved in future upgrades. | L64: =L62*0.5 -> 0.0028571429
L65: =L62*0.25 -> 0.0014285714
K66: Functionality can be delivered by development but changes are not preserved in future upgrades or it is not possible to provide this functionality. | L66: 0
A67: F_VW11 | B67: Buyer / business wheeling portal | C67: Eskom requires the "buyer / business wheeling portal" to be able to create / apply energy wheeling configuration: o Ability to create / apply energy wheeling configurations. o Provide a simple association / link between generators and off takers e.g., via accounts, service agreements, premises or meters. o An energy wheeling configuration should minimally have: - Association / link between generators and off takers e.g., via accounts, service agreements, premises or meters - Association / link between consolidated accounts for buyers (corporate entities or traders) and their load accounts - Wheeling allocation option - percentage / amount of wheeled energy allocation per generator / off taker - Financial refund / credit option (XYZ define) | D67: In your technical response select one of the options below to describe how the required functionality could be delivered, and indicate via screenshots and / or indicate the relevant modules required to provide the functionality: 5. Standard functionality 4. Deliver by configuration 3. Deliver by built in customization tools 2. Deliver by development (changes are preserved in future upgrades) 1. Deliver by development (BUT changes NOT preserved in future upgrades) 0. Not Possible | H67: Very important | I67: =IF(H67='Response Guidlines'!$D$81,'Response Guidlines'!$C$81, IF(H67='Response Guidlines'!$D$82,'Response Guidlines'!$C$82,IF(H67='Response Guidlines'!$D$83,'Response Guidlines'!$C$83,IF(H67='Response Guidlines'!$D$84,'Response Guidlines'!$C$84,IF(H67='Response Guidlines'!$D$85,'Response Guidlines'!$C$85,IF(H67='Response Guidlines'!$D$86,'Response Guidlines'!$C$86,IF(H67='Response Guidlines'!$D$87,'Response Guidlines'!$C$87,"No Rating"))))))) -> 4 | J67: =(I67/$I$192)/_xlfn.XLOOKUP('Scoring Summary'!$D$19,'Response Guidlines'!$D$92:$D$191,'Response Guidlines'!$C$92:$C$191,"",0,1) -> 0.0057142857 | K67: Standard functionality or can be delivered by configuration. | L67: =J67 -> 0.0057142857 | N67: New requirements for virtual wheeling / std offer: Allow buyer to allocate credit / refunds to list of accounts. Allow buyer to submit list of accounts to allocate refunds / credits to. Validation → at submission of accts to alloc credit / refund… Nice to have...
L68: =L67*0.75 -> 0.0042857143
K69: Functionality can be delivered by built in customization tools or can be delivered by development with changes preserved in future upgrades. | L69: =L67*0.5 -> 0.0028571429
L70: =L67*0.25 -> 0.0014285714
K71: Functionality can be delivered by development but changes are not preserved in future upgrades or it is not possible to provide this functionality. | L71: 0
A72: F_VW12 | B72: Buyer / business wheeling portal | C72: Eskom requires the "buyer / business wheeling portal" to be able to create / apply energy wheeling configuration – in bulk / batches: - Ability to create / apply energy wheeling configurations in bulk. Note: - Possibly use a bulk configuration file that can be imported into the buyer / business wheeling portal. | D72: In your technical response select one of the options below to describe how the required functionality could be delivered, and indicate via screenshots and / or indicate the relevant modules required to provide the functionality: 5. Standard functionality 4. Deliver by configuration 3. Deliver by built in customization tools 2. Deliver by development (changes are preserved in future upgrades) 1. Deliver by development (BUT changes NOT preserved in future upgrades) 0. Not Possible | H72: Very important | I72: =IF(H72='Response Guidlines'!$D$81,'Response Guidlines'!$C$81, IF(H72='Response Guidlines'!$D$82,'Response Guidlines'!$C$82,IF(H72='Response Guidlines'!$D$83,'Response Guidlines'!$C$83,IF(H72='Response Guidlines'!$D$84,'Response Guidlines'!$C$84,IF(H72='Response Guidlines'!$D$85,'Response Guidlines'!$C$85,IF(H72='Response Guidlines'!$D$86,'Response Guidlines'!$C$86,IF(H72='Response Guidlines'!$D$87,'Response Guidlines'!$C$87,"No Rating"))))))) -> 4 | J72: =(I72/$I$192)/_xlfn.XLOOKUP('Scoring Summary'!$D$19,'Response Guidlines'!$D$92:$D$191,'Response Guidlines'!$C$92:$C$191,"",0,1) -> 0.0057142857 | K72: Standard functionality or can be delivered by configuration. | L72: =J72 -> 0.0057142857
L73: =L72*0.75 -> 0.0042857143
K74: Functionality can be delivered by built in customization tools or can be delivered by development with changes preserved in future upgrades. | L74: =L72*0.5 -> 0.0028571429
L75: =L72*0.25 -> 0.0014285714
K76: Functionality can be delivered by development but changes are not preserved in future upgrades or it is not possible to provide this functionality. | L76: 0
A77: F_VW13 | B77: Buyer / business wheeling portal | C77: Eskom requires the "buyer / business wheeling portal" to be able to create / apply energy wheeling configuration: For wheeling directly to customers behind municipal boundaries - Ability to create / apply energy wheeling configurations. o Associate these customers with other existing Eskom customers and generators. | D77: In your technical response select one of the options below to describe how the required functionality could be delivered, and indicate via screenshots and / or indicate the relevant modules required to provide the functionality: 5. Standard functionality 4. Deliver by configuration 3. Deliver by built in customization tools 2. Deliver by development (changes are preserved in future upgrades) 1. Deliver by development (BUT changes NOT preserved in future upgrades) 0. Not Possible | H77: Very important | I77: =IF(H77='Response Guidlines'!$D$81,'Response Guidlines'!$C$81, IF(H77='Response Guidlines'!$D$82,'Response Guidlines'!$C$82,IF(H77='Response Guidlines'!$D$83,'Response Guidlines'!$C$83,IF(H77='Response Guidlines'!$D$84,'Response Guidlines'!$C$84,IF(H77='Response Guidlines'!$D$85,'Response Guidlines'!$C$85,IF(H77='Response Guidlines'!$D$86,'Response Guidlines'!$C$86,IF(H77='Response Guidlines'!$D$87,'Response Guidlines'!$C$87,"No Rating"))))))) -> 4 | J77: =(I77/$I$192)/_xlfn.XLOOKUP('Scoring Summary'!$D$19,'Response Guidlines'!$D$92:$D$191,'Response Guidlines'!$C$92:$C$191,"",0,1) -> 0.0057142857 | K77: Standard functionality or can be delivered by configuration. | L77: =J77 -> 0.0057142857 | N77: JB - don't include - repeated requirement for behind munic cust - part of detailed scope.
L78: =L77*0.75 -> 0.0042857143
K79: Functionality can be delivered by built in customization tools or can be delivered by development with changes preserved in future upgrades. | L79: =L77*0.5 -> 0.0028571429
L80: =L77*0.25 -> 0.0014285714
K81: Functionality can be delivered by development but changes are not preserved in future upgrades or it is not possible to provide this functionality. | L81: 0
A82: F_VW14 | B82: Buyer / business wheeling portal | C82: Eskom requires the "buyer / business wheeling portal" to be able to create / apply energy wheeling configuration – in bulk / batches: For wheeling directly to customers behind municipal boundaries 6 - Ability to create / apply energy wheeling configurations in bulk. For example, add customers from behind municipal boundaries to the Eskom internal customers already configured and sourced from the billing system. Note: - Possibly use a bulk configuration file that can be imported into the buyer / business wheeling portal. | D82: In your technical response select one of the options below to describe how the required functionality could be delivered, and indicate via screenshots and / or indicate the relevant modules required to provide the functionality: 5. Standard functionality 4. Deliver by configuration 3. Deliver by built in customization tools 2. Deliver by development (changes are preserved in future upgrades) 1. Deliver by development (BUT changes NOT preserved in future upgrades) 0. Not Possible | H82: Very important | I82: =IF(H82='Response Guidlines'!$D$81,'Response Guidlines'!$C$81, IF(H82='Response Guidlines'!$D$82,'Response Guidlines'!$C$82,IF(H82='Response Guidlines'!$D$83,'Response Guidlines'!$C$83,IF(H82='Response Guidlines'!$D$84,'Response Guidlines'!$C$84,IF(H82='Response Guidlines'!$D$85,'Response Guidlines'!$C$85,IF(H82='Response Guidlines'!$D$86,'Response Guidlines'!$C$86,IF(H82='Response Guidlines'!$D$87,'Response Guidlines'!$C$87,"No Rating"))))))) -> 4 | J82: =(I82/$I$192)/_xlfn.XLOOKUP('Scoring Summary'!$D$19,'Response Guidlines'!$D$92:$D$191,'Response Guidlines'!$C$92:$C$191,"",0,1) -> 0.0057142857 | K82: Standard functionality or can be delivered by configuration. | L82: =J82 -> 0.0057142857 | N82: JB - don't include - repeated requirement for behind munic cust - part of detailed scope.
L83: =L82*0.75 -> 0.0042857143
K84: Functionality can be delivered by built in customization tools or can be delivered by development with changes preserved in future upgrades. | L84: =L82*0.5 -> 0.0028571429
L85: =L82*0.25 -> 0.0014285714
K86: Functionality can be delivered by development but changes are not preserved in future upgrades or it is not possible to provide this functionality. | L86: 0
A87: F_VW15 | B87: Buyer / business wheeling portal | C87: Eskom requires the "buyer / business wheeling portal"to be able to retain energy wheeling configuration history: - Ability to maintain a history of energy wheeling configuration changes e.g., changes to off takers per generator or percentage allocation per off taker | D87: In your technical response select one of the options below to describe how the required functionality could be delivered, and indicate via screenshots and / or indicate the relevant modules required to provide the functionality: 5. Standard functionality 4. Deliver by configuration 3. Deliver by built in customization tools 2. Deliver by development (changes are preserved in future upgrades) 1. Deliver by development (BUT changes NOT preserved in future upgrades) 0. Not Possible | H87: Very important | I87: =IF(H87='Response Guidlines'!$D$81,'Response Guidlines'!$C$81, IF(H87='Response Guidlines'!$D$82,'Response Guidlines'!$C$82,IF(H87='Response Guidlines'!$D$83,'Response Guidlines'!$C$83,IF(H87='Response Guidlines'!$D$84,'Response Guidlines'!$C$84,IF(H87='Response Guidlines'!$D$85,'Response Guidlines'!$C$85,IF(H87='Response Guidlines'!$D$86,'Response Guidlines'!$C$86,IF(H87='Response Guidlines'!$D$87,'Response Guidlines'!$C$87,"No Rating"))))))) -> 4 | J87: =(I87/$I$192)/_xlfn.XLOOKUP('Scoring Summary'!$D$19,'Response Guidlines'!$D$92:$D$191,'Response Guidlines'!$C$92:$C$191,"",0,1) -> 0.0057142857 | K87: Standard functionality or can be delivered by configuration. | L87: =J87 -> 0.0057142857 | N87: Min 5 years → Audit perspective
L88: =L87*0.75 -> 0.0042857143
K89: Functionality can be delivered by built in customization tools or can be delivered by development with changes preserved in future upgrades. | L89: =L87*0.5 -> 0.0028571429
L90: =L87*0.25 -> 0.0014285714
K91: Functionality can be delivered by development but changes are not preserved in future upgrades or it is not possible to provide this functionality. | L91: 0
A92: F_VW16 | B92: Buyer / business wheeling portal | C92: Eskom requires the "buyer / business wheeling portal" to allow buyer submission of interval meter read data: For wheeling directly to customers behind municipal boundaries 7 - Ability to accept and process buyer submission of interval meter read data for customers behind municipal boundaries. - Ability to upload interval meter read data in bulk for multiple buyers. - Where possible, provide automated acquisition of interval meter read data. - Ability for buyer to delete erroneous interval meter read data. X Remove and resubmit. Instead say... update data submitted... - Include a legal / notice re interval meter read data submission impact and liability. ...XYZ disclaimer... - Ability to verify interval data received. o Ability for Eskom staff to reject buyer submitted data and provide reasons for rejection. Note: - Group IT to advise re limitations on volumes of data and format. | D92: In your technical response select one of the options below to describe how the required functionality could be delivered, and indicate via screenshots and / or indicate the relevant modules required to provide the functionality: 5. Standard functionality 4. Deliver by configuration 3. Deliver by built in customization tools 2. Deliver by development (changes are preserved in future upgrades) 1. Deliver by development (BUT changes NOT preserved in future upgrades) 0. Not Possible | H92: Very important | I92: =IF(H92='Response Guidlines'!$D$81,'Response Guidlines'!$C$81, IF(H92='Response Guidlines'!$D$82,'Response Guidlines'!$C$82,IF(H92='Response Guidlines'!$D$83,'Response Guidlines'!$C$83,IF(H92='Response Guidlines'!$D$84,'Response Guidlines'!$C$84,IF(H92='Response Guidlines'!$D$85,'Response Guidlines'!$C$85,IF(H92='Response Guidlines'!$D$86,'Response Guidlines'!$C$86,IF(H92='Response Guidlines'!$D$87,'Response Guidlines'!$C$87,"No Rating"))))))) -> 4 | J92: =(I92/$I$192)/_xlfn.XLOOKUP('Scoring Summary'!$D$19,'Response Guidlines'!$D$92:$D$191,'Response Guidlines'!$C$92:$C$191,"",0,1) -> 0.0057142857 | K92: Standard functionality or can be delivered by configuration. | L92: =J92 -> 0.0057142857 | N92: ?? Split??
L93: =L92*0.75 -> 0.0042857143
K94: Functionality can be delivered by built in customization tools or can be delivered by development with changes preserved in future upgrades. | L94: =L92*0.5 -> 0.0028571429
L95: =L92*0.25 -> 0.0014285714
K96: Functionality can be delivered by development but changes are not preserved in future upgrades or it is not possible to provide this functionality. | L96: 0
A97: F_VW17 | B97: Buyer / business wheeling portal | C97: Eskom requires the "buyer / business wheeling portal" to allow buyer submission of energy wheeling allocation parameters: - Ability for buyers to configure the percentage / amount of wheeled energy allocation per generator and customer premises. - Include notification for buyer to confirm changes to the energy wheeling configuration, which is essentially a change to the customer contract with Eskom. - Ability for Eskom staff to approve changes to the wheeling configuration. | D97: In your technical response select one of the options below to describe how the required functionality could be delivered, and indicate via screenshots and / or indicate the relevant modules required to provide the functionality: 5. Standard functionality 4. Deliver by configuration 3. Deliver by built in customization tools 2. Deliver by development (changes are preserved in future upgrades) 1. Deliver by development (BUT changes NOT preserved in future upgrades) 0. Not Possible | H97: Very important | I97: =IF(H97='Response Guidlines'!$D$81,'Response Guidlines'!$C$81, IF(H97='Response Guidlines'!$D$82,'Response Guidlines'!$C$82,IF(H97='Response Guidlines'!$D$83,'Response Guidlines'!$C$83,IF(H97='Response Guidlines'!$D$84,'Response Guidlines'!$C$84,IF(H97='Response Guidlines'!$D$85,'Response Guidlines'!$C$85,IF(H97='Response Guidlines'!$D$86,'Response Guidlines'!$C$86,IF(H97='Response Guidlines'!$D$87,'Response Guidlines'!$C$87,"No Rating"))))))) -> 4 | J97: =(I97/$I$192)/_xlfn.XLOOKUP('Scoring Summary'!$D$19,'Response Guidlines'!$D$92:$D$191,'Response Guidlines'!$C$92:$C$191,"",0,1) -> 0.0057142857 | K97: Standard functionality or can be delivered by configuration. | L97: =J97 -> 0.0057142857 | N97: As per business rules..
L98: =L97*0.75 -> 0.0042857143
K99: Functionality can be delivered by built in customization tools or can be delivered by development with changes preserved in future upgrades. | L99: =L97*0.5 -> 0.0028571429
L100: =L97*0.25 -> 0.0014285714
K101: Functionality can be delivered by development but changes are not preserved in future upgrades or it is not possible to provide this functionality. | L101: 0
A102: F_VW18 | B102: Buyer / business wheeling portal | C102: Eskom requires the "buyer / business wheeling portal" to enforce buyer information submission “hard cut-off dates”: - Ability to enforce hard cut-off dates by which: o Buyers are expected to change energy wheeling allocation parameters. o Customers behind municipal boundaries are expected to upload relevant interval meter read data. Note: - Hard cut-off date → date when reconciliation of accounts will be started. | D102: In your technical response select one of the options below to describe how the required functionality could be delivered, and indicate via screenshots and / or indicate the relevant modules required to provide the functionality: 5. Standard functionality 4. Deliver by configuration 3. Deliver by built in customization tools 2. Deliver by development (changes are preserved in future upgrades) 1. Deliver by development (BUT changes NOT preserved in future upgrades) 0. Not Possible | H102: Very important | I102: =IF(H102='Response Guidlines'!$D$81,'Response Guidlines'!$C$81, IF(H102='Response Guidlines'!$D$82,'Response Guidlines'!$C$82,IF(H102='Response Guidlines'!$D$83,'Response Guidlines'!$C$83,IF(H102='Response Guidlines'!$D$84,'Response Guidlines'!$C$84,IF(H102='Response Guidlines'!$D$85,'Response Guidlines'!$C$85,IF(H102='Response Guidlines'!$D$86,'Response Guidlines'!$C$86,IF(H102='Response Guidlines'!$D$87,'Response Guidlines'!$C$87,"No Rating"))))))) -> 4 | J102: =(I102/$I$192)/_xlfn.XLOOKUP('Scoring Summary'!$D$19,'Response Guidlines'!$D$92:$D$191,'Response Guidlines'!$C$92:$C$191,"",0,1) -> 0.0057142857 | K102: Standard functionality or can be delivered by configuration. | L102: =J102 -> 0.0057142857
L103: =L102*0.75 -> 0.0042857143
K104: Functionality can be delivered by built in customization tools or can be delivered by development with changes preserved in future upgrades. | L104: =L102*0.5 -> 0.0028571429
L105: =L102*0.25 -> 0.0014285714
K106: Functionality can be delivered by development but changes are not preserved in future upgrades or it is not possible to provide this functionality. | L106: 0
A107: F_VW19 | B107: Buyer / business wheeling portal | C107: Eskom requires the "buyer / business wheeling portal" to be able to enable buyer customer-interaction: - Provide links to established channels, e.g., call centres etc. for customer-interaction. | D107: In your technical response select one of the options below to describe how the required functionality could be delivered, and indicate via screenshots and / or indicate the relevant modules required to provide the functionality: 5. Standard functionality 4. Deliver by configuration 3. Deliver by built in customization tools 2. Deliver by development (changes are preserved in future upgrades) 1. Deliver by development (BUT changes NOT preserved in future upgrades) 0. Not Possible | H107: Very important | I107: =IF(H107='Response Guidlines'!$D$81,'Response Guidlines'!$C$81, IF(H107='Response Guidlines'!$D$82,'Response Guidlines'!$C$82,IF(H107='Response Guidlines'!$D$83,'Response Guidlines'!$C$83,IF(H107='Response Guidlines'!$D$84,'Response Guidlines'!$C$84,IF(H107='Response Guidlines'!$D$85,'Response Guidlines'!$C$85,IF(H107='Response Guidlines'!$D$86,'Response Guidlines'!$C$86,IF(H107='Response Guidlines'!$D$87,'Response Guidlines'!$C$87,"No Rating"))))))) -> 4 | J107: =(I107/$I$192)/_xlfn.XLOOKUP('Scoring Summary'!$D$19,'Response Guidlines'!$D$92:$D$191,'Response Guidlines'!$C$92:$C$191,"",0,1) -> 0.0057142857 | K107: Standard functionality or can be delivered by configuration. | L107: =J107 -> 0.0057142857 | N107: JB - don't include - part of detailed scope. How to contact us… clientoffice@eskom.co.za
...

Sheet Functional - CET
C2: Tender Number: | D2: ='Scoring Summary'!C2 -> <insert before tender publication> | G2: Eskom Group IT: Technical Evaluation Criteria
C3: Transaction Description: | D3: ='Scoring Summary'!C3 -> IT00641 Dx Commercial Energy Trader (Dx CET) | G3: Category: | H3: Functional Commercial Energy Trader
C4: Technical Threshold: | D4: ='Scoring Summary'!C4 -> 0.7
C5: Tenderer Registered Name: | D5: ='Scoring Summary'!C5 -> <Evaluator to complete>
C6: Evaluator Name and Surname: | D6: ='Scoring Summary'!C6 -> <Evaluator to complete>
C7: Date of Evaluation | D7: ='Scoring Summary'!C7 -> <Evaluator to complete>
C8: Evaluator Signature | E8: Select Vendors Response in column F and add evidence and comments in columns G and H
K9: Select Options in column M and add comments in column P
A10: Item # | B10: Technical Requirements | E10: Vendor Responses | K10: Evaluator Scores
B11: Business requirement group | C11: Business requirements | D11: Mandatory Returnables - Evidence below to be provided in the technical file and numbered to align with each criteria question. | E11: Vendor Response: Select from drop down list 1. Std, 2. Dev or 3. No | G11: Vendor Evidence: Location of Supporting Document/Info (state the file number, section & page number) | H11: Vendor Comments: Vendor to indicate any comments for information/clarification. (Not for scoring purposes) | I11: Priority Description | J11: Priority | K11: Weight / Max score | L11: Scoring guideline (requ #) | M11: Selection Options 1. Std / config 2. Cust / dev1 3. Dev2 / No | O11: Evaluators Response | P11: Evaluator comments
A12: F_CET1 | B12: User Access Management | C12: Eskom requires an Energy Trading solution that is able to: Manage user access considering both Eskom internal users and external market participant users. BF1: Eskom user apply on e-forms to gain access on Dx CET system and after approval the system administrator will receive the approved request via e-forms workflow. System response: Administrator receive approved e-form request. BF2: System administrator will create user access System response: Notify affected user. BF3: Market participant register in Dx CET Web portal to gain access as a service/ product provider. System response: Notify market participant about successful registration confirming username and password. BF4: System administrator will manage the user access according to contractual durations and level of access profiles System response: When user profile/ status change or when market participant contract expires revoke user access (RR1.1) RR1.1: (BF4) Whenever a user business profile of employment status change or market participant contract expire revoke system access or notify administrator to revoke/ reinstate access? | D12: In your technical response select one of the options below to describe how the required functionality could be delivered, and indicate via screenshots and / or indicate the relevant modules required to provide the functionality: 1. Standard functionality or deliver by configuration [Std / config] 2. Deliver by built in customization tools or deliver by development (changes are preserved in future upgrades [Cust / dev1] 3. Deliver by development (BUT changes NOT preserved in future upgrades) or not possible [Dev2 / No] Note: Select an option and provide evidence for each item from BF1 to BF5. | E12: =L12 -> BF1 | F12: 3. Dev2 / No | G12: <Example re how to complete this whole column: Technical File, section 5 (company background section), page 11> | I12: Very important | J12: =IF(I12='Response Guidlines'!$D$81,'Response Guidlines'!$C$81, IF(I12='Response Guidlines'!$D$82,'Response Guidlines'!$C$82,IF(I12='Response Guidlines'!$D$83,'Response Guidlines'!$C$83,IF(I12='Response Guidlines'!$D$84,'Response Guidlines'!$C$84,IF(I12='Response Guidlines'!$D$85,'Response Guidlines'!$C$85,IF(I12='Response Guidlines'!$D$86,'Response Guidlines'!$C$86,IF(I12='Response Guidlines'!$D$87,'Response Guidlines'!$C$87,"No Rating"))))))) -> 4 | K12: =IFERROR((J12/$J$58)/_xlfn.XLOOKUP('Scoring Summary'!$D$20,'Response Guidlines'!$D$92:$D$191,'Response Guidlines'!$C$92:$C$191,"",0,1),0) -> 0.022222222 | L12: BF1 | M12: 3. Dev2 / No | N12: =IF(M12="1. Std / config", $K$12/COUNTA($L$12:$L$15), IF(M12="2. Cust / Dev1", $K$12/COUNTA($L$12:$L$15)/2, 0)) -> 0 | O12: =SUM(N12:N15) -> 0
E13: =L13 -> BF2 | F13: 3. Dev2 / No | L13: BF2 | M13: 3. Dev2 / No | N13: =IF(M13="1. Std / config", $K$12/COUNTA($L$12:$L$15), IF(M13="2. Cust / Dev1", $K$12/COUNTA($L$12:$L$15)/2, 0)) -> 0
E14: =L14 -> BF3 | F14: 3. Dev2 / No | L14: BF3 | M14: 3. Dev2 / No | N14: =IF(M14="1. Std / config", $K$12/COUNTA($L$12:$L$15), IF(M14="2. Cust / Dev1", $K$12/COUNTA($L$12:$L$15)/2, 0)) -> 0
E15: =L15 -> BF4 | F15: 3. Dev2 / No | L15: BF4 | M15: 3. Dev2 / No | N15: =IF(M15="1. Std / config", $K$12/COUNTA($L$12:$L$15), IF(M15="2. Cust / Dev1", $K$12/COUNTA($L$12:$L$15)/2, 0)) -> 0
A16: F_CET2 | B16: Manage market participant applications | C16: Eskom requires an Energy Trading solution that is able to: Manage the market participant service / product offering applications per category by assessing and approving / rejecting the application. BF1: Updating schedule for various approved products and services System response: Save updated schedule for products and services BF2: Market participant submit application to provide products or services (Selection and price offered – intelligent product service selection) System response: Save application with unique ID number. (Version controlled) BF3: Evaluate application and save approval/ rejection with reasons of rejection. (EF1) System response: Save approval/ rejection and notify market participant. (AF2) Eskom requires: BF4: Updated commission and testing status for applied product and services. System response: Save status and send for sign off (AF1) BF5: Sign of contractual agreement electronically and keep records on CET system (audit trail-workflow) (AF1) System response: Save, send, and keep workflow audit trail for record purposes. (Minimum five-year data storage with twelve-month archive options). BF6: Review contractual agreements (Compliance based/ Repetitive breaching of contract agreement) System response: Notify relevant stakeholders when compliance breached (set margins) BF7: Update access profiles to enable market participants to access bidding functions. System response: Notify affected users about profile updates AF1: (BF5) When sign off is not achieved within five workdays due to a dispute escalate one level up notifying relevant manager. AF2: (BF3) After approval of request kick of formal vendor application through commercial process as well. Register service/ product provider on Central Service provider data base for VAT purposes. Determine vendor classification type for flexible services provision. EF1: (BF3) When application is rejected notify market participant about rejection and reasons and allow opportunity to edit application and resubmit. (BF2) (RR2.1) RR2.1: (EF1) Allow market participant to edit application within twenty workdays before automatic system cancellation of the original application. Notify Market participant and Grid access management when application is cancelled. | D16: In your technical response select one of the options below to describe how the required functionality could be delivered, and indicate via screenshots and / or indicate the relevant modules required to provide the functionality: 1. Standard functionality or deliver by configuration [Std / config] 2. Deliver by built in customization tools or deliver by development (changes are preserved in future upgrades [Cust / dev1] 3. Deliver by development (BUT changes NOT preserved in future upgrades) or not possible [Dev2 / No] Note: Select an option and provide evidence for each item from BF1 to EF1. | E16: =L16 -> BF1 | F16: 3. Dev2 / No | I16: Very important | J16: =IF(I16='Response Guidlines'!$D$81,'Response Guidlines'!$C$81, IF(I16='Response Guidlines'!$D$82,'Response Guidlines'!$C$82,IF(I16='Response Guidlines'!$D$83,'Response Guidlines'!$C$83,IF(I16='Response Guidlines'!$D$84,'Response Guidlines'!$C$84,IF(I16='Response Guidlines'!$D$85,'Response Guidlines'!$C$85,IF(I16='Response Guidlines'!$D$86,'Response Guidlines'!$C$86,IF(I16='Response Guidlines'!$D$87,'Response Guidlines'!$C$87,"No Rating"))))))) -> 4 | K16: =IFERROR((J16/$J$58)/_xlfn.XLOOKUP('Scoring Summary'!$D$20,'Response Guidlines'!$D$92:$D$191,'Response Guidlines'!$C$92:$C$191,"",0,1),0) -> 0.022222222 | L16: BF1 | M16: 3. Dev2 / No | N16: =IF(M16="1. Std / config", $K$16/COUNTA($L$16:$L$25), IF(M16="2. Cust / Dev1", $K$16/COUNTA($L$16:$L$25)/2, 0)) -> 0 | O16: =SUM(N16:N25) -> 0
E17: =L17 -> BF2 | F17: 3. Dev2 / No | L17: BF2 | M17: 3. Dev2 / No | N17: =IF(M17="1. Std / config", $K$16/COUNTA($L$16:$L$25), IF(M17="2. Cust / Dev1", $K$16/COUNTA($L$16:$L$25)/2, 0)) -> 0
E18: =L18 -> BF3 | F18: 3. Dev2 / No | L18: BF3 | M18: 3. Dev2 / No | N18: =IF(M18="1. Std / config", $K$16/COUNTA($L$16:$L$25), IF(M18="2. Cust / Dev1", $K$16/COUNTA($L$16:$L$25)/2, 0)) -> 0
E19: =L19 -> BF4 | F19: 3. Dev2 / No | L19: BF4 | M19: 3. Dev2 / No | N19: =IF(M19="1. Std / config", $K$16/COUNTA($L$16:$L$25), IF(M19="2. Cust / Dev1", $K$16/COUNTA($L$16:$L$25)/2, 0)) -> 0
E20: =L20 -> BF5 | F20: 3. Dev2 / No | L20: BF5 | M20: 3. Dev2 / No | N20: =IF(M20="1. Std / config", $K$16/COUNTA($L$16:$L$25), IF(M20="2. Cust / Dev1", $K$16/COUNTA($L$16:$L$25)/2, 0)) -> 0
E21: =L21 -> BF6 | F21: 3. Dev2 / No | L21: BF6 | M21: 3. Dev2 / No | N21: =IF(M21="1. Std / config", $K$16/COUNTA($L$16:$L$25), IF(M21="2. Cust / Dev1", $K$16/COUNTA($L$16:$L$25)/2, 0)) -> 0
E22: =L22 -> BF7 | F22: 3. Dev2 / No | L22: BF7 | M22: 3. Dev2 / No | N22: =IF(M22="1. Std / config", $K$16/COUNTA($L$16:$L$25), IF(M22="2. Cust / Dev1", $K$16/COUNTA($L$16:$L$25)/2, 0)) -> 0
E23: =L23 -> AF1 | F23: 3. Dev2 / No | L23: AF1 | M23: 3. Dev2 / No | N23: =IF(M23="1. Std / config", $K$16/COUNTA($L$16:$L$25), IF(M23="2. Cust / Dev1", $K$16/COUNTA($L$16:$L$25)/2, 0)) -> 0
E24: =L24 -> AF2 | F24: 3. Dev2 / No | L24: AF2 | M24: 3. Dev2 / No | N24: =IF(M24="1. Std / config", $K$16/COUNTA($L$16:$L$25), IF(M24="2. Cust / Dev1", $K$16/COUNTA($L$16:$L$25)/2, 0)) -> 0
E25: =L25 -> EF1 | F25: 3. Dev2 / No | L25: EF1 | M25: 3. Dev2 / No | N25: =IF(M25="1. Std / config", $K$16/COUNTA($L$16:$L$25), IF(M25="2. Cust / Dev1", $K$16/COUNTA($L$16:$L$25)/2, 0)) -> 0
A26: F_CET3 | B26: Demand Forecasting and Planning | C26: Eskom requires an Energy Trading solution that is able to: Perform energy forecasting and demand planning for Dx CET. Considering various variables: e.g. national, regional and local needs, planned / unplanned maintenance/ outages, network constraints and weather patterns. BF1: Establish the energy needs (Product and Price) (National, Regional and Local) by analysing data from various systems e.g. comparing information from various systems e.g. DSO, Transmission System Operator (TSO), Meter Data Management System (MDMS), MV90, Historian, Outage Management System (OMS), Customer Care and Billing system (CC&B). Also include frequencies of planning windows. BF2: Consolidate and Prioritize needs according to National, Regional, Local and Emergencies BF3: Planning to resolve needs (Types of inputs – Demand response/ Ancillary services/ Distributed Flexible services) BF4: Match and optimize the needs (Technical requirement/ Budget needs viability). System Response: Display hierarchical list of planned forecasting needs (Geographical/ Hosting capacity). Categorized in Emergencies/ National/ Regional/ Local (Flexibility for manual override) BF5: Publish the forecasting planned to system to enable market participants to bid against forecasting planned with bid closure gates. (RR3.1) System response: Published planned forecasting with bid closure gates schedule. RR3.1. (BF5) Published Forecasting durations: Short term = Day ahead Medium term = Week ahead Long term = Month ahead up to a year ahead. | D26: In your technical response select one of the options below to describe how the required functionality could be delivered, and indicate via screenshots and / or indicate the relevant modules required to provide the functionality: 1. Standard functionality or deliver by configuration [Std / config] 2. Deliver by built in customization tools or deliver by development (changes are preserved in future upgrades [Cust / dev1] 3. Deliver by development (BUT changes NOT preserved in future upgrades) or not possible [Dev2 / No] Note: Select an option and provide evidence for each item from BF1 to BF5. | E26: =L26 -> BF1 | F26: 3. Dev2 / No | I26: Very important | J26: =IF(I26='Response Guidlines'!$D$81,'Response Guidlines'!$C$81, IF(I26='Response Guidlines'!$D$82,'Response Guidlines'!$C$82,IF(I26='Response Guidlines'!$D$83,'Response Guidlines'!$C$83,IF(I26='Response Guidlines'!$D$84,'Response Guidlines'!$C$84,IF(I26='Response Guidlines'!$D$85,'Response Guidlines'!$C$85,IF(I26='Response Guidlines'!$D$86,'Response Guidlines'!$C$86,IF(I26='Response Guidlines'!$D$87,'Response Guidlines'!$C$87,"No Rating"))))))) -> 4 | K26: =IFERROR((J26/$J$58)/_xlfn.XLOOKUP('Scoring Summary'!$D$20,'Response Guidlines'!$D$92:$D$191,'Response Guidlines'!$C$92:$C$191,"",0,1),0) -> 0.022222222 | L26: BF1 | M26: 3. Dev2 / No | N26: =IF(M26="1. Std / config", $K$26/COUNTA($L$26:$L$30), IF(M26="2. Cust / Dev1", $K$26/COUNTA($L$16:$L$30)/2, 0)) -> 0 | O26: =SUM(N26:N30) -> 0
E27: =L27 -> BF2 | F27: 3. Dev2 / No | L27: BF2 | M27: 3. Dev2 / No | N27: =IF(M27="1. Std / config", $K$26/COUNTA($L$26:$L$30), IF(M27="2. Cust / Dev1", $K$26/COUNTA($L$16:$L$30)/2, 0)) -> 0
E28: =L28 -> BF3 | F28: 3. Dev2 / No | L28: BF3 | M28: 3. Dev2 / No | N28: =IF(M28="1. Std / config", $K$26/COUNTA($L$26:$L$30), IF(M28="2. Cust / Dev1", $K$26/COUNTA($L$16:$L$30)/2, 0)) -> 0
E29: =L29 -> BF4 | F29: 3. Dev2 / No | L29: BF4 | M29: 3. Dev2 / No | N29: =IF(M29="1. Std / config", $K$26/COUNTA($L$26:$L$30), IF(M29="2. Cust / Dev1", $K$26/COUNTA($L$16:$L$30)/2, 0)) -> 0
E30: =L30 -> BF5 | F30: 3. Dev2 / No | L30: BF5 | M30: 3. Dev2 / No | N30: =IF(M30="1. Std / config", $K$26/COUNTA($L$26:$L$30), IF(M30="2. Cust / Dev1", $K$26/COUNTA($L$16:$L$30)/2, 0)) -> 0
A31: F_CET4 | B31: Energy Procurement (Bidding/ Transfer pricing) | C31: Eskom requires an Energy Trading solution that is able to: Allow market participants access to the Dx CET system and submit bids for approved products and services according to published forecasted planning. BF1: Receive bids submitted by market participants BF2: System response: Evaluate and Rank bids received against products and services (BR4.1) BF3: System response: Consolidate and Aggregate bids received (BR4.2) BF4: Provide consolidated update to DSO upon bid gate closure System Response: Save updated bidding register for DSO to action BF5: Confirm Technical Clearance System response: Save technical clearance confirmation BF6: Notify successful bids market participants | D31: In your technical response select one of the options below to describe how the required functionality could be delivered, and indicate via screenshots and / or indicate the relevant modules required to provide the functionality: 1. Standard functionality or deliver by configuration [Std / config] 2. Deliver by built in customization tools or deliver by development (changes are preserved in future upgrades [Cust / dev1] 3. Deliver by development (BUT changes NOT preserved in future upgrades) or not possible [Dev2 / No] Note: Select an option and provide evidence for each item from BF1 to BF6. | E31: =L31 -> BF1 | F31: 3. Dev2 / No | I31: Critical | J31: =IF(I31='Response Guidlines'!$D$81,'Response Guidlines'!$C$81, IF(I31='Response Guidlines'!$D$82,'Response Guidlines'!$C$82,IF(I31='Response Guidlines'!$D$83,'Response Guidlines'!$C$83,IF(I31='Response Guidlines'!$D$84,'Response Guidlines'!$C$84,IF(I31='Response Guidlines'!$D$85,'Response Guidlines'!$C$85,IF(I31='Response Guidlines'!$D$86,'Response Guidlines'!$C$86,IF(I31='Response Guidlines'!$D$87,'Response Guidlines'!$C$87,"No Rating"))))))) -> 5 | K31: =IFERROR((J31/$J$58)/_xlfn.XLOOKUP('Scoring Summary'!$D$20,'Response Guidlines'!$D$92:$D$191,'Response Guidlines'!$C$92:$C$191,"",0,1),0) -> 0.027777778 | L31: BF1 | M31: 3. Dev2 / No | N31: =IF(M31="1. Std / config", $K$31/COUNTA($L$31:$L$36), IF(M31="2. Cust / Dev1", $K$31/COUNTA($L$31:$L$36)/2, 0)) -> 0 | O31: =SUM(N31:N36) -> 0
E32: =L32 -> BF2 | F32: 3. Dev2 / No | L32: BF2 | M32: 3. Dev2 / No | N32: =IF(M32="1. Std / config", $K$31/COUNTA($L$31:$L$36), IF(M32="2. Cust / Dev1", $K$31/COUNTA($L$31:$L$36)/2, 0)) -> 0
E33: =L33 -> BF3 | F33: 3. Dev2 / No | L33: BF3 | M33: 3. Dev2 / No | N33: =IF(M33="1. Std / config", $K$31/COUNTA($L$31:$L$36), IF(M33="2. Cust / Dev1", $K$31/COUNTA($L$31:$L$36)/2, 0)) -> 0
E34: =L34 -> BF4 | F34: 3. Dev2 / No | L34: BF4 | M34: 3. Dev2 / No | N34: =IF(M34="1. Std / config", $K$31/COUNTA($L$31:$L$36), IF(M34="2. Cust / Dev1", $K$31/COUNTA($L$31:$L$36)/2, 0)) -> 0
E35: =L35 -> BF5 | F35: 3. Dev2 / No | L35: BF5 | M35: 3. Dev2 / No | N35: =IF(M35="1. Std / config", $K$31/COUNTA($L$31:$L$36), IF(M35="2. Cust / Dev1", $K$31/COUNTA($L$31:$L$36)/2, 0)) -> 0
E36: =L36 -> BF6 | F36: 3. Dev2 / No | L36: BF6 | M36: 3. Dev2 / No | N36: =IF(M36="1. Std / config", $K$31/COUNTA($L$31:$L$36), IF(M36="2. Cust / Dev1", $K$31/COUNTA($L$31:$L$36)/2, 0)) -> 0
A37: F_CET5 | B37: Commercial clearance of Bids | C37: Eskom requires an Energy Trading solution that is able to: Analyse and clear bids received in the energy trading landscape determining the following: a. Impact of bids received against planned budgets, b. The products and services on offer and expenditure against them, improvement opportunities, pre-qualification requirements and interfacing, existing needs considering pricing/ markets and flexible services, settlements and defaulting reasons. BF1: Analyse available bid forecasting impact on bottom line. (Compare actual versus budget) System response: Display, save, print, and export various reports in different formats BF2: Reviewing portfolio of products and services issued against objectives and budgets set System response: Display, save, print, and export various reports in different formats BF3: Continuous improvement analysis/ review- Analyse prequalification requirements and interfacing System Response: Display, save, print, and export various reports in different formats BF4: Analysis of existing needs (pricing/ market/ flexible services) System response: Display, save, print, and export various reports in different formats BF5: Compare settlements against the current contract agreement System response: Display, save, print, and export various reports in different formats BF6: Update commercially accepted bids register System response: Save updated bids register | D37: In your technical response select one of the options below to describe how the required functionality could be delivered, and indicate via screenshots and / or indicate the relevant modules required to provide the functionality: 1. Standard functionality or deliver by configuration [Std / config] 2. Deliver by built in customization tools or deliver by development (changes are preserved in future upgrades [Cust / dev1] 3. Deliver by development (BUT changes NOT preserved in future upgrades) or not possible [Dev2 / No] Note: Select an option and provide evidence for each item from BF1 to BF6. | E37: =L37 -> BF1 | F37: 3. Dev2 / No | I37: Critical | J37: =IF(I37='Response Guidlines'!$D$81,'Response Guidlines'!$C$81, IF(I37='Response Guidlines'!$D$82,'Response Guidlines'!$C$82,IF(I37='Response Guidlines'!$D$83,'Response Guidlines'!$C$83,IF(I37='Response Guidlines'!$D$84,'Response Guidlines'!$C$84,IF(I37='Response Guidlines'!$D$85,'Response Guidlines'!$C$85,IF(I37='Response Guidlines'!$D$86,'Response Guidlines'!$C$86,IF(I37='Response Guidlines'!$D$87,'Response Guidlines'!$C$87,"No Rating"))))))) -> 5 | K37: =IFERROR((J37/$J$58)/_xlfn.XLOOKUP('Scoring Summary'!$D$20,'Response Guidlines'!$D$92:$D$191,'Response Guidlines'!$C$92:$C$191,"",0,1),0) -> 0.027777778 | L37: BF1 | M37: 3. Dev2 / No | N37: =IF(M37="1. Std / config", $K$37/COUNTA($L$37:$L$42), IF(M37="2. Cust / Dev1", $K$37/COUNTA($L$37:$L$42)/2, 0)) -> 0 | O37: =SUM(N37:N42) -> 0
E38: =L38 -> BF2 | F38: 3. Dev2 / No | L38: BF2 | M38: 3. Dev2 / No | N38: =IF(M38="1. Std / config", $K$37/COUNTA($L$37:$L$42), IF(M38="2. Cust / Dev1", $K$37/COUNTA($L$37:$L$42)/2, 0)) -> 0
E39: =L39 -> BF3 | F39: 3. Dev2 / No | L39: BF3 | M39: 3. Dev2 / No | N39: =IF(M39="1. Std / config", $K$37/COUNTA($L$37:$L$42), IF(M39="2. Cust / Dev1", $K$37/COUNTA($L$37:$L$42)/2, 0)) -> 0
E40: =L40 -> BF4 | F40: 3. Dev2 / No | L40: BF4 | M40: 3. Dev2 / No | N40: =IF(M40="1. Std / config", $K$37/COUNTA($L$37:$L$42), IF(M40="2. Cust / Dev1", $K$37/COUNTA($L$37:$L$42)/2, 0)) -> 0
E41: =L41 -> BF5 | F41: 3. Dev2 / No | L41: BF5 | M41: 3. Dev2 / No | N41: =IF(M41="1. Std / config", $K$37/COUNTA($L$37:$L$42), IF(M41="2. Cust / Dev1", $K$37/COUNTA($L$37:$L$42)/2, 0)) -> 0
E42: =L42 -> BF6 | F42: 3. Dev2 / No | L42: BF6 | M42: 3. Dev2 / No | N42: =IF(M42="1. Std / config", $K$37/COUNTA($L$37:$L$42), IF(M42="2. Cust / Dev1", $K$37/COUNTA($L$37:$L$42)/2, 0)) -> 0
A43: F_CET6 | B43: Perform metering and validation | C43: Eskom requires an Energy Trading solution that is able to: Consolidate and validate metering for all market participants according their respective contractual agreements in preparation to settle account agreements. BF1. Receive contracted metering data System response: Display data BF2. Validate actual versus contracted energy System response: Display actual versus contracted and differences BF3. Manage exceptions (AF1) System response: Save updated corrections BF4. Validation approval System response: Save approved validations | D43: In your technical response select one of the options below to describe how the required functionality could be delivered, and indicate via screenshots and / or indicate the relevant modules required to provide the functionality: 1. Standard functionality or deliver by configuration [Std / config] 2. Deliver by built in customization tools or deliver by development (changes are preserved in future upgrades [Cust / dev1] 3. Deliver by development (BUT changes NOT preserved in future upgrades) or not possible [Dev2 / No] Note: Select an option and provide evidence for each item from BF1 to BF4. | E43: =L43 -> BF1 | F43: 3. Dev2 / No | I43: Critical | J43: =IF(I43='Response Guidlines'!$D$81,'Response Guidlines'!$C$81, IF(I43='Response Guidlines'!$D$82,'Response Guidlines'!$C$82,IF(I43='Response Guidlines'!$D$83,'Response Guidlines'!$C$83,IF(I43='Response Guidlines'!$D$84,'Response Guidlines'!$C$84,IF(I43='Response Guidlines'!$D$85,'Response Guidlines'!$C$85,IF(I43='Response Guidlines'!$D$86,'Response Guidlines'!$C$86,IF(I43='Response Guidlines'!$D$87,'Response Guidlines'!$C$87,"No Rating"))))))) -> 5 | K43: =IFERROR((J43/$J$58)/_xlfn.XLOOKUP('Scoring Summary'!$D$20,'Response Guidlines'!$D$92:$D$191,'Response Guidlines'!$C$92:$C$191,"",0,1),0) -> 0.027777778 | L43: BF1 | M43: 3. Dev2 / No | N43: =IF(M43="1. Std / config", $K$43/COUNTA($L$43:$L$46), IF(M43="2. Cust / Dev1", $K$43/COUNTA($L$43:$L$46)/2, 0)) -> 0 | O43: =SUM(N43:N46) -> 0
E44: =L44 -> BF2 | F44: 3. Dev2 / No | L44: BF2 | M44: 3. Dev2 / No | N44: =IF(M44="1. Std / config", $K$43/COUNTA($L$43:$L$46), IF(M44="2. Cust / Dev1", $K$43/COUNTA($L$43:$L$46)/2, 0)) -> 0
E45: =L45 -> BF3 | F45: 3. Dev2 / No | L45: BF3 | M45: 3. Dev2 / No | N45: =IF(M45="1. Std / config", $K$43/COUNTA($L$43:$L$46), IF(M45="2. Cust / Dev1", $K$43/COUNTA($L$43:$L$46)/2, 0)) -> 0
E46: =L46 -> BF4 | F46: 3. Dev2 / No | L46: BF4 | M46: 3. Dev2 / No | N46: =IF(M46="1. Std / config", $K$43/COUNTA($L$43:$L$46), IF(M46="2. Cust / Dev1", $K$43/COUNTA($L$43:$L$46)/2, 0)) -> 0
A47: F_CET7 | B47: Manage energy settlements and reporting | C47: Eskom requires an Energy Trading solution that is able to: Compute financial energy settlements. Validate and manage trade reports, adjustments, exceptions and notifications to market participants to provide accurate invoicing. BF1. Compute financial settlements based on approved data System response: Save updated settlements data BF2. Receive trade reports System response: Save trade reports BF3. Validate trade reports BF4. Manage adjustments/ exceptions System response: Update and save adjustments/ exceptions as a settlement statement. BF5. Notify market participants to provide invoices System response: Email/ Cell messages to market participant to provide invoices | D47: In your technical response select one of the options below to describe how the required functionality could be delivered, and indicate via screenshots and / or indicate the relevant modules required to provide the functionality: 1. Standard functionality or deliver by configuration [Std / config] 2. Deliver by built in customization tools or deliver by development (changes are preserved in future upgrades [Cust / dev1] 3. Deliver by development (BUT changes NOT preserved in future upgrades) or not possible [Dev2 / No] Note: Select an option and provide evidence for each item from BF1 to BF5. | E47: =L47 -> BF1 | F47: 3. Dev2 / No | I47: Critical | J47: =IF(I47='Response Guidlines'!$D$81,'Response Guidlines'!$C$81, IF(I47='Response Guidlines'!$D$82,'Response Guidlines'!$C$82,IF(I47='Response Guidlines'!$D$83,'Response Guidlines'!$C$83,IF(I47='Response Guidlines'!$D$84,'Response Guidlines'!$C$84,IF(I47='Response Guidlines'!$D$85,'Response Guidlines'!$C$85,IF(I47='Response Guidlines'!$D$86,'Response Guidlines'!$C$86,IF(I47='Response Guidlines'!$D$87,'Response Guidlines'!$C$87,"No Rating"))))))) -> 5 | K47: =IFERROR((J47/$J$58)/_xlfn.XLOOKUP('Scoring Summary'!$D$20,'Response Guidlines'!$D$92:$D$191,'Response Guidlines'!$C$92:$C$191,"",0,1),0) -> 0.027777778 | L47: BF1 | M47: 3. Dev2 / No | N47: =IF(M47="1. Std / config", $K$47/COUNTA($L$47:$L$51), IF(M47="2. Cust / Dev1", $K$47/COUNTA($L$47:$L$51)/2, 0)) -> 0 | O47: =SUM(N47:N51) -> 0
E48: =L48 -> BF2 | F48: 3. Dev2 / No | L48: BF2 | M48: 3. Dev2 / No | N48: =IF(M48="1. Std / config", $K$47/COUNTA($L$47:$L$51), IF(M48="2. Cust / Dev1", $K$47/COUNTA($L$47:$L$51)/2, 0)) -> 0
E49: =L49 -> BF3 | F49: 3. Dev2 / No | L49: BF3 | M49: 3. Dev2 / No | N49: =IF(M49="1. Std / config", $K$47/COUNTA($L$47:$L$51), IF(M49="2. Cust / Dev1", $K$47/COUNTA($L$47:$L$51)/2, 0)) -> 0
E50: =L50 -> BF4 | F50: 3. Dev2 / No | L50: BF4 | M50: 3. Dev2 / No | N50: =IF(M50="1. Std / config", $K$47/COUNTA($L$47:$L$51), IF(M50="2. Cust / Dev1", $K$47/COUNTA($L$47:$L$51)/2, 0)) -> 0
E51: =L51 -> BF5 | F51: 3. Dev2 / No | L51: BF5 | M51: 3. Dev2 / No | N51: =IF(M51="1. Std / config", $K$47/COUNTA($L$47:$L$51), IF(M51="2. Cust / Dev1", $K$47/COUNTA($L$47:$L$51)/2, 0)) -> 0
A52: F_CET8 | B52: Manage Settlement Payments | C52: Eskom requires an Energy Trading solution that is able to: Manage the consolidated settlement payments process until proof of payment (remittance) received by market participants. Updated data will be required for future budgeting and improvement of the processes. BF1: Supplier/Eskom user emails a valid Tax invoice to Accounts Payable (AP). BF2: AP receives and checks the invoice for Tax validity and Purchase Order (PO) validity. System response: Save invoice as attachment to the relevant system transaction BF3: AP then processes the invoice if Service entry/ Goods Receipt (GR) is done or parks the invoice if GR is not done (AF1) System Response: Validate and save invoice as attachment to the service entry. Link to GR. BF4: Reconcile account holder account with invoice and determine balance for settlement (credit/ debt management)? System Response: Update and save settlement statement BF5: Invoice is paid as per the payment terms on the PO counted from the date of submission of the invoice. System Response: Post settlement accounts for approval and next payment run. Send remittance notification to market participants. AF1: (BF3) When Good/ Service receipt is not done park invoice until GR is done then return to BF3. | D52: In your technical response select one of the options below to describe how the required functionality could be delivered, and indicate via screenshots and / or indicate the relevant modules required to provide the functionality: 1. Standard functionality or deliver by configuration [Std / config] 2. Deliver by built in customization tools or deliver by development (changes are preserved in future upgrades [Cust / dev1] 3. Deliver by development (BUT changes NOT preserved in future upgrades) or not possible [Dev2 / No] Note: Select an option and provide evidence for each item from BF1 to AF1 | E52: =L52 -> BF1 | F52: 3. Dev2 / No | I52: Very important | J52: =IF(I52='Response Guidlines'!$D$81,'Response Guidlines'!$C$81, IF(I52='Response Guidlines'!$D$82,'Response Guidlines'!$C$82,IF(I52='Response Guidlines'!$D$83,'Response Guidlines'!$C$83,IF(I52='Response Guidlines'!$D$84,'Response Guidlines'!$C$84,IF(I52='Response Guidlines'!$D$85,'Response Guidlines'!$C$85,IF(I52='Response Guidlines'!$D$86,'Response Guidlines'!$C$86,IF(I52='Response Guidlines'!$D$87,'Response Guidlines'!$C$87,"No Rating"))))))) -> 4 | K52: =IFERROR((J52/$J$58)/_xlfn.XLOOKUP('Scoring Summary'!$D$20,'Response Guidlines'!$D$92:$D$191,'Response Guidlines'!$C$92:$C$191,"",0,1),0) -> 0.022222222 | L52: BF1 | M52: 3. Dev2 / No | N52: =IF(M52="1. Std / config", $K$52/COUNTA($L$52:$L$57), IF(M52="2. Cust / Dev1", $K$52/COUNTA($L$52:$L$57)/2, 0)) -> 0 | O52: =SUM(N52:N57) -> 0
E53: =L53 -> BF2 | F53: 3. Dev2 / No | L53: BF2 | M53: 3. Dev2 / No | N53: =IF(M53="1. Std / config", $K$52/COUNTA($L$52:$L$57), IF(M53="2. Cust / Dev1", $K$52/COUNTA($L$52:$L$57)/2, 0)) -> 0
E54: =L54 -> BF3 | F54: 3. Dev2 / No | L54: BF3 | M54: 3. Dev2 / No | N54: =IF(M54="1. Std / config", $K$52/COUNTA($L$52:$L$57), IF(M54="2. Cust / Dev1", $K$52/COUNTA($L$52:$L$57)/2, 0)) -> 0
E55: =L55 -> BF4 | F55: 3. Dev2 / No | L55: BF4 | M55: 3. Dev2 / No | N55: =IF(M55="1. Std / config", $K$52/COUNTA($L$52:$L$57), IF(M55="2. Cust / Dev1", $K$52/COUNTA($L$52:$L$57)/2, 0)) -> 0
E56: =L56 -> BF5 | F56: 3. Dev2 / No | L56: BF5 | M56: 3. Dev2 / No | N56: =IF(M56="1. Std / config", $K$52/COUNTA($L$52:$L$57), IF(M56="2. Cust / Dev1", $K$52/COUNTA($L$52:$L$57)/2, 0)) -> 0
E57: =L57 -> AF1 | F57: 3. Dev2 / No | L57: AF1 | M57: 3. Dev2 / No | N57: =IF(M57="1. Std / config", $K$52/COUNTA($L$52:$L$57), IF(M57="2. Cust / Dev1", $K$52/COUNTA($L$52:$L$57)/2, 0)) -> 0
C58: Total | J58: =SUM(J12:J57) -> 36 | K58: =IFERROR(SUM(K12:K57),0) -> 0.2 | L58: Final Score | O58: =SUM(O12:O57) -> 0

Sheet Non-Functional
C2: Tender Number: | D2: ='Scoring Summary'!C2 -> <insert before tender publication> | F2: Eskom Group IT: Technical Evaluation Criteria Category: Non-Functional
C3: Transaction Description: | D3: ='Scoring Summary'!C3 -> IT00641 Dx Commercial Energy Trader (Dx CET)
C4: Technical Threshold: | D4: ='Scoring Summary'!C4 -> 0.7
C5: Tenderer Registered Name: | D5: ='Scoring Summary'!C5 -> <Evaluator to complete>
C6: Evaluator Name and Surname: | D6: ='Scoring Summary'!C6 -> <Evaluator to complete>
C7: Date of Evaluation | D7: ='Scoring Summary'!C7 -> <Evaluator to complete>
C8: Evaluator Signature | E8: Select Vendors Response in column E and add evidence and comments in columns F and G
K9: Select Evaluators Response in column M and add comments in column N
A10: Item # | B10: Technical Requirements | E10: Vendor Responses | J10: Evaluator Scores
B11: Business requirement group | C11: Business requirements | D11: Mandatory Returnables - Evidence below to be provided in the technical file and numbered to align with each criteria question. | E11: Vendor Response: Select from drop down list / list applicable items. | F11: Vendor Evidence: Location of Supporting Document/Info (state the file number, section & page number) | G11: Vendor Comments: Vendor to indicate any comments for information/clarification. (Not for scoring purposes) | H11: Priority Description | I11: Priority | J11: Weight / Max score | K11: Scoring guideline | L11: Selection Options | M11: Evaluators Response | N11: Evaluator comments
A12: NF1 | B12: Support | C12: Eskom requires the solution to allow a system specialist to configure integrations to other Eskom applications i.e. expose information from other applications using the methods below: - Webservices - XML - Microservices/Serverless - MSMQ (Microsoft message queuing) - SOAP | D12: In your technical response, indicate whether your solution provides customizable fields to allow a system specialist to configure integrations to other Eskom applications and list the configurations available. Provide relevant evidence re modules, screenshots, manuals etc… | F12: <Example for how to complete this whole column: Technical File, section 5 (company background section), page 11> | H12: Very important | I12: =IF(H12='Response Guidlines'!$D$81,'Response Guidlines'!$C$81, IF(H12='Response Guidlines'!$D$82,'Response Guidlines'!$C$82,IF(H12='Response Guidlines'!$D$83,'Response Guidlines'!$C$83,IF(H12='Response Guidlines'!$D$84,'Response Guidlines'!$C$84,IF(H12='Response Guidlines'!$D$85,'Response Guidlines'!$C$85,IF(H12='Response Guidlines'!$D$86,'Response Guidlines'!$C$86,IF(H12='Response Guidlines'!$D$87,'Response Guidlines'!$C$87,"No Rating"))))))) -> 4 | J12: =(I12/$I$83)/_xlfn.XLOOKUP('Scoring Summary'!$D$21,'Response Guidlines'!$D$92:$D$191,'Response Guidlines'!$C$92:$C$191,"",0,1) -> 0.006779661 | K12: For each statement below that is true award the corresponding score cumulatively. | M12: 0
K13: Solution provides customizable fields to allow configuration of integrations using webservices | L13: =$J$12/5 -> 0.0013559322
K14: Solution provides customizable fields to allow configuration of integrations using XML | L14: =$J$12/5 -> 0.0013559322
K15: Solution provides customizable fields to allow configuration of integrations using Microservices/Serverless | L15: =$J$12/5 -> 0.0013559322
K16: Solution provides customizable fields to allow configuration of integrations using MSMQ | L16: =$J$12/5 -> 0.0013559322
K17: Solution provides customizable fields to allow configuration of integrations using SOAP | L17: =$J$12/5 -> 0.0013559322
A18: NF2 | B18: Support | C18: Eskom requires the solution to allow a system administrator to be able to perform the following: 1. Install system software updates, changes and patches 2. Manage database modifications 3. Manage licences | D18: In your technical response, indicate whether your solution allows a system administrator to: 1. Install system software updates, changes and patches 2. Manage database modifications 3. Manage licences Provide relevant evidence re modules, screenshots, manuals etc… | H18: Very important | I18: =IF(H18='Response Guidlines'!$D$81,'Response Guidlines'!$C$81, IF(H18='Response Guidlines'!$D$82,'Response Guidlines'!$C$82,IF(H18='Response Guidlines'!$D$83,'Response Guidlines'!$C$83,IF(H18='Response Guidlines'!$D$84,'Response Guidlines'!$C$84,IF(H18='Response Guidlines'!$D$85,'Response Guidlines'!$C$85,IF(H18='Response Guidlines'!$D$86,'Response Guidlines'!$C$86,IF(H18='Response Guidlines'!$D$87,'Response Guidlines'!$C$87,"No Rating"))))))) -> 4 | J18: =(I18/$I$83)/_xlfn.XLOOKUP('Scoring Summary'!$D$21,'Response Guidlines'!$D$92:$D$191,'Response Guidlines'!$C$92:$C$191,"",0,1) -> 0.006779661 | K18: For each statement below that is true award the corresponding score cumulatively. | M18: 0
K19: Solution allows a system administrator to install system software updates, changes and patches. | L19: =$J$18/3 -> 0.002259887
K20: Solution allows a system administrator to manage database modifications. | L20: =$J$18/3 -> 0.002259887
K21: Solution allows a system administrator to manage licences. | L21: =$J$18/3 -> 0.002259887
A22: NF3 | B22: Support | C22: Eskom requires that the solution does not require antivirus software to be disabled. Leading anti-virus software: 1. McAfee 2. Avast 3. Norton | D22: In your technical response, send a listing of antivirus software that your solution is compatible with. OR Not compatible with. Provide relevant evidence re modules, screenshots, manuals etc. | H22: Important | I22: =IF(H22='Response Guidlines'!$D$81,'Response Guidlines'!$C$81, IF(H22='Response Guidlines'!$D$82,'Response Guidlines'!$C$82,IF(H22='Response Guidlines'!$D$83,'Response Guidlines'!$C$83,IF(H22='Response Guidlines'!$D$84,'Response Guidlines'!$C$84,IF(H22='Response Guidlines'!$D$85,'Response Guidlines'!$C$85,IF(H22='Response Guidlines'!$D$86,'Response Guidlines'!$C$86,IF(H22='Response Guidlines'!$D$87,'Response Guidlines'!$C$87,"No Rating"))))))) -> 3 | J22: =(I22/$I$83)/_xlfn.XLOOKUP('Scoring Summary'!$D$21,'Response Guidlines'!$D$92:$D$191,'Response Guidlines'!$C$92:$C$191,"",0,1) -> 0.0050847458 | K22: For each statement below that is true award the corresponding score cumulatively. | M22: 0
K23: Solution is compatible with McAfee antivirus software. | L23: =J$22/5 -> 0.0010169492
K24: Solution is compatible with Avast antivirus software. | L24: =J$22/5 -> 0.0010169492
K25: Solution is compatible with Norton antivirus software. | L25: =J$22/5 -> 0.0010169492
A26: NF4 | B26: Support | C26: Eskom requires the solution to allow the following synchronisation methods between database instances: 1. Golden gate (DB2 and Oracle databases) 2. SQL server replications | D26: In your technical response, indicate whether your solution allows the following database synchronisation methods viz. - Sync method A - Sync method B Provide relevant evidence re modules, screenshots, manuals etc… | H26: Very important | I26: =IF(H26='Response Guidlines'!$D$81,'Response Guidlines'!$C$81, IF(H26='Response Guidlines'!$D$82,'Response Guidlines'!$C$82,IF(H26='Response Guidlines'!$D$83,'Response Guidlines'!$C$83,IF(H26='Response Guidlines'!$D$84,'Response Guidlines'!$C$84,IF(H26='Response Guidlines'!$D$85,'Response Guidlines'!$C$85,IF(H26='Response Guidlines'!$D$86,'Response Guidlines'!$C$86,IF(H26='Response Guidlines'!$D$87,'Response Guidlines'!$C$87,"No Rating"))))))) -> 4 | J26: =(I26/$I$83)/_xlfn.XLOOKUP('Scoring Summary'!$D$21,'Response Guidlines'!$D$92:$D$191,'Response Guidlines'!$C$92:$C$191,"",0,1) -> 0.006779661 | K26: For each statement below that is true award the corresponding score cumulatively. | M26: 0
K27: Solution allows synchronisation using Golden gate (DB2 and Oracle databases). | L27: =J$26/2 -> 0.0033898305
K28: Solution allows synchronisation using SQL server replications. | L28: =J$26/2 -> 0.0033898305
A29: NF5 | B29: Support | C29: Eskom needs to be aware of any supporting software licenses that are required for solution deployment. | D29: In your technical response, indicate what supporting software licences are requirement for solution deployment. Provide listing of supporting licences. | H29: Important | I29: =IF(H29='Response Guidlines'!$D$81,'Response Guidlines'!$C$81, IF(H29='Response Guidlines'!$D$82,'Response Guidlines'!$C$82,IF(H29='Response Guidlines'!$D$83,'Response Guidlines'!$C$83,IF(H29='Response Guidlines'!$D$84,'Response Guidlines'!$C$84,IF(H29='Response Guidlines'!$D$85,'Response Guidlines'!$C$85,IF(H29='Response Guidlines'!$D$86,'Response Guidlines'!$C$86,IF(H29='Response Guidlines'!$D$87,'Response Guidlines'!$C$87,"No Rating"))))))) -> 3 | J29: =(I29/$I$83)/_xlfn.XLOOKUP('Scoring Summary'!$D$21,'Response Guidlines'!$D$92:$D$191,'Response Guidlines'!$C$92:$C$191,"",0,1) -> 0.0050847458 | K29: Listing of supporting software licences provided OR no supporting software licences required. | L29: =J29 -> 0.0050847458
K30: Listing of supporting software licences NOT provided. | L30: 0
A31: NF6 | B31: Support | C31: Eskom requires access to a maintained database / listing of known issues of the system. | D31: In your technical response, indicate if a maintained database / listing of known system issues would be accessible to Eskom system support. Provide location of maintained known issues database / listing OR provide known issues listing. | H31: Important | I31: =IF(H31='Response Guidlines'!$D$81,'Response Guidlines'!$C$81, IF(H31='Response Guidlines'!$D$82,'Response Guidlines'!$C$82,IF(H31='Response Guidlines'!$D$83,'Response Guidlines'!$C$83,IF(H31='Response Guidlines'!$D$84,'Response Guidlines'!$C$84,IF(H31='Response Guidlines'!$D$85,'Response Guidlines'!$C$85,IF(H31='Response Guidlines'!$D$86,'Response Guidlines'!$C$86,IF(H31='Response Guidlines'!$D$87,'Response Guidlines'!$C$87,"No Rating"))))))) -> 3 | J31: =(I31/$I$83)/_xlfn.XLOOKUP('Scoring Summary'!$D$21,'Response Guidlines'!$D$92:$D$191,'Response Guidlines'!$C$92:$C$191,"",0,1) -> 0.0050847458 | K31: Location of maintained known issues maintained database / listing OR known issues listing provided. | L31: =J31 -> 0.0050847458 | M31: 0
K32: Location of maintained known issues database / listing OR known issues listing NOT provided. | L32: 0
A33: NF7 | B33: Support | C33: Eskom needs to able to effectively manage system licenses. License limitations e.g. number of concurrent / registered users. | D33: In your technical response indicate your licensing limitations. Provide your licencing model. | H33: Important | I33: =IF(H33='Response Guidlines'!$D$81,'Response Guidlines'!$C$81, IF(H33='Response Guidlines'!$D$82,'Response Guidlines'!$C$82,IF(H33='Response Guidlines'!$D$83,'Response Guidlines'!$C$83,IF(H33='Response Guidlines'!$D$84,'Response Guidlines'!$C$84,IF(H33='Response Guidlines'!$D$85,'Response Guidlines'!$C$85,IF(H33='Response Guidlines'!$D$86,'Response Guidlines'!$C$86,IF(H33='Response Guidlines'!$D$87,'Response Guidlines'!$C$87,"No Rating"))))))) -> 3 | J33: =(I33/$I$83)/_xlfn.XLOOKUP('Scoring Summary'!$D$21,'Response Guidlines'!$D$92:$D$191,'Response Guidlines'!$C$92:$C$191,"",0,1) -> 0.0050847458 | K33: Provided licensing model - no limitations | L33: =J33 -> 0.0050847458 | M33: 0
K34: Provided licensing model - with limitations | L34: =L33*0.5 -> 0.0025423729
K35: Licensing model not provided | L35: 0
A36: NF8 | B36: Support | C36: Eskom needs to able to effectively manage system licenses and as such requires a mechanism to increase / decrease our system licencing as required. True-Up licenses: - The yearly evaluation of qualified licenses deployed in an Enterprise Agreement (EA). - Compares the number of licenses used to the number purchased in the initial order. - Allows companies to adjust their license count and acquire additional licenses if needed. - Part of the reconciliation process for volume licenses. | D36: In your technical response indicate whether your licence model is flexible e.g. a true-up mechanism exists. Provide your licencing model. | H36: Important | I36: =IF(H36='Response Guidlines'!$D$81,'Response Guidlines'!$C$81, IF(H36='Response Guidlines'!$D$82,'Response Guidlines'!$C$82,IF(H36='Response Guidlines'!$D$83,'Response Guidlines'!$C$83,IF(H36='Response Guidlines'!$D$84,'Response Guidlines'!$C$84,IF(H36='Response Guidlines'!$D$85,'Response Guidlines'!$C$85,IF(H36='Response Guidlines'!$D$86,'Response Guidlines'!$C$86,IF(H36='Response Guidlines'!$D$87,'Response Guidlines'!$C$87,"No Rating"))))))) -> 3 | J36: =(I36/$I$83)/_xlfn.XLOOKUP('Scoring Summary'!$D$21,'Response Guidlines'!$D$92:$D$191,'Response Guidlines'!$C$92:$C$191,"",0,1) -> 0.0050847458 | K36: Flexible licencing model in place | L36: =J36 -> 0.0050847458 | M36: 0
K37: Inflexible licencing model in place | L37: 0
A38: NF9 | B38: Support | C38: Eskom requires the solution to provide mechanisms / plugins to investigate system performance issues. 1. Logging and monitoring tools (e.g., Splunk, Prometheus) to collect and analyse system data. 2. Debugging techniques (e.g., print statements, debuggers) to identify code-level issues. 3. Performance profiling tools (e.g., New Relic, AppDynamics) to analyse system resources and bottlenecks. 4. Tracing and instrumentation tools (e.g., Jaeger, Open Telemetry) to track system requests and transactions. 5. System metrics and KPIs (e.g., response time, throughput) to measure performance. 6. User feedback and reporting tools (e.g., error reporting, user surveys) to identify issues from user perspectives. 7. Synthetic monitoring tools (e.g., Selenium, Gatling) to simulate user interactions and test system performance. 8. Root cause analysis (RCA) methodologies (e.g., Five Whys, Fishbone diagrams) to systematically identify underlying causes of performance issues. | D38: In your technical response provide a listing of the mechanisms used to investigate performance issues. - Provide performance mechanism / plugin names and types of performance issue it addresses. - Provide relevant evidence re modules, screenshots, manuals etc… | H38: Important | I38: =IF(H38='Response Guidlines'!$D$81,'Response Guidlines'!$C$81, IF(H38='Response Guidlines'!$D$82,'Response Guidlines'!$C$82,IF(H38='Response Guidlines'!$D$83,'Response Guidlines'!$C$83,IF(H38='Response Guidlines'!$D$84,'Response Guidlines'!$C$84,IF(H38='Response Guidlines'!$D$85,'Response Guidlines'!$C$85,IF(H38='Response Guidlines'!$D$86,'Response Guidlines'!$C$86,IF(H38='Response Guidlines'!$D$87,'Response Guidlines'!$C$87,"No Rating"))))))) -> 3 | J38: =(I38/$I$83)/_xlfn.XLOOKUP('Scoring Summary'!$D$21,'Response Guidlines'!$D$92:$D$191,'Response Guidlines'!$C$92:$C$191,"",0,1) -> 0.0050847458 | K38: For each mechanism / plugin that is available below award the corresponding score cumulatively. | M38: 0
K39: 1. Logging and monitoring tools | L39: =J$38/8 -> 0.00063559322
K40: 2. Debugging techniques | L40: =J$38/8 -> 0.00063559322
K41: 3. Performance profiling tools | L41: =J$38/8 -> 0.00063559322
K42: 4. Tracing and instrumentation tools | L42: =J$38/8 -> 0.00063559322
K43: 5. System metrics and KPIs | L43: =J$38/8 -> 0.00063559322
K44: 6. User feedback and reporting tools | L44: =J$38/8 -> 0.00063559322
K45: 7. Synthetic monitoring tools | L45: =J$38/8 -> 0.00063559322
K46: 8. Root cause analysis | L46: =J$38/8 -> 0.00063559322
A47: NF10 | B47: Support | C47: Eskom requires the solution to provide tools / scripts / reports to investigate / debug system data issues. | D47: In your technical response provide a listing of the tool / script / report names used to investigate / debug system data issues. - Provide relevant evidence re modules, screenshots, manuals, reports, scripts or tools etc… | H47: Important | I47: =IF(H47='Response Guidlines'!$D$81,'Response Guidlines'!$C$81, IF(H47='Response Guidlines'!$D$82,'Response Guidlines'!$C$82,IF(H47='Response Guidlines'!$D$83,'Response Guidlines'!$C$83,IF(H47='Response Guidlines'!$D$84,'Response Guidlines'!$C$84,IF(H47='Response Guidlines'!$D$85,'Response Guidlines'!$C$85,IF(H47='Response Guidlines'!$D$86,'Response Guidlines'!$C$86,IF(H47='Response Guidlines'!$D$87,'Response Guidlines'!$C$87,"No Rating"))))))) -> 3 | J47: =(I47/$I$83)/_xlfn.XLOOKUP('Scoring Summary'!$D$21,'Response Guidlines'!$D$92:$D$191,'Response Guidlines'!$C$92:$C$191,"",0,1) -> 0.0050847458 | K47: Data issue tool / script / report names provided | L47: =J47 -> 0.0050847458 | M47: 0
K48: Data issue tool / script / report names NOT provided | L48: 0
A49: NF11 | B49: Support | C49: Eskom requires the solution to handle resource-intensive / time-consuming tasks using multi-threading capabilities. Note: Multi-threading capabilities refer to the ability of a program or system to execute multiple threads or flows of execution concurrently, improving responsiveness, throughput, and system utilization. Key aspects of multi-threading capabilities include: 1. Thread creation: Spawning new threads to perform tasks concurrently. 2. Thread synchronization: Coordinating thread execution to avoid conflicts and ensure data integrity. 3. Thread communication: Exchanging data and signals between threads. 4. Thread scheduling: Managing thread execution order and priority. 5. Concurrency control: Handling simultaneous access to shared resources. 6. Deadlock handling: Preventing or resolving deadlocks between threads. 7. Thread pooling: Reusing threads to reduce creation overhead. 8. Asynchronous programming: Writing code that executes asynchronously, improving responsiveness. 9. Parallel processing: Dividing tasks into smaller units for concurrent execution. 10. Load balancing: Distributing workload across threads for optimal utilization. | D49: In your technical response indicate the multi-threading capabilities the system caters for / can perform. - Provide relevant evidence re modules, screenshots, manuals etc… | H49: Important | I49: =IF(H49='Response Guidlines'!$D$81,'Response Guidlines'!$C$81, IF(H49='Response Guidlines'!$D$82,'Response Guidlines'!$C$82,IF(H49='Response Guidlines'!$D$83,'Response Guidlines'!$C$83,IF(H49='Response Guidlines'!$D$84,'Response Guidlines'!$C$84,IF(H49='Response Guidlines'!$D$85,'Response Guidlines'!$C$85,IF(H49='Response Guidlines'!$D$86,'Response Guidlines'!$C$86,IF(H49='Response Guidlines'!$D$87,'Response Guidlines'!$C$87,"No Rating"))))))) -> 3 | J49: =(I49/$I$83)/_xlfn.XLOOKUP('Scoring Summary'!$D$21,'Response Guidlines'!$D$92:$D$191,'Response Guidlines'!$C$92:$C$191,"",0,1) -> 0.0050847458 | K49: For each multi-threading capability that is available below award the corresponding score cumulatively. | M49: 0
K50: 1. Thread creation | L50: =J$49/10 -> 0.00050847458
K51: 2. Thread synchronization | L51: =J$49/10 -> 0.00050847458
K52: 3. Thread communication | L52: =J$49/10 -> 0.00050847458
K53: 4. Thread scheduling | L53: =J$49/10 -> 0.00050847458
K54: 5. Concurrency control | L54: =J$49/10 -> 0.00050847458
K55: 6. Deadlock handling | L55: =J$49/10 -> 0.00050847458
K56: 7. Thread pooling | L56: =J$49/10 -> 0.00050847458
K57: 8. Asynchronous programming | L57: =J$49/10 -> 0.00050847458
K58: 9. Parallel processing | L58: =J$49/10 -> 0.00050847458
K59: 10. Load balancing | L59: =J$49/10 -> 0.00050847458
A60: NF12 | B60: Support | C60: Eskom requires the vendor to respond to various solution defect calls in a timely manner. Severity classifications for software product defect calls: 1. Severity 1: Eskom is unable to use the product, which has a critical impact on operations and is willing to provide a 24-hour contact and phone number to assist in the resolution → 2hrs 2. Severity 2: Eskom is able to use the product, but operations are severely restricted due to the problem → 4hrs 3. Severity 3: Eskom is able to use the product with some restrictions on the functions that are available. These restrictions do have an impact on Eskom's overall operation → 6hrs 4. Severity 4 The problem causes little or no impact to Eskom's operation, or a way to circumvent the problem has been found → 8hrs | D60: In your technical response, please provide defect resolution performance reporting from other implementations. - Provide screenshots of relevant incident management systems (or emails), showing incident type (severity) and average time to resolve. | H60: Critical | I60: =IF(H60='Response Guidlines'!$D$81,'Response Guidlines'!$C$81, IF(H60='Response Guidlines'!$D$82,'Response Guidlines'!$C$82,IF(H60='Response Guidlines'!$D$83,'Response Guidlines'!$C$83,IF(H60='Response Guidlines'!$D$84,'Response Guidlines'!$C$84,IF(H60='Response Guidlines'!$D$85,'Response Guidlines'!$C$85,IF(H60='Response Guidlines'!$D$86,'Response Guidlines'!$C$86,IF(H60='Response Guidlines'!$D$87,'Response Guidlines'!$C$87,"No Rating"))))))) -> 5 | J60: =(I60/$I$83)/_xlfn.XLOOKUP('Scoring Summary'!$D$21,'Response Guidlines'!$D$92:$D$191,'Response Guidlines'!$C$92:$C$191,"",0,1) -> 0.0084745763 | K60: For each statement below that is true award the corresponding score cumulatively. | M60: 0
K61: 1 or more implementations that met severity level 1 SLA (average defect resolution within 2hrs) | L61: =J$60/4 -> 0.0021186441
K62: 1 or more implementations that met severity level 2 SLA (average defect resolution within 4hrs) | L62: =J$60/4 -> 0.0021186441
K63: 1 or more implementations that met severity level 3 SLA (average defect resolution within 6hrs) | L63: =J$60/4 -> 0.0021186441
K64: 1 or more implementations that met severity level 4 SLA (average defect resolution within 8hrs) | L64: =J$60/4 -> 0.0021186441
A65: NF13 | B65: Support | C65: Eskom requires the solution to allow the defining of user roles or profiles to allow for segregation of duties. | D65: In your technical response provide a listing of the roles and profile types used to allow for segregation of duties and indicate whether custom roles / profiles can be created. - Provide roles and relevant system access. - Provide relevant evidence re modules, screenshots, manuals etc… | H65: Important | I65: =IF(H65='Response Guidlines'!$D$81,'Response Guidlines'!$C$81, IF(H65='Response Guidlines'!$D$82,'Response Guidlines'!$C$82,IF(H65='Response Guidlines'!$D$83,'Response Guidlines'!$C$83,IF(H65='Response Guidlines'!$D$84,'Response Guidlines'!$C$84,IF(H65='Response Guidlines'!$D$85,'Response Guidlines'!$C$85,IF(H65='Response Guidlines'!$D$86,'Response Guidlines'!$C$86,IF(H65='Response Guidlines'!$D$87,'Response Guidlines'!$C$87,"No Rating"))))))) -> 3 | J65: =(I65/$I$83)/_xlfn.XLOOKUP('Scoring Summary'!$D$21,'Response Guidlines'!$D$92:$D$191,'Response Guidlines'!$C$92:$C$191,"",0,1) -> 0.0050847458 | K65: Solution can create custom roles / profiles OR Solution has std / existing system roles or profiles that can be customised | L65: =J65 -> 0.0050847458 | M65: 0
K66: Solution cannot create custom roles / profiles OR Solution has std / existing system roles or profiles that cannot be customised OR None supplied | L66: 0
A67: NF14 | B67: Archiving | C67: Eskom requires the solution to provide mechanisms / plugins to integrate to an archiving solution i.e. solution should support data management and protection mechanisms as well as backup mechanisms. | D67: In your technical response provide a listing of the mechanisms/plug-ins used to allow for integration to archiving tools. - Provide relevant evidence re modules, screenshots, manuals etc… | H67: Useful | I67: =IF(H67='Response Guidlines'!$D$81,'Response Guidlines'!$C$81, IF(H67='Response Guidlines'!$D$82,'Response Guidlines'!$C$82,IF(H67='Response Guidlines'!$D$83,'Response Guidlines'!$C$83,IF(H67='Response Guidlines'!$D$84,'Response Guidlines'!$C$84,IF(H67='Response Guidlines'!$D$85,'Response Guidlines'!$C$85,IF(H67='Response Guidlines'!$D$86,'Response Guidlines'!$C$86,IF(H67='Response Guidlines'!$D$87,'Response Guidlines'!$C$87,"No Rating"))))))) -> 2 | J67: =(I67/$I$83)/_xlfn.XLOOKUP('Scoring Summary'!$D$21,'Response Guidlines'!$D$92:$D$191,'Response Guidlines'!$C$92:$C$191,"",0,1) -> 0.0033898305 | K67: For each statement below that is true award the corresponding score cumulatively. | M67: 0
K68: Solution supports use of data management and protection mechanisms e.g. Veritas. | L68: =J67/3 -> 0.0011299435
K69: Solution supports use of backup mechanisms e.g. Commvault. | L69: =J67/3 -> 0.0011299435
K70: Solution supports use of other archiving mechanisms. | L70: =J67/3 -> 0.0011299435
A71: NF15 | B71: Disaster Recovery | C71: Eskom requires the solution to cater for hot, warm or cold standby modes for disaster recovery. 1. Hot Standby: A duplicate system is always running and ready to take over immediately. 2. Warm Standby: A backup system is partially configured and can be quickly activated. 3. Cold Standby: A basic system is in place, but requires configuration and data restoration. | D71: In your technical response indicate which standby mode your technology supports viz. hot, warm or cold standby. - Provide relevant evidence re white papers / manuals on solution catering for the modes mentioned, screenshots of where it was implemented, manuals etc… | H71: Critical | I71: =IF(H71='Response Guidlines'!$D$81,'Response Guidlines'!$C$81, IF(H71='Response Guidlines'!$D$82,'Response Guidlines'!$C$82,IF(H71='Response Guidlines'!$D$83,'Response Guidlines'!$C$83,IF(H71='Response Guidlines'!$D$84,'Response Guidlines'!$C$84,IF(H71='Response Guidlines'!$D$85,'Response Guidlines'!$C$85,IF(H71='Response Guidlines'!$D$86,'Response Guidlines'!$C$86,IF(H71='Response Guidlines'!$D$87,'Response Guidlines'!$C$87,"No Rating"))))))) -> 5 | J71: =(I71/$I$83)/_xlfn.XLOOKUP('Scoring Summary'!$D$21,'Response Guidlines'!$D$92:$D$191,'Response Guidlines'!$C$92:$C$191,"",0,1) -> 0.0084745763 | K71: Hot, warm and cold standby available | L71: =J71 -> 0.0084745763 | M71: 0
K72: Warm and cold standby available | L72: =L71*0.75 -> 0.0063559322
K73: Only cold standby available | L73: =L71*0.5 -> 0.0042372881
K74: No standby available | L74: 0
A75: NF16 | B75: Performance Testing | C75: Eskom requires the solution to have the 90th percentile transaction response time for 500 concurrent users to be less or equal to 3 seconds.. | D75: In your technical response, please provide performance testing results for 90th percentile transaction response time for 500 concurrent users. | H75: Very important | I75: =IF(H75='Response Guidlines'!$D$81,'Response Guidlines'!$C$81, IF(H75='Response Guidlines'!$D$82,'Response Guidlines'!$C$82,IF(H75='Response Guidlines'!$D$83,'Response Guidlines'!$C$83,IF(H75='Response Guidlines'!$D$84,'Response Guidlines'!$C$84,IF(H75='Response Guidlines'!$D$85,'Response Guidlines'!$C$85,IF(H75='Response Guidlines'!$D$86,'Response Guidlines'!$C$86,IF(H75='Response Guidlines'!$D$87,'Response Guidlines'!$C$87,"No Rating"))))))) -> 4 | J75: =(I75/$I$83)/_xlfn.XLOOKUP('Scoring Summary'!$D$21,'Response Guidlines'!$D$92:$D$191,'Response Guidlines'!$C$92:$C$191,"",0,1) -> 0.006779661 | K75: 90th percentile transaction response time for 500 concurrent users <= 3 seconds. | L75: =J75 -> 0.006779661 | M75: 0
K76: 90th percentile transaction response time for 500 concurrent users >= 4 seconds. | L76: =L75*0.5 -> 0.0033898305
K77: No performance testing results received. | L77: 0
A78: NF17 | B78: Performance Testing | C78: Eskom requires the solution to support average throughput for 500 concurrent users to be 142000 bytes / sec or more. | D78: In your technical response, please provide performance testing results average throughput bytes / sec for 500 concurrent users. | H78: Very important | I78: =IF(H78='Response Guidlines'!$D$81,'Response Guidlines'!$C$81, IF(H78='Response Guidlines'!$D$82,'Response Guidlines'!$C$82,IF(H78='Response Guidlines'!$D$83,'Response Guidlines'!$C$83,IF(H78='Response Guidlines'!$D$84,'Response Guidlines'!$C$84,IF(H78='Response Guidlines'!$D$85,'Response Guidlines'!$C$85,IF(H78='Response Guidlines'!$D$86,'Response Guidlines'!$C$86,IF(H78='Response Guidlines'!$D$87,'Response Guidlines'!$C$87,"No Rating"))))))) -> 4 | J78: =(I78/$I$83)/_xlfn.XLOOKUP('Scoring Summary'!$D$21,'Response Guidlines'!$D$92:$D$191,'Response Guidlines'!$C$92:$C$191,"",0,1) -> 0.006779661 | K78: Average throughput for 500 concurrent users >= 142000 bytes / sec. | L78: =J78 -> 0.006779661 | M78: 0
K79: Average throughput for 500 concurrent users >= 71000 and < 142000 bytes / sec. | L79: =L78*0.5 -> 0.0033898305
K80: Average throughput for 500 concurrent users < 71000 bytes / sec. | L80: 0
C83: Total | I83: =SUM(I12:I80) -> 59 | J83: =SUM(J12:J80) -> 0.1 | K83: Final Score | M83: =SUM(M12:M80) -> 0

Sheet Functional - CET opt 2
C2: Tender Number: | D2: ='Scoring Summary'!C2 -> <insert before tender publication> | F2: Eskom Group IT: Technical Evaluation Criteria
C3: Transaction Description: | D3: ='Scoring Summary'!C3 -> IT00641 Dx Commercial Energy Trader (Dx CET) | F3: Category: | G3: Functional Virtual Wheeling
C4: Technical Threshold: | D4: ='Scoring Summary'!C4 -> 0.7
C5: Tenderer Registered Name: | D5: ='Scoring Summary'!C5 -> <Evaluator to complete>
C6: Evaluator Name and Surname: | D6: ='Scoring Summary'!C6 -> <Evaluator to complete>
C7: Date of Evaluation | D7: ='Scoring Summary'!C7 -> <Evaluator to complete>
C8: Evaluator Signature
A15: Item # | B15: Technical Requirements | E15: Vendor Responses | J15: Evaluator Scores
B16: Business requirement group | C16: Business requirements | D16: Mandatory Returnables - Evidence below to be provided in the technical file and numbered to align with each criteria question. | E16: Vendor Response: Select from drop down list | F16: Vendor Evidence: Location of Supporting Document/Info (state the file number, section & page number) | G16: Vendor Comments: Vendor to inidcate any comments for information/clarification. (Not for scoring purposes) | H16: Priority Description | I16: Priority | J16: Weight / Max score | K16: Scoring guideline | L16: Selection Options | M16: Evaluators Response | N16: Evaluator comments
A17: F_CET1 | B17: User Management | C17: Eskom requires an Energy Trading solution that is able to: Manage user access considering both Eskom internal users and external market participant users. BF1: Eskom user apply on e-forms to gain access on Dx CET system and after approval the system administrator will receive the approved request via e-forms workflow. System response: Administrator receive approved e-form request. BF2: System administrator will create user access System response: Notify affected user. BF3: Market participant register in Dx CET Web portal to gain access as a service/ product provider. System response: Notify market participant about successful registration confirming username and password. BF4: System administrator will manage the user access according to contractual durations and level of access profiles System response: When user profile/ status change or when market participant contract expires revoke user access (RR1.1) RR1.1: (BF4) Whenever a user business profile of employment status change or market participant contract expire revoke system access or notify administrator to revoke/ reinstate access? | D17: In your technical response select one of the options below to describe how the required functionality could be delivered, and indicate via screenshots and / or indicate the relevant modules required to provide the functionality: 1. All standard functionality or can be delivered by configuration. 2. Some functionality needs to be delivered by development. 3. It is not possible to provide this functionality. | F17: <Example for how to complete this whole column: Technical File, section 5 (company backgroun section), page 11> | H17: Very important | I17: =IF(H17='Response Guidlines'!$D$81,'Response Guidlines'!$C$81, IF(H17='Response Guidlines'!$D$82,'Response Guidlines'!$C$82,IF(H17='Response Guidlines'!$D$83,'Response Guidlines'!$C$83,IF(H17='Response Guidlines'!$D$84,'Response Guidlines'!$C$84,IF(H17='Response Guidlines'!$D$85,'Response Guidlines'!$C$85,IF(H17='Response Guidlines'!$D$86,'Response Guidlines'!$C$86,IF(H17='Response Guidlines'!$D$87,'Response Guidlines'!$C$87,"No Rating"))))))) -> 4 | J17: =(I17/$I$57)/_xlfn.XLOOKUP('Scoring Summary'!$D$20,'Response Guidlines'!$D$92:$D$191,'Response Guidlines'!$C$92:$C$191,"",0,1) -> 0.026666667 | K17: 1. All standard functionality or can be delivered by configuration. | L17: =J17 -> 0.026666667
L18: =L17*0.75 -> 0.02
K19: 2. Some functionality needs to be delivered by development. | L19: =L17*0.5 -> 0.013333333
L20: =L17*0.25 -> 0.0066666667
K21: 3.It is not possible to provide this functionality. | L21: 0
A22: F_CET2 | B22: Market participant applications | C22: Eskom requires an Energy Trading solution that is able to: Manage the market participant service / product offering applications per category by assessing and approving / rejecting the application. BF1: Updating schedule for various approved products and services System response: Save updated schedule for products and services BF2: Market participant submit application to provide products or services (Selection and price offered – intelligent product service selection) System response: Save application with unique ID number. (Version controlled) BF3: Evaluate application and save approval/ rejection with reasons of rejection. (EF1) System response: Save approval/ rejection and notify market participant. (AF2) Eskom requires: BF4: Updated commission and testing status for applied product and services. System response: Save status and send for sign off (AF1) BF5: Sign of contractual agreement electronically and keep records on CET system (audit trail-workflow) (AF1) System response: Save, send, and keep workflow audit trail for record purposes. (Minimum five-year data storage with twelve-month archive options). BF6: Review contractual agreements (Compliance based/ Repetitive breaching of contract agreement) System response: Notify relevant stakeholders when compliance breached (set margins) BF7: Update access profiles to enable market participants to access bidding functions. System response: Notify affected users about profile updates AF1: (BF5) When sign off is not achieved within five workdays due to a dispute escalate one level up notifying relevant manager. AF2: (BF3) After approval of request kick of formal vendor application through commercial process as well. Register service/ product provider on Central Service provider data base for VAT purposes. Determine vendor classification type for flexible services provision. EF1: (BF3) When application is rejected notify market participant about rejection and reasons and allow opportunity to edit application and resubmit. (BF2) (RR2.1) RR2.1: (EF1) Allow market participant to edit application within twenty workdays before automatic system cancellation of the original application. Notify Market participant and Grid access management when application is cancelled. | D22: In your technical response select one of the options below to describe how the required functionality could be delivered, and indicate via screenshots and / or indicate the relevant modules required to provide the functionality: 1. All standard functionality or can be delivered by configuration. 2. Some functionality needs to be delivered by development. 3. It is not possible to provide this functionality. | H22: Very important | I22: =IF(H22='Response Guidlines'!$D$81,'Response Guidlines'!$C$81, IF(H22='Response Guidlines'!$D$82,'Response Guidlines'!$C$82,IF(H22='Response Guidlines'!$D$83,'Response Guidlines'!$C$83,IF(H22='Response Guidlines'!$D$84,'Response Guidlines'!$C$84,IF(H22='Response Guidlines'!$D$85,'Response Guidlines'!$C$85,IF(H22='Response Guidlines'!$D$86,'Response Guidlines'!$C$86,IF(H22='Response Guidlines'!$D$87,'Response Guidlines'!$C$87,"No Rating"))))))) -> 4 | J22: =(I22/$I$57)/_xlfn.XLOOKUP('Scoring Summary'!$D$20,'Response Guidlines'!$D$92:$D$191,'Response Guidlines'!$C$92:$C$191,"",0,1) -> 0.026666667 | K22: 1. All standard functionality or can be delivered by configuration. | L22: =J22 -> 0.026666667
L23: =L22*0.75 -> 0.02
K24: 2. Some functionality needs to be delivered by development. | L24: =L22*0.5 -> 0.013333333
L25: =L22*0.25 -> 0.0066666667
K26: 3.It is not possible to provide this functionality. | L26: 0
A27: F_CET3 | B27: Forecasting and planning | C27: Eskom requires an Energy Trading solution that is able to: Perform energy forecasting and demand planning for Dx CET. Considering various variables: e.g. national, regional and local needs, planned / unplanned maintenance/ outages, network constraints and weather patterns. BF1: Establish the energy needs (Product and Price) (National, Regional and Local) by analyzing data from various systems e.g. comparing information from various systems e.g. DSO, Transmission System Operator (TSO), Meter Data Management System (MDMS), MV90, Historian, Outage Management System (OMS), Customer Care and Billing system (CC&B). Also include frequencies of planning windows. BF2: Consolidate and Prioritize needs according to National, Regional, Local and Emergencies BF3: Planning to resolve needs (Types of inputs – Demand response/ Ancillary services/ Distributed Flexible services) BF4: Match and optimize the needs (Technical requirement/ Budget needs viability). System Response: Display hierarchical list of planned forecasting needs (Geographical/ Hosting capacity). Categorized in Emergencies/ National/ Regional/ Local (Flexibility for manual override) BF5: Publish the forecasting planned to system to enable market participants to bid against forecasting planned with bid closure gates. (RR3.1) System response: Published planned forecasting with bid closure gates schedule. RR3.1. (BF5) Published Forecasting durations: Short term = Day ahead Medium term = Week ahead Long term = Month ahead up to a year ahead. | D27: In your technical response select one of the options below to describe how the required functionality could be delivered, and indicate via screenshots and / or indicate the relevant modules required to provide the functionality: 1. All standard functionality or can be delivered by configuration. 2. Some functionality needs to be delivered by development. 3. It is not possible to provide this functionality. | H27: Very important | I27: =IF(H27='Response Guidlines'!$D$81,'Response Guidlines'!$C$81, IF(H27='Response Guidlines'!$D$82,'Response Guidlines'!$C$82,IF(H27='Response Guidlines'!$D$83,'Response Guidlines'!$C$83,IF(H27='Response Guidlines'!$D$84,'Response Guidlines'!$C$84,IF(H27='Response Guidlines'!$D$85,'Response Guidlines'!$C$85,IF(H27='Response Guidlines'!$D$86,'Response Guidlines'!$C$86,IF(H27='Response Guidlines'!$D$87,'Response Guidlines'!$C$87,"No Rating"))))))) -> 4 | J27: =(I27/$I$57)/_xlfn.XLOOKUP('Scoring Summary'!$D$20,'Response Guidlines'!$D$92:$D$191,'Response Guidlines'!$C$92:$C$191,"",0,1) -> 0.026666667 | K27: 1. All standard functionality or can be delivered by configuration. | L27: =J27 -> 0.026666667
L28: =L27*0.75 -> 0.02
K29: 2. Some functionality needs to be delivered by development. | L29: =L27*0.5 -> 0.013333333
L30: =L27*0.25 -> 0.0066666667
K31: 3.It is not possible to provide this functionality. | L31: 0
A32: F_CET4 | B32: Energy procurement (Bidding/ Transfer pricing) | C32: Eskom requires an Energy Trading solution that is able to: Allow market participants access to the Dx CET system and submit bids for approved products and services according to published forecasted planning. BF1: Receive bids submitted by market participants BF2: System response: Evaluate and Rank bids received against products and services (BR4.1) BF3: System response: Consolidate and Aggregate bids received (BR4.2) BF4: Provide consolidated update to DSO upon bid gate closure System Response: Save updated bidding register for DSO to action BF5: Confirm Technical Clearance System response: Save technical clearance confirmation BF6: Notify successful bids market participants | D32: In your technical response select one of the options below to describe how the required functionality could be delivered, and indicate via screenshots and / or indicate the relevant modules required to provide the functionality: 1. All standard functionality or can be delivered by configuration. 2. Some functionality needs to be delivered by development. 3. It is not possible to provide this functionality. | H32: Critical | I32: =IF(H32='Response Guidlines'!$D$81,'Response Guidlines'!$C$81, IF(H32='Response Guidlines'!$D$82,'Response Guidlines'!$C$82,IF(H32='Response Guidlines'!$D$83,'Response Guidlines'!$C$83,IF(H32='Response Guidlines'!$D$84,'Response Guidlines'!$C$84,IF(H32='Response Guidlines'!$D$85,'Response Guidlines'!$C$85,IF(H32='Response Guidlines'!$D$86,'Response Guidlines'!$C$86,IF(H32='Response Guidlines'!$D$87,'Response Guidlines'!$C$87,"No Rating"))))))) -> 5 | J32: =(I32/$I$57)/_xlfn.XLOOKUP('Scoring Summary'!$D$20,'Response Guidlines'!$D$92:$D$191,'Response Guidlines'!$C$92:$C$191,"",0,1) -> 0.033333333 | K32: 1. All standard functionality or can be delivered by configuration. | L32: =J32 -> 0.033333333
L33: =L32*0.75 -> 0.025
K34: 2. Some functionality needs to be delivered by development. | L34: =L32*0.5 -> 0.016666667
L35: =L32*0.25 -> 0.0083333333
K36: 3.It is not possible to provide this functionality. | L36: 0
A37: F_CET5 | B37: Commercially clearance of bids received | C37: Eskom requires an Energy Trading solution that is able to: Analyse and clear bids received in the energy trading landscape determining the following: a. Impact of bids received against planned budgets, b. The products and services on offer and expenditure against them, improvement opportunities, pre-qualification requirements and interfacing, existing needs considering pricing/ markets and flexible services, settlements and defaulting reasons. BF1: Analyse available bid forecasting impact on bottom line. (Compare actual versus budget) System response: Display, save, print, and export various reports in different formats BF2: Reviewing portfolio of products and services issued against objectives and budgets set System response: Display, save, print, and export various reports in different formats BF3: Continuous improvement analysis/ review- Analyse prequalification requirements and interfacing System Response: Display, save, print, and export various reports in different formats BF4: Analysis of existing needs (pricing/ market/ flexible services) System response: Display, save, print, and export various reports in different formats BF5: Compare settlements against the current contract agreement System response: Display, save, print, and export various reports in different formats BF6: Update commercially accepted bids register System response: Save updated bids register | D37: In your technical response select one of the options below to describe how the required functionality could be delivered, and indicate via screenshots and / or indicate the relevant modules required to provide the functionality: 1. All standard functionality or can be delivered by configuration. 2. Some functionality needs to be delivered by development. 3. It is not possible to provide this functionality. | H37: Important | I37: =IF(H37='Response Guidlines'!$D$81,'Response Guidlines'!$C$81, IF(H37='Response Guidlines'!$D$82,'Response Guidlines'!$C$82,IF(H37='Response Guidlines'!$D$83,'Response Guidlines'!$C$83,IF(H37='Response Guidlines'!$D$84,'Response Guidlines'!$C$84,IF(H37='Response Guidlines'!$D$85,'Response Guidlines'!$C$85,IF(H37='Response Guidlines'!$D$86,'Response Guidlines'!$C$86,IF(H37='Response Guidlines'!$D$87,'Response Guidlines'!$C$87,"No Rating"))))))) -> 3 | J37: =(I37/$I$57)/_xlfn.XLOOKUP('Scoring Summary'!$D$20,'Response Guidlines'!$D$92:$D$191,'Response Guidlines'!$C$92:$C$191,"",0,1) -> 0.02 | K37: 1. All standard functionality or can be delivered by configuration. | L37: =J37 -> 0.02
L38: =L37*0.75 -> 0.015
K39: 2. Some functionality needs to be delivered by development. | L39: =L37*0.5 -> 0.01
L40: =L37*0.25 -> 0.005
K41: 3.It is not possible to provide this functionality. | L41: 0
A42: F_CET6 | B42: Manage metering and validation | C42: Eskom requires an Energy Trading solution that is able to: Consolidate and validate metering for all market participants according their respective contractual agreements in preparation to settle account agreements. BF1. Receive contracted metering data System response: Display data BF2. Validate actual versus contracted energy System response: Display actual versus contracted and differences BF3. Manage exceptions (AF1) System response: Save updated corrections BF4. Validation approval System response: Save approved validations | D42: In your technical response select one of the options below to describe how the required functionality could be delivered, and indicate via screenshots and / or indicate the relevant modules required to provide the functionality: 1. All standard functionality or can be delivered by configuration. 2. Some functionality needs to be delivered by development. 3. It is not possible to provide this functionality. | H42: Important | I42: =IF(H42='Response Guidlines'!$D$81,'Response Guidlines'!$C$81, IF(H42='Response Guidlines'!$D$82,'Response Guidlines'!$C$82,IF(H42='Response Guidlines'!$D$83,'Response Guidlines'!$C$83,IF(H42='Response Guidlines'!$D$84,'Response Guidlines'!$C$84,IF(H42='Response Guidlines'!$D$85,'Response Guidlines'!$C$85,IF(H42='Response Guidlines'!$D$86,'Response Guidlines'!$C$86,IF(H42='Response Guidlines'!$D$87,'Response Guidlines'!$C$87,"No Rating"))))))) -> 3 | J42: =(I42/$I$57)/_xlfn.XLOOKUP('Scoring Summary'!$D$20,'Response Guidlines'!$D$92:$D$191,'Response Guidlines'!$C$92:$C$191,"",0,1) -> 0.02 | K42: 1. All standard functionality or can be delivered by configuration. | L42: =J42 -> 0.02
L43: =L42*0.75 -> 0.015
K44: 2. Some functionality needs to be delivered by development. | L44: =L42*0.5 -> 0.01
L45: =L42*0.25 -> 0.005
K46: 3.It is not possible to provide this functionality. | L46: 0
A47: F_CET7 | B47: Manage energy settlements and reporting | C47: Eskom requires an Energy Trading solution that is able to: Compute financial energy settlements. Validate and manage trade reports, adjustments, exceptions and notifications to market participants to provide accurate invoicing. BF1. Compute financial settlements based on approved data System response: Save updated settlements data BF2. Receive trade reports System response: Save trade reports BF3. Validate trade reports BF4. Manage adjustments/ exceptions System response: Update and save adjustments/ exceptions as a settlement statement. BF5. Notify market participants to provide invoices System response: Email/ Cell messages to market participant to provide invoices | D47: In your technical response select one of the options below to describe how the required functionality could be delivered, and indicate via screenshots and / or indicate the relevant modules required to provide the functionality: 1. All standard functionality or can be delivered by configuration. 2. Some functionality needs to be delivered by development. 3. It is not possible to provide this functionality. | H47: Important | I47: =IF(H47='Response Guidlines'!$D$81,'Response Guidlines'!$C$81, IF(H47='Response Guidlines'!$D$82,'Response Guidlines'!$C$82,IF(H47='Response Guidlines'!$D$83,'Response Guidlines'!$C$83,IF(H47='Response Guidlines'!$D$84,'Response Guidlines'!$C$84,IF(H47='Response Guidlines'!$D$85,'Response Guidlines'!$C$85,IF(H47='Response Guidlines'!$D$86,'Response Guidlines'!$C$86,IF(H47='Response Guidlines'!$D$87,'Response Guidlines'!$C$87,"No Rating"))))))) -> 3 | J47: =(I47/$I$57)/_xlfn.XLOOKUP('Scoring Summary'!$D$20,'Response Guidlines'!$D$92:$D$191,'Response Guidlines'!$C$92:$C$191,"",0,1) -> 0.02 | K47: 1. All standard functionality or can be delivered by configuration. | L47: =J47 -> 0.02
L48: =L47*0.75 -> 0.015
K49: 2. Some functionality needs to be delivered by development. | L49: =L47*0.5 -> 0.01
L50: =L47*0.25 -> 0.005
K51: 3.It is not possible to provide this functionality. | L51: 0
A52: F_CET8 | B52: Manage settlement payments | C52: Eskom requires an Energy Trading solution that is able to: Manage the consolidated settlement payments process until proof of payment (remittance) received by market participants. Updated data will be required for future budgeting and improvement of the processes. BF1: Supplier/Eskom user emails a valid Tax invoice to Accounts Payable (AP). BF2: AP receives and checks the invoice for Tax validity and Purchase Order (PO) validity. System response: Save invoice as attachment to the relevant system transaction BF3: AP then processes the invoice if Service entry/ Goods Receipt (GR) is done or parks the invoice if GR is not done (AF1) System Response: Validate and save invoice as attachment to the service entry. Link to GR. BF4: Reconcile account holder account with invoice and determine balance for settlement (credit/ debt management)? System Response: Update and save settlement statement BF5: Invoice is paid as per the payment terms on the PO counted from the date of submission of the invoice. System Response: Post settlement accounts for approval and next payment run. Send remittance notification to market participants. AF1: (BF3) When Good/ Service receipt is not done park invoice until GR is done then return to BF3. | D52: In your technical response select one of the options below to describe how the required functionality could be delivered, and indicate via screenshots and / or indicate the relevant modules required to provide the functionality: 1. All standard functionality or can be delivered by configuration. 2. Some functionality needs to be delivered by development. 3. It is not possible to provide this functionality. | H52: Very important | I52: =IF(H52='Response Guidlines'!$D$81,'Response Guidlines'!$C$81, IF(H52='Response Guidlines'!$D$82,'Response Guidlines'!$C$82,IF(H52='Response Guidlines'!$D$83,'Response Guidlines'!$C$83,IF(H52='Response Guidlines'!$D$84,'Response Guidlines'!$C$84,IF(H52='Response Guidlines'!$D$85,'Response Guidlines'!$C$85,IF(H52='Response Guidlines'!$D$86,'Response Guidlines'!$C$86,IF(H52='Response Guidlines'!$D$87,'Response Guidlines'!$C$87,"No Rating"))))))) -> 4 | J52: =(I52/$I$57)/_xlfn.XLOOKUP('Scoring Summary'!$D$20,'Response Guidlines'!$D$92:$D$191,'Response Guidlines'!$C$92:$C$191,"",0,1) -> 0.026666667 | K52: 1. All standard functionality or can be delivered by configuration. | L52: =J52 -> 0.026666667
L53: =L52*0.75 -> 0.02
K54: 2. Some functionality needs to be delivered by development. | L54: =L52*0.5 -> 0.013333333
L55: =L52*0.25 -> 0.0066666667
K56: 3.It is not possible to provide this functionality. | L56: 0
C57: Total | I57: =SUM(I17:I56) -> 30 | J57: =SUM(J17:J56) -> 0.2 | K57: Final Score | M57: =SUM(M17:M56) -> 0

Sheet Integration
B2: Tender Number: | C2: ='Scoring Summary'!C2 -> <insert before tender publication> | E2: Eskom Group IT: Technical Evaluation Criteria Category: Integration
B3: Transaction Description: | C3: ='Scoring Summary'!C3 -> IT00641 Dx Commercial Energy Trader (Dx CET)
B4: Technical Threshold: | C4: ='Scoring Summary'!C4 -> 0.7
B5: Tenderer Registered Name: | C5: ='Scoring Summary'!C5 -> <Evaluator to complete>
B6: Evaluator Name and Surname: | C6: ='Scoring Summary'!C6 -> <Evaluator to complete>
B7: Date of Evaluation | C7: ='Scoring Summary'!C7 -> <Evaluator to complete>
B8: Evaluator Signature | D8: Select Vendors Response in column D and add evidence and comments in columns E and F
J9: Select Evaluators Response in column L and add comments in column M
A10: Item # | B10: Technical Requirements | D10: Vendor Responses | I10: Evaluator Scores
B11: Business requirements | C11: Mandatory Returnables - Evidence below to be provided in the technical file and numbered to align with each criteria question. | D11: Vendor Response: Select from drop down list | E11: Vendor Evidence: Location of Supporting Document/Info (state the file number, section & page number) | F11: Vendor Comments: Vendor to indicate any comments for information/clarification. (Not for scoring purposes) | G11: Priority Description | H11: Priority | I11: Weight / Max score | J11: Scoring guideline | K11: Selection Options | L11: Evaluators Response | M11: Evaluator comments
A12: I1 | B12: Eskom requires the vendor to have previous experience in implementation of Oracle Fusion integration solutions in an enterprise | C12: Please provide references as evidence for the projects & sites where you have implemented Oracle Fusion integration solutions in an enterprise and pattern your previous experience covers. | E12: <Example for how to complete this whole column: Technical File, section 5 (company background section), page 11> | G12: Critical | H12: =IF(G12='Response Guidlines'!$D$81,'Response Guidlines'!$C$81, IF(G12='Response Guidlines'!$D$82,'Response Guidlines'!$C$82,IF(G12='Response Guidlines'!$D$83,'Response Guidlines'!$C$83,IF(G12='Response Guidlines'!$D$84,'Response Guidlines'!$C$84,IF(G12='Response Guidlines'!$D$85,'Response Guidlines'!$C$85,IF(G12='Response Guidlines'!$D$86,'Response Guidlines'!$C$86,IF(G12='Response Guidlines'!$D$87,'Response Guidlines'!$C$87,"No Rating"))))))) -> 5 | I12: =(H12/$H$52)/_xlfn.XLOOKUP('Scoring Summary'!#REF!,'Response Guidlines'!$D$92:$D$191,'Response Guidlines'!$C$92:$C$191,"",0,1) -> #REF! | J12: Experience working on Oracle Fusion implementation projects | K12: =I12 -> #REF! | L12: 0
J13: No experience working on Oracle Fusion implementation projects | K13: 0
